Workbook
Name _Toc465938311: '(11)'!$B$17

Sheet Table of Contents
B1: Podstawowe dane finansowe BNP Paribas Bank Polska S.A.* | C1: Key financial data of BNP Paribas Bank Polska S.A.*
B3: Spis treści | C3: Table of contents | D3: Nr arkusza / Sheet no.
B5: Skonsolidowany rachunek zysków i strat | C5: Consolidated income statement | D5: (1)
B6: Skonsolidowane sprawozdanie z całkowitych dochodów | C6: Consolidated statement of comprehensive income | D6: (1a)
B7: Wynik z tytułu odsetek | C7: Net interest income | D7: (2)
B8: Wynik z tytułu opłat i prowizji | C8: Net fee and commission income | D8: (3)
B9: Pozostałe przychody operacyjne | C9: Other operating income | D9: (4)
B10: Ogólne koszty administracyjne i amortyzacja | C10: General administrative expenses and depreciation | D10: (5)
B11: Pozostałe koszty operacyjne | C11: Other operating expense | D11: (6)
B12: Skonsolidowane sprawozdanie z sytuacji finansowej | C12: Consolidated statement of financial position | D12: (7)
B13: Kredyty i pożyczki udzielone klientom | C13: Loans and advances to customers | D13: (8)
B14: Jakość portfela kredytowego | C14: Quality of loan portfolio | D14: (9)
B15: Zobowiązania wobec klientów | C15: Amounts owed to customers | D15: (10)
... B19: Zatrudnienie, liczba placówek | C19: Staffing and number of branches | D19: (14)
B23: * Dane finansowe począwszy od IV kwartału 2018 uwzględniają wyniki nabytej w dniu 31 października 2018 Podstawowej Działalności RBPL.
B24: * Starting from 4Q 2018, the financial data include the results of the Core Business of RBPL acquired on 31 October 2018

Sheet (1)
A1: Powrót do spisu treści | B1: Back to table of contents
A3: tys. zł, narastająco od początku roku | B3: PLN thousand, year-to-date basis
A4: Skonsolidowany rachunek zysków i strat | B4: Consolidated income statement | C4: 43830 | D4: 43738 | E4: 43646 | F4: 43555 | G4: 43465 | H4: 43373 | I4: 43281 | J4: 31/03/2018 | K4: 31/12/2017 | L4: 30/09/2017 | M4: 30/06/2017 | N4: 31/03/2017 | O4: 31/12/2016 | P4: 30/09/2016 | Q4: 30/06/2016 | R4: 31/03/2016 | S4: 31/12/2015 | T4: 30/09/2015 | U4: 30/06/2015 | V4: 31/03/2015 | W4: 31/12/2014 | X4: 30/09/2014 | Y4: 30/06/2014 | Z4: 31/03/2014
A6: Przychody z tytułu odsetek | B6: Interest income | C6: 4188083 | D6: 3147967 | E6: 2094595 | F6: 1035086 | G6: 2983829 | H6: 2053468 | I6: 1348342 | J6: 635030 | K6: 2665218 | L6: 2011377 | M6: 1317560 | N6: 652353 | O6: 2584563 | P6: 1929628 | Q6: =Q36+R36 -> 1270607 | R6: 622538 | S6: 2069758 | T6: 1466703 | U6: 901581 | V6: 402617 | W6: 1795097 | X6: 1340613 | Y6: 864176 | Z6: 425840
A7: Koszty z tytułu odsetek | B7: Interest expense | C7: -1019324 | D7: -784520 | E7: -529456 | F7: -264644 | G7: -876978 | H7: -600389 | I7: -402852 | J7: -185118 | K7: -738474 | L7: -559304 | M7: -369270 | N7: -185538 | O7: -758411 | P7: -566500 | Q7: =Q37+R37 -> -374668 | R7: -187117 | S7: -647111 | T7: -470315 | U7: -310860 | V7: -148931 | W7: -676813 | X7: -497726 | Y7: -317351 | Z7: -155260
A8: Wynik z tytułu odsetek | B8: Net interest income | C8: 3168759 | D8: 2363447 | E8: 1565139 | F8: 770442 | G8: 2106851 | H8: 1453079 | I8: 945490 | J8: 449912 | K8: 1926744 | L8: 1452073 | M8: 948290 | N8: 466815 | O8: 1826152 | P8: =P6+P7 -> 1363128 | Q8: =Q38+R38 -> 895939 | R8: =R6+R7 -> 435421 | S8: =S6+S7 -> 1422647 | T8: =T6+T7 -> 996388 | U8: =U6+U7 -> 590721 | V8: =V6+V7 -> 253686 | W8: =W6+W7 -> 1118284 | X8: =X6+X7 -> 842887 | Y8: =Y6+Y7 -> 546825 | Z8: =Z6+Z7 -> 270580
A10: Przychody z tytułu opłat i prowizji | B10: Fee and commission income | C10: 1042700 | D10: 767949 | E10: 508407 | F10: 251853 | G10: 724714 | H10: 495399 | I10: 321650 | J10: 149911 | K10: 601481 | L10: 458435 | M10: 307991 | N10: 148505 | O10: 608012 | P10: 453786 | Q10: =Q40+R40 -> 293673 | R10: 146553 | S10: 493845 | T10: 348189 | U10: 209877 | V10: 82267 | W10: 357243 | X10: 269357 | Y10: 176588 | Z10: 84293
A11: Koszty z tytułu opłat i prowizji | B11: Fee and commission expense | C11: -222763 | D11: -155339 | E11: -101320 | F11: -45970 | G11: -157324 | H11: -110727 | I11: -68993 | J11: -29237 | K11: -115502 | L11: -86871 | M11: -55952 | N11: -20680 | O11: -114792 | P11: -78206 | Q11: =Q41+R41 -> -48746 | R11: -23516 | S11: -71143 | T11: -46603 | U11: -27268 | V11: -10405 | W11: -46744 | X11: -35200 | Y11: -22799 | Z11: -11741
A12: Wynik z tytułu opłat i prowizji | B12: Net fee and commission income | C12: 819937 | D12: 612610 | E12: 407087 | F12: 205883 | G12: 567390 | H12: 384672 | I12: 252657 | J12: 120674 | K12: 485979 | L12: 371564 | M12: 252039 | N12: 127825 | O12: 493220 | P12: =P10+P11 -> 375580 | Q12: =Q42+R42 -> 244927 | R12: =R10+R11 -> 123037 | S12: =S10+S11 -> 422702 | T12: =T10+T11 -> 301586 | U12: =U10+U11 -> 182609 | V12: =V10+V11 -> 71862 | W12: =W10+W11 -> 310499 | X12: =X10+X11 -> 234157 | Y12: =Y10+Y11 -> 153789 | Z12: =Z10+Z11 -> 72552
A14: Przychody z tytułu dywidend | B14: Dividend income | C14: 6007 | D14: 6007 | E14: 1556 | F14: 208 | G14: 4860 | H14: 4780 | I14: 809 | J14: 25 | K14: 10360 | L14: 4693 | M14: 4693 | N14: 23 | O14: 5801 | P14: 5777 | Q14: =Q44+R44 -> 5758 | R14: 0 | S14: 4394 | T14: 4394 | U14: 5230 | V14: 0 | W14: 3303 | X14: 3302 | Y14: 3302 | Z14: 0
A15: Wynik na działalności handlowej | B15: Net trading income | C15: 682415 | D15: 501728 | E15: 326032 | F15: 167997 | G15: 330773 | H15: 201096 | I15: 138590 | J15: 75412 | K15: 251408 | L15: 186112 | M15: 126458 | N15: 65661 | O15: 255191 | P15: 177652 | Q15: =Q45+R45 -> 109855 | R15: 52035 | S15: 183461 | T15: 121106 | U15: 67864 | V15: 20055 | W15: 63723 | X15: 43391 | Y15: 24874 | Z15: 13721
A16: Wynik na działalności inwestycyjnej | B16: Result on investing activities | C16: -31836 | D16: -40531 | E16: -19998 | F16: -7637 | G16: 48838 | H16: 30626 | I16: 6726 | J16: 8393 | K16: 28398 | L16: 25543 | M16: 21095 | N16: 984 | O16: 46199 | P16: 42437 | Q16: =Q46+R46 -> 42433 | R16: 474 | S16: 47752 | T16: 35305 | U16: 35200 | V16: 23033 | W16: 24465 | X16: 5389 | Y16: 5476 | Z16: 3169
A17: Wynik na rachunkowości zabezpieczeń | B17: Result on hedge accounting | C17: -4385 | D17: -4642 | E17: -1083 | F17: 1926 | G17: -9997 | H17: 4612 | I17: 2823 | J17: 1516 | K17: 3304 | L17: 5436 | M17: 1643 | N17: 821 | O17: -77 | P17: 256 | Q17: =Q47+R47 -> 140 | R17: 361 | S17: 0 | T17: 0 | U17: 0 | V17: 0 | W17: -156 | X17: -156 | Y17: -156 | Z17: -135
A18: Pozostałe przychody operacyjne | B18: Other operating income | C18: 182705 | D18: 139547 | E18: 108851 | F18: 37219 | G18: 387778 | H18: 68441 | I18: 52673 | J18: 38683 | K18: 131282 | L18: 102319 | M18: 65716 | N18: 23797 | O18: 130324 | P18: 105410 | Q18: =Q48+R48 -> 83780 | R18: 31073 | S18: 60811 | T18: 38317 | U18: 16915 | V18: 6357 | W18: 37937 | X18: 28169 | Y18: 16390 | Z18: 5632
A19: Wynik odpisów z tytułu utraty wartości aktywów finansowych oraz rezerw na zobowiązania warunkowe | B19: Net impairment losses on financial assets and contingent liabilities | C19: -441890 | D19: -340849 | E19: -205534 | F19: -93181 | G19: -557682 | H19: -219115 | I19: -117343 | J19: -62354 | K19: -355299 | L19: -265187 | M19: -178023 | N19: -85999 | O19: -398883 | P19: -281737 | Q19: =Q49+R49 -> -165815 | R19: -77282 | S19: -301876 | T19: -225972 | U19: -133439 | V19: -54759 | W19: -310966 | X19: -155383 | Y19: -111153 | Z19: -57776
A20: Ogólne koszty administracyjne | B20: General administrative expenses | C20: -2467937 | D20: -1818134 | E20: -1232900 | F20: -638078 | G20: -1859672 | H20: -1134701 | I20: -773297 | J20: -380088 | K20: -1506866 | L20: -1119990 | M20: -773152 | N20: -388959 | O20: -1674356 | P20: -1264891 | Q20: =Q50+R50 -> -856111 | R20: -410220 | S20: -1569283 | T20: -1022165 | U20: -632773 | V20: -259802 | W20: -930525 | X20: -680714 | Y20: -444867 | Z20: -224009
A21: Amortyzacja | B21: Depreciation and amortization | C21: -454147 | D21: -352243 | E21: -221227 | F21: -105472 | G21: -189714 | H21: -124226 | I21: -82662 | J21: -40933 | K21: -174064 | L21: -130500 | M21: -91984 | N21: -47891 | O21: -206597 | P21: -148829 | Q21: =Q51+R51 -> -96386 | R21: -43087 | S21: -148457 | T21: -104833 | U21: -63111 | V21: -27317 | W21: -100995 | X21: -74204 | Y21: -49835 | Z21: -24608
A22: Pozostałe koszty operacyjne | B22: Other operating expenses | C22: -305484 | D22: -165658 | E22: -65623 | F22: -31223 | G22: -147407 | H22: -76771 | I22: -56925 | J22: -40011 | K22: -141495 | L22: -102017 | M22: -65096 | N22: -31547 | O22: -116591 | P22: -82952 | Q22: =Q52+R52 -> -59509 | R22: -22760 | S22: -92459 | T22: -62368 | U22: -43687 | V22: -11526 | W22: -37393 | X22: -22103 | Y22: -10822 | Z22: -5316
A23: Wynik na działalności operacyjnej | B23: Operating result | C23: 1154144 | D23: 901282 | E23: 662300 | F23: 308084 | G23: 682018 | H23: 592493 | I23: 369541 | J23: 171229 | K23: 659751 | L23: 530046 | M23: 311679 | N23: 131530 | O23: 360383 | P23: =P8+P12+P14+P15+P16+P17+P18+P19+P20+P21+P22 -> 291831 | Q23: =Q53+R53 -> 205011 | R23: =R8+R12+R14+R15+R16+R17+R18+R19+R20+R21+R22 -> 89052 | S23: =S8+S12+S14+S15+S16+S17+S18+S19+S20+S21+S22 -> 29692 | T23: =T8+T12+T14+T15+T16+T17+T18+T19+T20+T21+T22 -> 81758 | U23: =U8+U12+U14+U15+U16+U17+U18+U19+U20+U21+U22 -> 25529 | V23: =V8+V12+V14+V15+V16+V17+V18+V19+V20+V21+V22 -> 21589 | W23: =W8+W12+W14+W15+W16+W17+W18+W19+W20+W21+W22 -> 178176 | X23: =X8+X12+X14+X15+X16+X17+X18+X19+X20+X21+X22 -> 224735 | Y23: =Y8+Y12+Y14+Y15+Y16+Y17+Y18+Y19+Y20+Y21+Y22 -> 133823 | Z23: =Z8+Z12+Z14+Z15+Z16+Z17+Z18+Z19+Z20+Z21+Z22 -> 53810
A24: Podatek od instytucji finansowych | B24: Banking tax | C24: -281189 | D24: -210784 | E24: -141327 | F24: -70345 | G24: -213122 | H24: -148343 | I24: -99871 | J24: -50035 | K24: -205866 | L24: -154608 | M24: -103555 | N24: -52075 | O24: -185876 | P24: -133748 | Q24: =Q54+R54 -> -82545 | R24: -31735 | S24: 0 | T24: 0 | U24: 0 | V24: 0 | W24: 0 | X24: 0 | Y24: 0 | Z24: 0
A25: Udział w zyskach/stratach jednostek stowarzyszonych | B25: Share in profit (loss) of associates | M25: 0 | N25: 0 | O25: 0 | P25: 0 | Q25: 0 | R25: 0 | S25: 0 | T25: 0 | U25: 0 | V25: 0 | W25: 0 | X25: 0 | Y25: 2096 | Z25: 1254
A26: Zysk (strata) brutto | B26: Profit (loss) before income tax | C26: 872955 | D26: 690498 | E26: 520973 | F26: 237739 | G26: 468896 | H26: 444150 | I26: 269670 | J26: 121194 | K26: 453885 | L26: 375438 | M26: 208124 | N26: 79455 | O26: 174507 | P26: =P23+P24 -> 158083 | Q26: =Q56+R56 -> 122466 | R26: =R23+R24 -> 57317 | S26: =S23+S24 -> 29692 | T26: =T23+T24 -> 81758 | U26: =U23+U24 -> 25529 | V26: =V23+V24 -> 21589 | W26: =W23+W24 -> 178176 | X26: =X23+X24 -> 224735 | Y26: =Y23+Y24+Y25 -> 135919 | Z26: =Z23+Z24+Z25 -> 55064
A27: Podatek dochodowy | B27: Income tax expense | C27: -258261 | D27: -197075 | E27: -142312 | F27: -76138 | G27: -108518 | H27: -124651 | I27: -81069 | J27: -35736 | K27: -174178 | L27: -144869 | M27: -87345 | N27: -39892 | O27: -97647 | P27: -83227 | Q27: =Q57+R57 -> -57828 | R27: -26052 | S27: -16399 | T27: -23539 | U27: -7726 | V27: -7073 | W27: -40145 | X27: -47471 | Y27: -27421 | Z27: -10426
A28: Zysk (strata) netto | B28: Net profit (loss) for the period | C28: 614694 | D28: 493423 | E28: 378661 | F28: 161601 | G28: 360378 | H28: 319499 | I28: 188601 | J28: 85458 | K28: 279707 | L28: 230569 | M28: 120779 | N28: 39563 | O28: 76860 | P28: =P26+P27 -> 74856 | Q28: =Q58+R58 -> 64638 | R28: =R26+R27 -> 31265 | S28: =S26+S27 -> 13293 | T28: =T26+T27 -> 58219 | U28: =U26+U27 -> 17803 | V28: =V26+V27 -> 14516 | W28: =W26+W27 -> 138031 | X28: =X26+X27 -> 177264 | Y28: =Y26+Y27 -> 108498 | Z28: =Z26+Z27 -> 44638
A29: - przypadający na akcjonariuszy Grupy | B29: – attributable to equity holders of the Group | C29: 614694 | D29: 493423 | E29: 378661 | F29: 161601 | G29: 360378 | H29: 319499 | I29: 188601 | J29: 85458 | K29: 279707 | L29: 230569 | M29: 120779 | N29: 39563 | O29: 76860 | P29: 74856 | Q29: =Q59+R59 -> 64638 | R29: 31265 | S29: 13293 | T29: 58219 | U29: 17803 | V29: 14516 | W29: 138031 | X29: 177264 | Y29: 108498 | Z29: 44638
A30: Zysk (strata) na jedną akcję (wyrażony w PLN na jedną akcję) | B30: Earnings per share (in PLN per share) | C30: 4.17 | D30: 3.35 | E30: 2.5686 | F30: 1.0962054 | G30: 3.63 | H30: 3.61 | I30: 2.24 | J30: 1.01 | K30: 3.32 | L30: 2.74 | M30: 1.4337774 | N30: 0.47 | O30: 0.91 | P30: 0.89 | Q30: =Q60+R60 -> 0.77 | R30: 0.37 | S30: 0.18 | T30: 0.81 | U30: 0.27 | V30: 0.26 | W30: 2.56 | X30: 3.35 | Y30: 2.11 | Z30: 0.87
A33: tys. zł, kwartalnie | B33: PLN thousand, quarterly basis
A34: Skonsolidowany rachunek zysków i strat | B34: Consolidated income statement | C34: IVQ 2019 | D34: IIIQ 2019 | E34: IIQ 2019 | F34: IQ 2019 | G34: IVQ 2018 | H34: IIIQ 2018 | I34: IIQ 2018 | J34: IQ 2018 | K34: IVQ 2017 | L34: IIIQ 2017 | M34: IIQ 2017 | N34: IQ 2017 | O34: IVQ 2016 | P34: IIIQ 2016 | Q34: IIQ 2016 | R34: IQ 2016 | S34: IVQ 2015 | T34: IIIQ 2015 | U34: IIQ 2015 | V34: IQ 2015 | W34: IVQ 2014 | X34: IIIQ 2014 | Y34: IIQ 2014 | Z34: IQ 2014
A36: Przychody z tytułu odsetek | B36: Interest income | C36: 1040116 | D36: 1053372 | E36: 1059509 | F36: 1035086 | G36: 930361 | H36: 705126 | I36: 713312 | J36: 635030 | K36: 653841 | L36: 693817 | M36: 665207 | N36: 652353 | O36: 654935 | P36: 659021 | Q36: 648069 | R36: =R6 -> 622538 | S36: 603055 | T36: 565122 | U36: 498964 | V36: 402617 | W36: 454484 | X36: 476437 | Y36: 438336 | Z36: 425840
A37: Koszty z tytułu odsetek | B37: Interest expense | C37: -234804 | D37: -255064 | E37: -264812 | F37: -264644 | G37: -276589 | H37: -197537 | I37: -217734 | J37: -185118 | K37: -179170 | L37: -190034 | M37: -183732 | N37: -185538 | O37: -191911 | P37: -191832 | Q37: -187551 | R37: =+R7 -> -187117 | S37: -176796 | T37: -159455 | U37: -161929 | V37: -148931 | W37: -179087 | X37: -180375 | Y37: -162091 | Z37: -155260
A38: Wynik z tytułu odsetek | B38: Net interest income | C38: 805312 | D38: 798308 | E38: 794697 | F38: 770442 | G38: 653772 | H38: 507589 | I38: 495578 | J38: 449912 | K38: 474671 | L38: 503783 | M38: 481475 | N38: 466815 | O38: 463024 | P38: =SUM(P36:P37) -> 467189 | Q38: =SUM(Q36:Q37) -> 460518 | R38: =R36+R37 -> 435421 | S38: =S36+S37 -> 426259 | T38: =T36+T37 -> 405667 | U38: =U36+U37 -> 337035 | V38: =V36+V37 -> 253686 | W38: =W36+W37 -> 275397 | X38: =X36+X37 -> 296062 | Y38: =Y36+Y37 -> 276245 | Z38: =Z36+Z37 -> 270580
E39: 0.031481929 | J39: 0
A40: Przychody z tytułu opłat i prowizji | B40: Fee and commission income | C40: 274751 | D40: 259542 | E40: 256554 | F40: 251853 | G40: 229315 | H40: 173749 | I40: 171739 | J40: 149911 | K40: 143046 | L40: 150444 | M40: 159486 | N40: 148505 | O40: 154226 | P40: 160113 | Q40: 147120 | R40: 146553 | S40: 145656 | T40: 138312 | U40: 127610 | V40: 82267 | W40: 87886 | X40: 92769 | Y40: 92295 | Z40: 84293
A41: Koszty z tytułu opłat i prowizji | B41: Fee and commission expense | C41: -67424 | D41: -54019 | E41: -55350 | F41: -45970 | G41: -46597 | H41: -41734 | I41: -39756 | J41: -29237 | K41: -28631 | L41: -30919 | M41: -35272 | N41: -20680 | O41: -36586 | P41: -29460 | Q41: -25230 | R41: -23516 | S41: -24540 | T41: -19335 | U41: -16863 | V41: -10405 | W41: -11544 | X41: -12401 | Y41: -11058 | Z41: -11741
A42: Wynik z tytułu opłat i prowizji | B42: Net fee and commission income | C42: 207327 | D42: 205523 | E42: 201204 | F42: 205883 | G42: 182718 | H42: 132015 | I42: 131983 | J42: 120674 | K42: 114415 | L42: 119525 | M42: 124214 | N42: 127825 | O42: 117640 | P42: =SUM(P40:P41) -> 130653 | Q42: =SUM(Q40:Q41) -> 121890 | R42: =R40+R41 -> 123037 | S42: =S40+S41 -> 121116 | T42: =T40+T41 -> 118977 | U42: =U40+U41 -> 110747 | V42: =V40+V41 -> 71862 | W42: =W40+W41 -> 76342 | X42: =X40+X41 -> 80368 | Y42: =Y40+Y41 -> 81237 | Z42: =Z40+Z41 -> 72552
C43: 0.0087776064 | G43: 0 | H43: 0 | I43: 0 | J43: 0 | K43: 0 | L43: 0 | M43: 0
A44: Przychody z tytułu dywidend | B44: Dividend income | C44: 0 | D44: 4451 | E44: 1348 | F44: 208 | G44: 80 | H44: 3971 | I44: 784 | J44: 25 | K44: 5667 | L44: 0 | M44: 4670 | N44: 23 | O44: 24 | P44: 19 | Q44: 5758 | R44: 0 | S44: 0 | T44: -836 | U44: 5230 | V44: 0 | W44: 1 | X44: 0 | Y44: 3302 | Z44: 0
A45: Wynik na działalności handlowej | B45: Net trading income | C45: 180687 | D45: 175696 | E45: 158035 | F45: 167997 | G45: 129677 | H45: 62506 | I45: 63178 | J45: 75412 | K45: 65296 | L45: 59654 | M45: 60797 | N45: 65661 | O45: 77539 | P45: 67797 | Q45: 57820 | R45: 52035 | S45: 62355 | T45: 53242 | U45: 47809 | V45: 20055 | W45: 20332 | X45: 18517 | Y45: 11153 | Z45: 13721
A46: Wynik na działalności inwestycyjnej | B46: Result on investing activities | C46: 8695 | D46: -20533 | E46: -12361 | F46: -7637 | G46: 18212 | H46: 23900 | I46: -1667 | J46: 8393 | K46: 2855 | L46: 4448 | M46: 20111 | N46: 984 | O46: 3762 | P46: 4 | Q46: 41959 | R46: 474 | S46: 12447 | T46: 105 | U46: 12167 | V46: 23033 | W46: 19076 | X46: -87 | Y46: 2307 | Z46: 3169
A47: Wynik na rachunkowości zabezpieczeń | B47: Result on hedge accounting | C47: 257 | D47: -3559 | E47: -3009 | F47: 1926 | G47: -14609 | H47: 1789 | I47: 1307 | J47: 1516 | K47: -2132 | L47: 3793 | M47: 822 | N47: 821 | O47: -333 | P47: 116 | Q47: -221 | R47: 361 | S47: 0 | T47: 0 | U47: 0 | V47: 0 | W47: 0 | X47: 0 | Y47: -21 | Z47: -135
A48: Pozostałe przychody operacyjne | B48: Other operating income | C48: 43158 | D48: 30696 | E48: 71632 | F48: 37219 | G48: 319337 | H48: 15768 | I48: 13990 | J48: 38683 | K48: 28963 | L48: 36603 | M48: 41919 | N48: 23797 | O48: 24914 | P48: 21630 | Q48: 52707 | R48: 31073 | S48: 22494 | T48: 21402 | U48: 10558 | V48: 6357 | W48: 9768 | X48: 11779 | Y48: 10758 | Z48: 5632
A49: Wynik odpisów z tytułu utraty wartości aktywów finansowych oraz rezerw na zobowiązania warunkowe | B49: Net impairment losses on financial assets and contingent liabilities | C49: -101041 | D49: -135315 | E49: -112353 | F49: -93181 | G49: -338567 | H49: -101772 | I49: -54989 | J49: -62354 | K49: -90112 | L49: -87164 | M49: -92024 | N49: -85999 | O49: -117146 | P49: -115922 | Q49: -88533 | R49: -77282 | S49: -75904 | T49: -92533 | U49: -78680 | V49: -54759 | W49: -155583 | X49: -44230 | Y49: -53377 | Z49: -57776
A50: Ogólne koszty administracyjne | B50: General administrative expenses | C50: -649803 | D50: -585234 | E50: -594822 | F50: -638078 | G50: -724971 | H50: -361404 | I50: -393209 | J50: -380088 | K50: -386876 | L50: -346838 | M50: -384193 | N50: -388959 | O50: -409465 | P50: -408780 | Q50: -445891 | R50: -410220 | S50: -547118 | T50: -389392 | U50: -372971 | V50: -259802 | W50: -249811 | X50: -235847 | Y50: -220858 | Z50: -224009
A51: Amortyzacja | B51: Depreciation and amortization | C51: -101904 | D51: -131016 | E51: -115755 | F51: -105472 | G51: -65488 | H51: -41564 | I51: -41729 | J51: -40933 | K51: -43564 | L51: -38516 | M51: -44093 | N51: -47891 | O51: -57768 | P51: -52443 | Q51: -53299 | R51: -43087 | S51: -43624 | T51: -41722 | U51: -35794 | V51: -27317 | W51: -26791 | X51: -24369 | Y51: -25227 | Z51: -24608
A52: Pozostałe koszty operacyjne | B52: Other operating expenses | C52: -139826 | D52: -100035 | E52: -34400 | F52: -31223 | G52: -70636 | H52: -19846 | I52: -16914 | J52: -40011 | K52: -39478 | L52: -36921 | M52: -33549 | N52: -31547 | O52: -33639 | P52: -23443 | Q52: -36749 | R52: -22760 | S52: -30091 | T52: -18681 | U52: -32161 | V52: -11526 | W52: -15290 | X52: -11281 | Y52: -5506 | Z52: -5316
A53: Wynik na działalności operacyjnej | B53: Operating result | C53: 252862 | D53: 238982 | E53: 354216 | F53: 308084 | G53: 89525 | H53: 222952 | I53: 198312 | J53: 171229 | K53: 129705 | L53: 218367 | M53: 180149 | N53: 131530 | O53: 68552 | P53: =SUM(P44:P52)+P42+P38 -> 86820 | Q53: =SUM(Q44:Q52)+Q42+Q38 -> 115959 | R53: =R38+R42+R45+R44+R46+R47+R48+R49+R50+R51+R52 -> 89052 | S53: =S38+S42+S45+S44+S46+S47+S48+S49+S50+S51+S52 -> -52066 | T53: =T38+T42+T45+T44+T46+T47+T48+T49+T50+T51+T52 -> 56229 | U53: =U38+U42+U45+U44+U46+U47+U48+U49+U50+U51+U52 -> 3940 | V53: =V38+V42+V45+V44+V46+V47+V48+V49+V50+V51+V52 -> 21589 | W53: =W38+W42+W45+W44+W46+W47+W48+W49+W50+W51+W52 -> -46559 | X53: =X38+X42+X45+X44+X46+X47+X48+X49+X50+X51+X52 -> 90912 | Y53: =Y38+Y42+Y45+Y44+Y46+Y47+Y48+Y49+Y50+Y51+Y52 -> 80013 | Z53: =Z38+Z42+Z45+Z44+Z46+Z47+Z48+Z49+Z50+Z51+Z52 -> 53810
A54: Podatek od instytucji finansowych | B54: Banking tax | C54: -70405 | D54: -69457 | E54: -70982 | F54: -70345 | G54: -64779 | H54: -48472 | I54: -49836 | J54: -50035 | K54: -51258 | L54: -51053 | M54: -51480 | N54: -52075 | O54: -52128 | P54: -51203 | Q54: -50810 | R54: -31735 | S54: 0 | T54: 0 | U54: 0 | V54: 0 | W54: 0 | X54: 0 | Y54: 0 | Z54: 0
A55: Udział w zyskach/stratach jednostek stowarzyszonych | B55: Share in profit (loss) of associates | C55: 0 | D55: 0 | E55: 0 | G55: 0 | H55: 0 | J55: 0 | K55: 0 | L55: 0 | M55: 0 | N55: 0 | O55: 0 | P55: 0 | Q55: 0 | R55: 0 | S55: 0 | T55: 0 | U55: 0 | V55: 0 | W55: 0 | X55: =+X25-Y25 -> -2096 | Y55: =+Y25-Z25 -> 842 | Z55: =+Z25 -> 1254
A56: Zysk (strata) brutto | B56: Profit (loss) before income tax | C56: 182457 | D56: 169525 | E56: 283234 | F56: 237739 | G56: 24746 | H56: 174480 | I56: 148476 | J56: 121194 | K56: 78447 | L56: 167314 | M56: 128669 | N56: 79455 | O56: 16424 | P56: =P54+P53 -> 35617 | Q56: =Q54+Q53 -> 65149 | R56: =R53+R54 -> 57317 | S56: =S53+S54 -> -52066 | T56: =T53+T54 -> 56229 | U56: =U53+U54 -> 3940 | V56: =V53+V54 -> 21589 | W56: =W53+W54 -> -46559 | X56: =X53+X54+X55 -> 88816 | Y56: =Y53+Y54+Y55 -> 80855 | Z56: =Z53+Z54+Z55 -> 55064
A57: Podatek dochodowy | B57: Income tax expense | C57: -61186 | D57: -54763 | E57: -66174 | F57: -76138 | G57: 16133 | H57: -43582 | I57: -45333 | J57: -35736 | K57: -29309 | L57: -57524 | M57: -47453 | N57: -39892 | O57: -14420 | P57: -25399 | Q57: -31776 | R57: -26052 | S57: 7140 | T57: -15813 | U57: -653 | V57: -7073 | W57: 7326 | X57: -20050 | Y57: -16995 | Z57: -10426
A58: Zysk (strata) netto | B58: Net profit (loss) for the period | C58: 121271 | D58: 114762 | E58: 217060 | F58: 161601 | G58: 40879 | H58: 130898 | I58: 103143 | J58: 85458 | K58: 49138 | L58: 109790 | M58: 81216 | N58: 39563 | O58: 2004 | P58: =SUM(P56:P57) -> 10218 | Q58: =SUM(Q56:Q57) -> 33373 | R58: 31265 | S58: =S56+S57 -> -44926 | T58: =T56+T57 -> 40416 | U58: =U56+U57 -> 3287 | V58: =V56+V57 -> 14516 | W58: =W56+W57 -> -39233 | X58: =X56+X57 -> 68766 | Y58: =Y56+Y57 -> 63860 | Z58: =Z56+Z57 -> 44638
A59: – przypadający na akcjonariuszy Grupy | B59: – attributable to equity holders of the Group | C59: 121271 | D59: 114762 | E59: 217060 | F59: 161601 | G59: 40879 | H59: 130898 | I59: 103143 | J59: 85458 | K59: 49138 | L59: 109790 | M59: 81216 | N59: 39563 | O59: 2004 | P59: 10218 | Q59: 33373 | R59: 31265 | S59: -44926 | T59: 40416 | U59: 3287 | V59: 14516 | W59: -39233 | X59: 68766 | Y59: 63860 | Z59: 44638
A60: Zysk (strata) na jedną akcję (wyrażony w PLN na jedną akcję) | B60: Earnings per share (in PLN per share) | C60: 0.82 | D60: 0.7814 | E60: 1.4723946 | F60: 1.0962054 | G60: 0.3116882 | H60: 1.35 | I60: 1.22 | J60: 1.01 | K60: 0.59 | L60: 1.2962226 | M60: 0.96377744 | N60: 0.47 | O60: 0.02 | P60: 0.12 | Q60: 0.4 | R60: 0.37 | S60: -0.63 | T60: 0.48 | U60: 0.04 | V60: 0.26 | W60: -0.69885757 | X60: 1.22 | Y60: 1.23 | Z60: 0.87
A71: Odwrotna kolejność okresów
A73: tys. zł, narastająco od początku roku | B73: PLN thousand, year-to-date basis
A74: Skonsolidowany rachunek zysków i strat | B74: Consolidated income statement | C74: 31/03/2014 | D74: 30/06/2014 | E74: 30/09/2014 | F74: 31/12/2014 | G74: 31/03/2015 | H74: 30/06/2015 | I74: 30/09/2015 | J74: 31/12/2015 | K74: 31/03/2016 | L74: 30/06/2016 | M74: 30/09/2016 | N74: 31/12/2016 | O74: 31/03/2017 | P74: 30/06/2017 | Q74: 30/09/2017 | R74: 31/12/2017 | S74: 31/03/2018 | T74: 43281 | U74: 43373 | V74: 43464 | W74: 43555 | X74: 43646 | Y74: 43738 | Z74: 43830
A76: Przychody z tytułu odsetek | B76: Interest income | C76: 425840 | D76: 864176 | E76: 1340613 | F76: 1795097 | G76: 402617 | H76: 901581 | I76: 1466703 | J76: 2069758 | K76: 622538 | L76: 1270607 | M76: 1929628 | N76: 2584563 | O76: 652353 | P76: 1317560 | Q76: 2011377 | R76: 2665218 | S76: 635030 | T76: 1348342 | U76: 2053468 | V76: 2983829 | W76: 1035086 | X76: 2094595 | Y76: 3147967 | Z76: 4188083
A77: Koszty z tytułu odsetek | B77: Interest expense | C77: -155260 | D77: -317351 | E77: -497726 | F77: -676813 | G77: -148931 | H77: -310860 | I77: -470315 | J77: -647111 | K77: -187117 | L77: -374668 | M77: -566500 | N77: -758411 | O77: -185538 | P77: -369270 | Q77: -559304 | R77: -738474 | S77: -185118 | T77: -402852 | U77: -600389 | V77: -876978 | W77: -264644 | X77: -529456 | Y77: -784520 | Z77: -1019324
A78: Wynik z tytułu odsetek | B78: Net interest income | C78: 270580 | D78: 546825 | E78: 842887 | F78: 1118284 | G78: 253686 | H78: 590721 | I78: 996388 | J78: 1422647 | K78: 435421 | L78: 895939 | M78: 1363128 | N78: 1826152 | O78: 466815 | P78: 948290 | Q78: 1452073 | R78: 1926744 | S78: 449912 | T78: 945490 | U78: 1453079 | V78: 2106851 | W78: 770442 | X78: 1565139 | Y78: 2363447 | Z78: 3168759
A80: Przychody z tytułu opłat i prowizji | B80: Fee and commission income | C80: 84293 | D80: 176588 | E80: 269357 | F80: 357243 | G80: 82267 | H80: 209877 | I80: 348189 | J80: 493845 | K80: 146553 | L80: 293673 | M80: 453786 | N80: 608012 | O80: 148505 | P80: 307991 | Q80: 458435 | R80: 601481 | S80: 149911 | T80: 321650 | U80: 495399 | V80: 724714 | W80: 251853 | X80: 508407 | Y80: 767949 | Z80: 1042700
A81: Koszty z tytułu opłat i prowizji | B81: Fee and commission expense | C81: -11741 | D81: -22799 | E81: -35200 | F81: -46744 | G81: -10405 | H81: -27268 | I81: -46603 | J81: -71143 | K81: -23516 | L81: -48746 | M81: -78206 | N81: -114792 | O81: -20680 | P81: -55952 | Q81: -86871 | R81: -115502 | S81: -29237 | T81: -68993 | U81: -110727 | V81: -157324 | W81: -45970 | X81: -101320 | Y81: -155339 | Z81: -222763
A82: Wynik z tytułu opłat i prowizji | B82: Net fee and commission income | C82: 72552 | D82: 153789 | E82: 234157 | F82: 310499 | G82: 71862 | H82: 182609 | I82: 301586 | J82: 422702 | K82: 123037 | L82: 244927 | M82: 375580 | N82: 493220 | O82: 127825 | P82: 252039 | Q82: 371564 | R82: 485979 | S82: 120674 | T82: 252657 | U82: 384672 | V82: 567390 | W82: 205883 | X82: 407087 | Y82: 612610 | Z82: 819937
A84: Przychody z tytułu dywidend | B84: Dividend income | C84: 0 | D84: 3302 | E84: 3302 | F84: 3303 | G84: 0 | H84: 5230 | I84: 4394 | J84: 4394 | K84: 0 | L84: 5758 | M84: 5777 | N84: 5801 | O84: 23 | P84: 4693 | Q84: 4693 | R84: 10360 | S84: 25 | T84: 809 | U84: 4780 | V84: 4860 | W84: 208 | X84: 1556 | Y84: 6007 | Z84: 6007
A85: Wynik na działalności handlowej | B85: Net trading income | C85: 13721 | D85: 24874 | E85: 43391 | F85: 63723 | G85: 20055 | H85: 67864 | I85: 121106 | J85: 183461 | K85: 52035 | L85: 109855 | M85: 177652 | N85: 255191 | O85: 65661 | P85: 126458 | Q85: 186112 | R85: 251408 | S85: 75412 | T85: 138590 | U85: 201096 | V85: 330773 | W85: 167997 | X85: 326032 | Y85: 501728 | Z85: 682415
A86: Wynik na działalności inwestycyjnej | B86: Result on investing activities | C86: 3169 | D86: 5476 | E86: 5389 | F86: 24465 | G86: 23033 | H86: 35200 | I86: 35305 | J86: 47752 | K86: 474 | L86: 42433 | M86: 42437 | N86: 46199 | O86: 984 | P86: 21095 | Q86: 25543 | R86: 28398 | S86: 8393 | T86: 6726 | U86: 30626 | V86: 48838 | W86: -7637 | X86: -19998 | Y86: -40531 | Z86: -31836
A87: Wynik na rachunkowości zabezpieczeń | B87: Result on hedge accounting | C87: -135 | D87: -156 | E87: -156 | F87: -156 | G87: 0 | H87: 0 | I87: 0 | J87: 0 | K87: 361 | L87: 140 | M87: 256 | N87: -77 | O87: 821 | P87: 1643 | Q87: 5436 | R87: 3304 | S87: 1516 | T87: 2823 | U87: 4612 | V87: -9997 | W87: 1926 | X87: -1083 | Y87: -4642 | Z87: -4385
A88: Pozostałe przychody operacyjne | B88: Other operating income | C88: 5632 | D88: 16390 | E88: 28169 | F88: 37937 | G88: 6357 | H88: 16915 | I88: 38317 | J88: 60811 | K88: 31073 | L88: 83780 | M88: 105410 | N88: 130324 | O88: 23797 | P88: 65716 | Q88: 102319 | R88: 131282 | S88: 38683 | T88: 52673 | U88: 68441 | V88: 387778 | W88: 37219 | X88: 108851 | Y88: 139547 | Z88: 182705
A89: Wynik odpisów z tytułu utraty wartości aktywów finansowych oraz rezerw na zobowiązania warunkowe | B89: Net impairment losses on financial assets and contingent liabilities | C89: -57776 | D89: -111153 | E89: -155383 | F89: -310966 | G89: -54759 | H89: -133439 | I89: -225972 | J89: -301876 | K89: -77282 | L89: -165815 | M89: -281737 | N89: -398883 | O89: -85999 | P89: -178023 | Q89: -265187 | R89: -355299 | S89: -62354 | T89: -117343 | U89: -219115 | V89: -557682 | W89: -93181 | X89: -205534 | Y89: -340849 | Z89: -441890
... A94: Podatek od instytucji finansowych | B94: Banking tax | C94: 0 | D94: 0 | E94: 0 | F94: 0 | G94: 0 | H94: 0 | I94: 0 | J94: 0 | K94: -31735 | L94: -82545 | M94: -133748 | N94: -185876 | O94: -52075 | P94: -103555 | Q94: -154608 | R94: -205866 | S94: -50035 | T94: -99871 | U94: -148343 | V94: -213122 | W94: -70345 | X94: -141327 | Y94: -210784 | Z94: -281189
A95: Udział w zyskach/stratach jednostek stowarzyszonych | B95: Share in profit (loss) of associates | C95: 1254 | D95: 2096 | E95: 0 | F95: 0 | G95: 0 | H95: 0 | I95: 0 | J95: 0 | K95: 0 | L95: 0 | M95: 0 | N95: 0 | O95: 0 | P95: 0
A96: Zysk (strata) brutto | B96: Profit (loss) before income tax | C96: 55064 | D96: 135919 | E96: 224735 | F96: 178176 | G96: 21589 | H96: 25529 | I96: 81758 | J96: 29692 | K96: 57317 | L96: 122466 | M96: 158083 | N96: 174507 | O96: 79455 | P96: 208124 | Q96: 375438 | R96: 453885 | S96: 121194 | T96: 269670 | U96: 444150 | V96: 468896 | W96: 237739 | X96: 520973 | Y96: 690498 | Z96: 872955
A97: Podatek dochodowy | B97: Income tax expense | C97: -10426 | D97: -27421 | E97: -47471 | F97: -40145 | G97: -7073 | H97: -7726 | I97: -23539 | J97: -16399 | K97: -26052 | L97: -57828 | M97: -83227 | N97: -97647 | O97: -39892 | P97: -87345 | Q97: -144869 | R97: -174178 | S97: -35736 | T97: -81069 | U97: -124651 | V97: -108518 | W97: -76138 | X97: -142312 | Y97: -197075 | Z97: -258261
A98: Zysk (strata) netto | B98: Net profit (loss) for the period | C98: 44638 | D98: 108498 | E98: 177264 | F98: 138031 | G98: 14516 | H98: 17803 | I98: 58219 | J98: 13293 | K98: 31265 | L98: 64638 | M98: 74856 | N98: 76860 | O98: 39563 | P98: 120779 | Q98: 230569 | R98: 279707 | S98: 85458 | T98: 188601 | U98: 319499 | V98: 360378 | W98: 161601 | X98: 378661 | Y98: 493423 | Z98: 614694
A99: - przypadający na akcjonariuszy Grupy | B99: – attributable to equity holders of the Group | C99: 44638 | D99: 108498 | E99: 177264 | F99: 138031 | G99: 14516 | H99: 17803 | I99: 58219 | J99: 13293 | K99: 31265 | L99: 64638 | M99: 74856 | N99: 76860 | O99: 39563 | P99: 120779 | Q99: 230569 | R99: 279707 | S99: 85458 | T99: 188601 | U99: 319499 | V99: 360378 | W99: 161601 | X99: 378661 | Y99: 493423 | Z99: 614694
A100: Zysk (strata) na jedną akcję (wyrażony w PLN na jedną akcję) | B100: Earnings per share (in PLN per share) | C100: 0.87 | D100: 2.11 | E100: 3.35 | F100: 2.56 | G100: 0.26 | H100: 0.27 | I100: 0.81 | J100: 0.18 | K100: 0.37 | L100: 0.77 | M100: 0.89 | N100: 0.91 | O100: 0.47 | P100: 1.4337774 | Q100: 2.74 | R100: 3.32 | S100: 1.01 | T100: 2.24 | U100: 3.61 | V100: 3.63 | W100: 1.0962054 | X100: 2.5686 | Y100: 3.35 | Z100: 4.17
A103: tys. zł, kwartalnie | B103: PLN thousand, quarterly basis
A104: Skonsolidowany rachunek zysków i strat | B104: Consolidated income statement | C104: IQ 2014 | D104: IIQ 2014 | E104: IIIQ 2014 | F104: IVQ 2014 | G104: IQ 2015 | H104: IIQ 2015 | I104: IIIQ 2015 | J104: IVQ 2015 | K104: IQ 2016 | L104: IIQ 2016 | M104: IIIQ 2016 | N104: IVQ 2016 | O104: IQ 2017 | P104: IIQ 2017 | Q104: IIIQ 2017 | R104: IVQ 2017 | S104: IQ 2018 | T104: IIQ 2018 | U104: IIIQ 2018 | V104: IVQ 2018 | W104: IQ 2019 | X104: IIQ 2019 | Y104: IIIQ 2019 | Z104: IVQ 2019
A106: Przychody z tytułu odsetek | B106: Interest income | C106: 425840 | D106: 438336 | E106: 476437 | F106: 454484 | G106: 402617 | H106: 498964 | I106: 565122 | J106: 603055 | K106: 622538 | L106: 648069 | M106: 659021 | N106: 654935 | O106: 652353 | P106: 665207 | Q106: 693817 | R106: 653841 | S106: 635030 | T106: 713312 | U106: 705126 | V106: 930361 | W106: 1035086 | X106: 1059509 | Y106: 1053372 | Z106: 1040116
A107: Koszty z tytułu odsetek | B107: Interest expense | C107: -155260 | D107: -162091 | E107: -180375 | F107: -179087 | G107: -148931 | H107: -161929 | I107: -159455 | J107: -176796 | K107: -187117 | L107: -187551 | M107: -191832 | N107: -191911 | O107: -185538 | P107: -183732 | Q107: -190034 | R107: -179170 | S107: -185118 | T107: -217734 | U107: -197537 | V107: -276589 | W107: -264644 | X107: -264812 | Y107: -255064 | Z107: -234804
A108: Wynik z tytułu odsetek | B108: Net interest income | C108: 270580 | D108: 276245 | E108: 296062 | F108: 275397 | G108: 253686 | H108: 337035 | I108: 405667 | J108: 426259 | K108: 435421 | L108: 460518 | M108: 467189 | N108: 463024 | O108: 466815 | P108: 481475 | Q108: 503783 | R108: 474671 | S108: 449912 | T108: 495578 | U108: 507589 | V108: 653772 | W108: 770442 | X108: 794697 | Y108: 798308 | Z108: 805312
S109: 0 | X109: 0.031481929
A110: Przychody z tytułu opłat i prowizji | B110: Fee and commission income | C110: 84293 | D110: 92295 | E110: 92769 | F110: 87886 | G110: 82267 | H110: 127610 | I110: 138312 | J110: 145656 | K110: 146553 | L110: 147120 | M110: 160113 | N110: 154226 | O110: 151883 | P110: 162070 | Q110: 154314 | R110: 143973 | S110: 149714 | T110: 171739 | U110: 173749 | V110: 229315 | W110: 251853 | X110: 256554 | Y110: 259542 | Z110: 274751
A111: Koszty z tytułu opłat i prowizji | B111: Fee and commission expense | C111: -11741 | D111: -11058 | E111: -12401 | F111: -11544 | G111: -10405 | H111: -16863 | I111: -19335 | J111: -24540 | K111: -23516 | L111: -25230 | M111: -29460 | N111: -36586 | O111: -24058 | P111: -37856 | Q111: -34789 | R111: -29558 | S111: -29040 | T111: -39756 | U111: -41734 | V111: -46597 | W111: -45970 | X111: -55350 | Y111: -54019 | Z111: -67424
A112: Wynik z tytułu opłat i prowizji | B112: Net fee and commission income | C112: 72552 | D112: 81237 | E112: 80368 | F112: 76342 | G112: 71862 | H112: 110747 | I112: 118977 | J112: 121116 | K112: 123037 | L112: 121890 | M112: 130653 | N112: 117640 | O112: 127825 | P112: 124214 | Q112: 119525 | R112: 114415 | S112: 120674 | T112: 131983 | U112: 132015 | V112: 182718 | W112: 205883 | X112: 201204 | Y112: 205523 | Z112: 207327
P113: 0 | Q113: 0 | R113: 0 | S113: 0 | T113: 0 | U113: 0 | V113: 0 | X113: -0.0227265 | Z113: 0.0087776064
A114: Przychody z tytułu dywidend | B114: Dividend income | C114: 0 | D114: 3302 | E114: 0 | F114: 1 | G114: 0 | H114: 5230 | I114: -836 | J114: 0 | K114: 0 | L114: 5758 | M114: 19 | N114: 24 | O114: 23 | P114: 4670 | Q114: 0 | R114: 5667 | S114: 25 | T114: 784 | U114: 3971 | V114: 80 | W114: 208 | X114: 1348 | Y114: 4451 | Z114: 0
A115: Wynik na działalności handlowej | B115: Net trading income | C115: 13721 | D115: 11153 | E115: 18517 | F115: 20332 | G115: 20055 | H115: 47809 | I115: 53242 | J115: 62355 | K115: 52035 | L115: 57820 | M115: 67797 | N115: 77539 | O115: 65661 | P115: 60797 | Q115: 59654 | R115: 65296 | S115: 75412 | T115: 63178 | U115: 62506 | V115: 129677 | W115: 167997 | X115: 158035 | Y115: 175696 | Z115: 180687
A116: Wynik na działalności inwestycyjnej | B116: Result on investing activities | C116: 3169 | D116: 2307 | E116: -87 | F116: 19076 | G116: 23033 | H116: 12167 | I116: 105 | J116: 12447 | K116: 474 | L116: 41959 | M116: 4 | N116: 3762 | O116: 984 | P116: 20111 | Q116: 4448 | R116: 2855 | S116: 8393 | T116: -1667 | U116: 23900 | V116: 18212 | W116: -7637 | X116: -12361 | Y116: -20533 | Z116: 8695
A117: Wynik na rachunkowości zabezpieczeń | B117: Result on hedge accounting | C117: -135 | D117: -21 | E117: 0 | F117: 0 | G117: 0 | H117: 0 | I117: 0 | J117: 0 | K117: 361 | L117: -221 | M117: 116 | N117: -333 | O117: 821 | P117: 822 | Q117: 3793 | R117: -2132 | S117: 1516 | T117: 1307 | U117: 1789 | V117: -14609 | W117: 1926 | X117: -3009 | Y117: -3559 | Z117: 257
A118: Pozostałe przychody operacyjne | B118: Other operating income | C118: 5632 | D118: 10758 | E118: 11779 | F118: 9768 | G118: 6357 | H118: 10558 | I118: 21402 | J118: 22494 | K118: 31073 | L118: 52707 | M118: 21630 | N118: 24914 | O118: 23797 | P118: 41919 | Q118: 36603 | R118: 28963 | S118: 38683 | T118: 13990 | U118: 15768 | V118: 319337 | W118: 37219 | X118: 71632 | Y118: 30696 | Z118: 43158
A119: Wynik odpisów z tytułu utraty wartości aktywów finansowych oraz rezerw na zobowiązania warunkowe | B119: Net impairment losses on financial assets and contingent liabilities | C119: -57776 | D119: -53377 | E119: -44230 | F119: -155583 | G119: -54759 | H119: -78680 | I119: -92533 | J119: -75904 | K119: -77282 | L119: -88533 | M119: -115922 | N119: -117146 | O119: -85999 | P119: -92024 | Q119: -87164 | R119: -90112 | S119: -62354 | T119: -54989 | U119: -101772 | V119: -338567 | W119: -93181 | X119: -112353 | Y119: -135315 | Z119: -101041
A120: Ogólne koszty administracyjne | B120: General administrative expenses | C120: -224009 | D120: -220858 | E120: -235847 | F120: -249811 | G120: -259802 | H120: -372971 | I120: -389392 | J120: -547118 | K120: -410220 | L120: -445891 | M120: -408780 | N120: -409465 | O120: -388959 | P120: -384193 | Q120: -346838 | R120: -386876 | S120: -380088 | T120: -393209 | U120: -361404 | V120: -724971 | W120: -638078 | X120: -594822 | Y120: -585234 | Z120: -649803
A121: Amortyzacja | B121: Depreciation and amortization | C121: -24608 | D121: -25227 | E121: -24369 | F121: -26791 | G121: -27317 | H121: -35794 | I121: -41722 | J121: -43624 | K121: -43087 | L121: -53299 | M121: -52443 | N121: -57768 | O121: -47891 | P121: -44093 | Q121: -38516 | R121: -43564 | S121: -40933 | T121: -41729 | U121: -41564 | V121: -65488 | W121: -105472 | X121: -115755 | Y121: -131016 | Z121: -101904
A122: Pozostałe koszty operacyjne | B122: Other operating expenses | C122: -5316 | D122: -5506 | E122: -11281 | F122: -15290 | G122: -11526 | H122: -32161 | I122: -18681 | J122: -30091 | K122: -22760 | L122: -36749 | M122: -23443 | N122: -33639 | O122: -31547 | P122: -33549 | Q122: -36921 | R122: -39478 | S122: -40011 | T122: -16914 | U122: -19846 | V122: -70636 | W122: -31223 | X122: -34400 | Y122: -100035 | Z122: -139826
A123: Wynik na działalności operacyjnej | B123: Operating result | C123: 53810 | D123: 80013 | E123: 90912 | F123: -46559 | G123: 21589 | H123: 3940 | I123: 56229 | J123: -52066 | K123: 89052 | L123: 115959 | M123: 86820 | N123: 68552 | O123: 131530 | P123: 180149 | Q123: 218367 | R123: 129705 | S123: 171229 | T123: 198312 | U123: 222952 | V123: 89525 | W123: 308084 | X123: 354216 | Y123: 238982 | Z123: 252862
A124: Podatek od instytucji finansowych | B124: Banking tax | C124: 0 | D124: 0 | E124: 0 | F124: 0 | G124: 0 | H124: 0 | I124: 0 | J124: 0 | K124: -31735 | L124: -50810 | M124: -51203 | N124: -52128 | O124: -52075 | P124: -51480 | Q124: -51053 | R124: -51258 | S124: -50035 | T124: -49836 | U124: -48472 | V124: -64779 | W124: -70345 | X124: -70982 | Y124: -69457 | Z124: -70405
A125: Udział w zyskach/stratach jednostek stowarzyszonych | B125: Share in profit (loss) of associates | C125: 1254 | D125: 842 | E125: -2096 | F125: 0 | G125: 0 | H125: 0 | I125: 0 | J125: 0 | K125: 0 | L125: 0 | M125: 0 | N125: 0 | O125: 0 | P125: 0 | Q125: 0 | R125: 0 | S125: 0 | U125: 0 | V125: 0 | X125: 0 | Y125: 0 | Z125: 0
A126: Zysk (strata) brutto | B126: Profit (loss) before income tax | C126: 55064 | D126: 80855 | E126: 88816 | F126: -46559 | G126: 21589 | H126: 3940 | I126: 56229 | J126: -52066 | K126: 57317 | L126: 65149 | M126: 35617 | N126: 16424 | O126: 79455 | P126: 128669 | Q126: 167314 | R126: 78447 | S126: 121194 | T126: 148476 | U126: 174480 | V126: 24746 | W126: 237739 | X126: 283234 | Y126: 169525 | Z126: 182457
A127: Podatek dochodowy | B127: Income tax expense | C127: -10426 | D127: -16995 | E127: -20050 | F127: 7326 | G127: -7073 | H127: -653 | I127: -15813 | J127: 7140 | K127: -26052 | L127: -31776 | M127: -25399 | N127: -14420 | O127: -39892 | P127: -47453 | Q127: -57524 | R127: -29309 | S127: -35736 | T127: -45333 | U127: -43582 | V127: 16133 | W127: -76138 | X127: -66174 | Y127: -54763 | Z127: -61186
A128: Zysk (strata) netto | B128: Net profit (loss) for the period | C128: 44638 | D128: 63860 | E128: 68766 | F128: -39233 | G128: 14516 | H128: 3287 | I128: 40416 | J128: -44926 | K128: 31265 | L128: 33373 | M128: 10218 | N128: 2004 | O128: 39563 | P128: 81216 | Q128: 109790 | R128: 49138 | S128: 85458 | T128: 103143 | U128: 130898 | V128: 40879 | W128: 161601 | X128: 217060 | Y128: 114762 | Z128: 121271
...

Sheet (1a)
A1: Powrót do spisu treści | B1: Back to table of contents
A3: tys. zł, narastająco od początku roku | B3: PLN thousand, year-to-date basis
A4: Skonsolidowane sprawozdanie z całkowitych dochodów | B4: Consolidated statement of comprehensive income | C4: 43830 | D4: 43738 | E4: 43646 | F4: 43555 | G4: 43465 | H4: 43373 | I4: 43281 | J4: 31/03/2018 | K4: 31/12/2017 | L4: 30/09/2017 | M4: 30/06/2017 | N4: 31/03/2017 | O4: 31/12/2016 | P4: 30/09/2016 | Q4: 30/06/2016 | R4: 31/03/2016 | S4: 31/12/2015 | T4: 30/09/2015 | U4: 30/06/2015 | V4: 31/03/2015 | W4: 31/12/2014 | X4: 30/09/2014 | Y4: 30/06/2014 | Z4: 31/03/2014
A6: Zysk (strata) netto za okres | B6: Net profit (loss) for the period | C6: 614694 | D6: 493423 | E6: 378661 | F6: 161601 | G6: 360378 | H6: 319499 | I6: 188601 | J6: 85458 | K6: 279707 | L6: 230569 | M6: 120779 | N6: 39563 | O6: 76860 | P6: 74856 | Q6: 64638 | R6: 31265 | S6: 13293 | T6: 58219 | U6: 17803 | V6: 14516 | W6: 138031 | X6: 177264 | Y6: 108498 | Z6: 44638
A7: Inne całkowite dochody | B7: Other comprehensive income
A8: Pozycje, które zostaną następnie przeklasyfikowane na zyski lub straty po spełnieniu określonych warunków | B8: Items that are or may be reclassified subsequently to profit or loss | C8: -15183 | D8: -7090 | E8: -15728 | F8: -35967 | G8: 88 | H8: -14124 | I8: -19322 | J8: 7000 | K8: 141509 | L8: 95231 | M8: 113586 | N8: 74607 | O8: -203094 | P8: -24481 | Q8: =Q9+Q10+Q11 -> -4749 | R8: =R9+R10+R11 -> 63304 | S8: =S9+S10+S11 -> -64043 | T8: =T9+T10+T11 -> -90093 | U8: =U9+U10+U11 -> -117855 | V8: =V9+V10+V11 -> -2274 | W8: =W9+W10+W11 -> 167795 | X8: =X9+X10+X11 -> 141005 | ... Z8: =Z9+Z10+Z11 -> -723
A9: Wycena aktywów finansowych dostępnych do sprzedaży | B9: Measurement of financial assets available for sale | K9: 174113 | L9: 117807 | M9: 140230 | N9: 92108 | O9: -250823 | P9: -30223 | Q9: -5862 | R9: 78155 | S9: -79066 | T9: -111226 | U9: -145499 | V9: -2807 | W9: 215554 | X9: 182480 | Y9: 117373 | Z9: 6380
A10: Wycena aktywów finansowych wycenianych przez inne całkowite dochody | B10: Measurement of financial assets measured through other comprehensive income | C10: -18745 | D10: -8759 | E10: -19423 | F10: -42610 | G10: 789 | H10: -16762 | I10: -23128 | J10: 9330 | K10: 0 | L10: 0 | M10: 0 | N10: 0 | O10: 0 | P10: 0 | Q10: 0 | R10: 0 | S10: 0 | T10: 0 | U10: 0 | V10: 0 | W10: -8400 | X10: -8400 | Y10: -8400 | Z10: -7272
A11: Podatek odroczony | B11: Deferred tax | C11: 3562 | D11: 1669 | E11: 3695 | F11: 6643 | G11: -701 | H11: 2638 | I11: 3806 | J11: -2330 | K11: -32604 | L11: -22576 | M11: -26644 | N11: -17501 | O11: 47729 | P11: 5742 | Q11: 1113 | R11: -14851 | S11: 15023 | T11: 21133 | U11: 27644 | V11: 533 | W11: -39359 | X11: -33075 | Y11: -20705 | Z11: 169
A12: Pozycje, które nie zostaną przeklasyfikowane na zyski lub straty | B12: Items that will not be reclassified to profit or loss | C12: -745 | D12: -666 | E12: 312 | F12: -112 | G12: -897 | H12: 16 | I12: -409 | J12: -136 | K12: 976 | L12: -65 | M12: -168 | N12: -311 | O12: 4507 | P12: 853 | Q12: =Q13+Q14 -> 812 | R12: =R13+R14 -> -1280 | S12: =S13+S14 -> 5162 | T12: =T13+T14 -> 4772 | U12: =U13+U14 -> 3048 | V12: =V13+V14 -> 66 | W12: =W13+W14 -> -3895 | X12: =X13+X14 -> -2711 | ... Z12: =Z13+Z14 -> -188
A13: Wycena metodą aktuarialną świadczeń pracowniczych | B13: Actuarial valuation of employee benefits | C13: -924 | D13: -822 | E13: 386 | F13: -137 | G13: -1107 | H13: 18 | I13: -521 | J13: -174 | K13: 1849 | L13: 539 | M13: 436 | N13: 210 | O13: 4921 | P13: 1053 | Q13: 1003 | R13: -1580 | S13: 6374 | T13: 5891 | U13: 3763 | V13: 81 | W13: -4808 | X13: -3347 | Y13: -2619 | Z13: -232
A14: Podatek odroczony | B14: Deferred tax | C14: 179 | D14: 156 | E14: -74 | F14: 25 | G14: 210 | H14: -2 | I14: 112 | J14: 38 | K14: -873 | L14: -604 | M14: -604 | N14: -521 | O14: -414 | P14: -200 | Q14: -191 | R14: 300 | S14: -1212 | T14: -1119 | U14: -715 | V14: -15 | W14: 913 | X14: 636 | Y14: 498 | Z14: 44
A15: Inne całkowite dochody (netto) | B15: Other comprehensive income (net of tax) | C15: -15928 | D15: -7756 | E15: -15416 | F15: -36079 | G15: -809 | H15: -14108 | I15: -19731 | J15: 6864 | K15: 142485 | L15: 95166 | M15: 113418 | N15: 74296 | O15: -198587 | P15: -23628 | Q15: =Q8+Q12 -> -3937 | R15: =R8+R12 -> 62024 | S15: =S8+S12 -> -58881 | T15: =T8+T12 -> -85321 | U15: =U8+U12 -> -114807 | V15: =V8+V12 -> -2208 | W15: =W8+W12 -> 163900 | X15: =X8+X12 -> 138294 | ... Z15: =Z8+Z12 -> -911
A16: Całkowite dochody ogółem | B16: Total comprehensive income for the period | C16: 598766 | D16: 485667 | E16: 363245 | F16: 125522 | G16: 359569 | H16: 305391 | I16: 168870 | J16: 92322 | K16: 422192 | L16: 325735 | M16: 234197 | N16: 113859 | O16: -121727 | P16: 51228 | Q16: =Q6+Q15 -> 60701 | R16: =R6+R15 -> 93289 | S16: =S6+S15 -> -45588 | T16: =T6+T15 -> -27102 | U16: =U6+U15 -> -97004 | V16: =V6+V15 -> 12308 | W16: =W6+W15 -> 301931 | X16: =X6+X15 -> 315558 | ... Z16: =Z6+Z15 -> 43727
A17: - przypadające na akcjonariuszy Grupy | B17: - attributable to equity holders of the Group | C17: 598766 | D17: 485667 | E17: 363245 | F17: 125522 | G17: 359569 | H17: 305391 | I17: 168870 | J17: 92322 | K17: 422192 | L17: 325735 | M17: 234187 | N17: 113859 | O17: -121727 | P17: 51228 | Q17: =+Q16 -> 60701 | R17: 93289 | S17: -45588 | T17: -27102 | U17: -97004 | V17: 12308 | W17: 301931 | X17: 315558 | Y17: 194645 | Z17: 43727
A20: tys. zł, kwartalnie | B20: PLN thousand, quarterly basis
A21: Skonsolidowane sprawozdanie z całkowitych dochodów | B21: Consolidated statement of comprehensive income | C21: IVQ 2019 | D21: IIIQ 2019 | E21: IIQ 2019 | F21: IQ 2019 | G21: IVQ 2018 | H21: IIIQ 2018 | I21: IIQ 2018 | J21: IQ 2018 | K21: IVQ 2017 | L21: IIIQ 2017 | M21: IIQ 2017 | N21: IQ 2017 | O21: IVQ 2016 | P21: IIIQ 2016 | Q21: IIQ 2016 | R21: IQ 2016 | S21: IVQ 2015 | T21: IIIQ 2015 | U21: IIQ 2015 | V21: IQ 2015 | W21: IVQ 2014 | X21: IIIQ 2014 | Y21: IIQ 2014 | Z21: IQ 2014
A23: Zysk (strata) netto za okres | B23: Net profit (loss) for the period | C23: 121271 | D23: 114762 | E23: 217060 | F23: 161601 | G23: 40879 | H23: 130898 | I23: 103143 | J23: 85458 | K23: 49138 | L23: 109790 | M23: 81216 | N23: 39563 | O23: 2004 | P23: 10218 | Q23: =+Q6-R6 -> 33373 | R23: 31265 | S23: -44926 | T23: 40416 | U23: 3287 | V23: 14516 | W23: -39233 | X23: 68766 | Y23: 63860 | Z23: 44638
A24: Inne całkowite dochody | B24: Other comprehensive income | C24: 0 | D24: 0 | E24: 0 | G24: 0 | H24: 0 | I24: 0 | K24: 0 | L24: 0 | M24: 0 | N24: 0 | O24: 0
A25: Pozycje, które zostaną następnie przeklasyfikowane na zyski lub straty po spełnieniu określonych warunków | B25: Items that are or may be reclassified subsequently to profit or loss | C25: -8093 | D25: 8638 | E25: 20239 | F25: -35967 | G25: 14212 | H25: 5198 | I25: -26322 | J25: 7000 | K25: 46278 | L25: -18355 | M25: 38979 | N25: 74607 | O25: -178613 | P25: -19732 | Q25: =+Q8-R8 -> -68053 | R25: =R26+R27+R28 -> 63304 | S25: =S26+S27+S28 -> 26050 | T25: =T26+T27+T28 -> 27763 | U25: =U26+U27+U28 -> -115581 | V25: =V26+V27+V28 -> -2274 | W25: =W26+W27+W28 -> 26790 | X25: =X26+X27+X28 -> 52737 | Y25: =Y26+Y27+Y28 -> 88991 | Z25: =Z26+Z27+Z28 -> -723
A26: Wycena aktywów finansowych dostępnych do sprzedaży | B26: Measurement of financial assets available for sale | C26: 0 | D26: 0 | E26: 0 | G26: 0 | K26: 56306 | L26: -22423 | M26: 48122 | N26: 92108 | O26: -220600 | P26: -24361 | Q26: =+Q9-R9 -> -84017 | R26: 78155 | S26: 32160 | T26: 34274 | U26: -142692 | V26: -2807 | W26: 33074 | X26: 65107 | Y26: 110993 | Z26: 6380
A27: Wycena aktywów finansowych wycenianych przez inne całkowite dochody | B27: Measurement of financial assets measured through other comprehensive income | C27: -9986 | D27: 10664 | E27: 23187 | F27: -42610 | G27: 17551 | H27: 6366 | I27: -32458 | J27: 9330 | K27: 0 | L27: 0 | M27: 0 | N27: 0 | O27: 0 | P27: 0 | Q27: =+Q10-R10 -> 0 | R27: 0 | S27: 0 | T27: 0 | U27: 0 | V27: 0 | W27: 0 | X27: 0 | Y27: -1128 | Z27: -7272
A28: Podatek odroczony | B28: Deferred tax | C28: 1893 | D28: -2026 | E28: -2948 | F28: 6643 | G28: -3339 | H28: -1168 | I28: 6136 | J28: -2330 | K28: -10028 | L28: 4068 | M28: -9143 | N28: -17501 | O28: 41987 | P28: 4629 | Q28: =+Q11-R11 -> 15964 | R28: -14851 | S28: -6110 | T28: -6511 | U28: 27111 | V28: 533 | W28: -6284 | X28: -12370 | Y28: -20874 | Z28: 169
A29: Pozycje, które nie zostaną przeklasyfikowane na zyski lub straty | B29: Items that will not be reclassified to profit or loss | C29: -79 | D29: -978 | E29: 424 | F29: -112 | G29: -913 | H29: 425 | I29: -273 | J29: -136 | K29: 1041 | L29: 103 | M29: 143 | N29: -311 | O29: 3654 | P29: 41 | Q29: =+Q12-R12 -> 2092 | R29: =R30+R31 -> -1280 | S29: =S30+S31 -> 390 | T29: =T30+T31 -> 1725 | U29: =U30+U31 -> 2982 | V29: =V30+V31 -> 66 | W29: =W30+W31 -> -1184 | X29: =X30+X31 -> -590 | Y29: =Y30+Y31 -> -1933 | Z29: =Z30+Z31 -> -188
A30: Wycena metodą aktuarialną świadczeń pracowniczych | B30: Actuarial valuation of employee benefits | C30: -102 | D30: -1208 | E30: 523 | F30: -137 | G30: -1125 | H30: 539 | I30: -347 | J30: -174 | K30: 1310 | L30: 103 | M30: 226 | N30: 210 | O30: 3868 | P30: 50 | Q30: =+Q13-R13 -> 2583 | R30: -1580 | S30: 483 | T30: 2129 | U30: 3682 | V30: 81 | W30: -1461 | X30: -728 | Y30: -2387 | Z30: -232
A31: Podatek odroczony | B31: Deferred tax | C31: 23 | D31: 230 | E31: -99 | F31: 25 | G31: 212 | H31: -114 | I31: 74 | J31: 38 | K31: -269 | L31: 0 | M31: -83 | N31: -521 | O31: -214 | P31: -9 | Q31: =+Q14-R14 -> -491 | R31: 300 | S31: -93 | T31: -404 | U31: -700 | V31: -15 | W31: 277 | X31: 138 | Y31: 454 | Z31: 44
A32: Inne całkowite dochody (netto) | B32: Other comprehensive income (net of tax) | C32: -8172 | D32: 7660 | E32: 20663 | F32: -36079 | G32: 13299 | H32: 5623 | I32: -26595 | J32: 6864 | K32: 47319 | L32: -18252 | M32: 39122 | N32: 74296 | O32: -174959 | P32: -19691 | Q32: =+Q15-R15 -> -65961 | R32: =R25+R29 -> 62024 | S32: =S25+S29 -> 26440 | T32: =T25+T29 -> 29488 | U32: =U25+U29 -> -112599 | V32: =V25+V29 -> -2208 | W32: =W25+W29 -> 25606 | X32: =X25+X29 -> 52147 | Y32: =Y25+Y29 -> 87058 | Z32: =Z25+Z29 -> -911
A33: Całkowite dochody ogółem | B33: Total comprehensive income for the period | C33: 113099 | D33: 122422 | E33: 237723 | F33: 125522 | G33: 54178 | H33: 136521 | I33: 76548 | J33: 92322 | K33: 96457 | L33: 91538 | M33: 120338 | N33: 113859 | O33: -172955 | P33: -9473 | Q33: =+Q16-R16 -> -32588 | R33: =R23+R32 -> 93289 | S33: =S23+S32 -> -18486 | T33: =T23+T32 -> 69904 | U33: =U23+U32 -> -109312 | V33: =V23+V32 -> 12308 | W33: =W23+W32 -> -13627 | X33: =X23+X32 -> 120913 | Y33: =Y23+Y32 -> 150918 | Z33: =Z23+Z32 -> 43727
A34: - przypadające na akcjonariuszy Grupy | B34: - attributable to equity holders of the Group | C34: 113099 | D34: 122422 | E34: 237723 | F34: 125522 | G34: 54178 | H34: 136521 | I34: 76548 | J34: 92322 | K34: 96457 | L34: 91538 | M34: 120328 | N34: 113859 | O34: -172955 | P34: -9473 | Q34: =+Q17-R17 -> -32588 | R34: 93289 | S34: -18486 | T34: 69904 | U34: -109312 | V34: 12308 | W34: -13627 | X34: 120913 | Y34: 150918 | Z34: 43727
A44: Odwrotna kolejność okresów
A46: tys. zł, narastająco od początku roku | B46: PLN thousand, year-to-date basis
A47: Skonsolidowane sprawozdanie z całkowitych dochodów | B47: Consolidated statement of comprehensive income | C47: 31/03/2014 | D47: 30/06/2014 | E47: 30/09/2014 | F47: 31/12/2014 | G47: 31/03/2015 | H47: 30/06/2015 | I47: 30/09/2015 | J47: 31/12/2015 | K47: 31/03/2016 | L47: 30/06/2016 | M47: 30/09/2016 | N47: 31/12/2016 | O47: 31/03/2017 | P47: 30/06/2017 | Q47: 30/09/2017 | R47: 31/12/2017 | S47: 31/03/2018 | T47: 43281 | U47: 43373 | V47: 43464 | W47: 43555 | X47: 43646 | Y47: 43738 | Z47: 43830
A49: Zysk (strata) netto za okres | B49: Net profit (loss) for the period | C49: 44638 | D49: 108498 | E49: 177264 | F49: 138031 | G49: 14516 | H49: 17803 | I49: 58219 | J49: 13293 | K49: 31265 | L49: 64638 | M49: 74856 | N49: 76860 | O49: 39563 | P49: 120779 | Q49: 230569 | R49: 279707 | S49: 85458 | T49: 188601 | U49: 319499 | V49: 360378 | W49: 161601 | X49: 378661 | Y49: 493423 | Z49: 614694
A50: Inne całkowite dochody | B50: Other comprehensive income
A51: Pozycje, które zostaną następnie przeklasyfikowane na zyski lub straty po spełnieniu określonych warunków | B51: Items that are or may be reclassified subsequently to profit or loss | C51: -723 | D51: 88268 | E51: 141005 | F51: 167795 | G51: -2274 | H51: -117855 | I51: -90093 | J51: -64043 | K51: 63304 | L51: -4749 | M51: -24481 | N51: -203094 | O51: 74607 | P51: 113586 | Q51: 95231 | R51: 141509 | S51: 7000 | T51: -19322 | U51: -14124 | V51: 88 | W51: -35967 | X51: -15728 | Y51: -7090 | Z51: -15183
A52: Wycena aktywów finansowych dostępnych do sprzedaży | B52: Measurement of financial assets available for sale | C52: 6380 | D52: 117373 | E52: 182480 | F52: 215554 | G52: -2807 | H52: -145499 | I52: -111226 | J52: -79066 | K52: 78155 | L52: -5862 | M52: -30223 | N52: -250823 | O52: 92108 | P52: 140230 | Q52: 117807 | R52: 174113
A53: Wycena aktywów finansowych wycenianych przez inne całkowite dochody | B53: Measurement of financial assets measured through other comprehensive income | C53: -7272 | D53: -8400 | E53: -8400 | F53: -8400 | G53: 0 | H53: 0 | I53: 0 | J53: 0 | K53: 0 | L53: 0 | M53: 0 | N53: 0 | S53: 9330 | T53: -23128 | U53: -16762 | V53: 789 | W53: -42610 | X53: -19423 | Y53: -8759 | Z53: -18745
A54: Podatek odroczony | B54: Deferred tax | C54: 169 | D54: -20705 | E54: -33075 | F54: -39359 | G54: 533 | H54: 27644 | I54: 21133 | J54: 15023 | K54: -14851 | L54: 1113 | M54: 5742 | N54: 47729 | O54: -17501 | P54: -26644 | Q54: -22576 | R54: -32604 | S54: -2330 | T54: 3806 | U54: 2638 | V54: -701 | W54: 6643 | X54: 3695 | Y54: 1669 | Z54: 3562
A55: Pozycje, które nie zostaną przeklasyfikowane na zyski lub straty | B55: Items that will not be reclassified to profit or loss | C55: -188 | D55: -2121 | E55: -2711 | F55: -3895 | G55: 66 | H55: 3048 | I55: 4772 | J55: 5162 | K55: -1280 | L55: 812 | M55: 853 | N55: 4507 | O55: -311 | P55: -168 | Q55: -65 | R55: 976 | S55: -136 | T55: -409 | U55: 16 | V55: -897 | W55: -112 | X55: 312 | Y55: -666 | Z55: -745
A56: Wycena metodą aktuarialną świadczeń pracowniczych | B56: Actuarial valuation of employee benefits | C56: -232 | D56: -2619 | E56: -3347 | F56: -4808 | G56: 81 | H56: 3763 | I56: 5891 | J56: 6374 | K56: -1580 | L56: 1003 | M56: 1053 | N56: 4921 | O56: 210 | P56: 436 | Q56: 539 | R56: 1849 | S56: -174 | T56: -521 | U56: 18 | V56: -1107 | W56: -137 | X56: 386 | Y56: -822 | Z56: -924
A57: Podatek odroczony | B57: Deferred tax | C57: 44 | D57: 498 | E57: 636 | F57: 913 | G57: -15 | H57: -715 | I57: -1119 | J57: -1212 | K57: 300 | L57: -191 | M57: -200 | N57: -414 | O57: -521 | P57: -604 | Q57: -604 | R57: -873 | S57: 38 | T57: 112 | U57: -2 | V57: 210 | W57: 25 | X57: -74 | Y57: 156 | Z57: 179
A58: Inne całkowite dochody (netto) | B58: Other comprehensive income (net of tax) | C58: -911 | D58: 86147 | E58: 138294 | F58: 163900 | G58: -2208 | H58: -114807 | I58: -85321 | J58: -58881 | K58: 62024 | L58: -3937 | M58: -23628 | N58: -198587 | O58: 74296 | P58: 113418 | Q58: 95166 | R58: 142485 | S58: 6864 | T58: -19731 | U58: -14108 | V58: -809 | W58: -36079 | X58: -15416 | Y58: -7756 | Z58: -15928
A59: Całkowite dochody ogółem | B59: Total comprehensive income for the period | C59: 43727 | D59: 194645 | E59: 315558 | F59: 301931 | G59: 12308 | H59: -97004 | I59: -27102 | J59: -45588 | K59: 93289 | L59: 60701 | M59: 51228 | N59: -121727 | O59: 113859 | P59: 234197 | Q59: 325735 | R59: 422192 | S59: 92322 | T59: 168870 | U59: 305391 | V59: 359569 | W59: 125522 | X59: 363245 | Y59: 485667 | Z59: 598766
A60: - przypadające na akcjonariuszy Grupy | B60: - attributable to equity holders of the Group | C60: 43727 | D60: 194645 | E60: 315558 | F60: 301931 | G60: 12308 | H60: -97004 | I60: -27102 | J60: -45588 | K60: 93289 | L60: 60701 | M60: 51228 | N60: -121727 | O60: 113859 | P60: 234187 | Q60: 325735 | R60: 422192 | S60: 92322 | T60: 168870 | U60: 305391 | V60: 359569 | W60: 125522 | X60: 363245 | Y60: 485667 | Z60: 598766
A63: tys. zł, kwartalnie | B63: PLN thousand, quarterly basis
A64: Skonsolidowane sprawozdanie z całkowitych dochodów | B64: Consolidated statement of comprehensive income | C64: IQ 2014 | D64: IIQ 2014 | E64: IIIQ 2014 | F64: IVQ 2014 | G64: IQ 2015 | H64: IIQ 2015 | I64: IIIQ 2015 | J64: IVQ 2015 | K64: IQ 2016 | L64: IIQ 2016 | M64: IIIQ 2016 | N64: IVQ 2016 | O64: IQ 2017 | P64: IIQ 2017 | Q64: IIIQ 2017 | R64: IVQ 2017 | S64: IQ 2018 | T64: IIQ 2018 | U64: IIIQ 2018 | V64: IVQ 2018 | W64: IQ 2019 | X64: IIQ 2019 | Y64: IIIQ 2019 | Z64: IVQ 2019
A66: Zysk (strata) netto za okres | B66: Net profit (loss) for the period | C66: 44638 | D66: 63860 | E66: 68766 | F66: -39233 | G66: 14516 | H66: 3287 | I66: 40416 | J66: -44926 | K66: 31265 | L66: 33373 | M66: 10218 | N66: 2004 | O66: 39563 | P66: 81216 | Q66: 109790 | R66: 49138 | S66: 85458 | T66: 103143 | U66: 130898 | V66: 40879 | W66: 161601 | X66: 217060 | Y66: 114762 | Z66: 121271
A67: Inne całkowite dochody | B67: Other comprehensive income | N67: 0 | O67: 0 | P67: 0 | Q67: 0 | R67: 0 | T67: 0 | U67: 0 | V67: 0 | X67: 0 | Y67: 0 | Z67: 0
A68: Pozycje, które zostaną następnie przeklasyfikowane na zyski lub straty po spełnieniu określonych warunków | B68: Items that are or may be reclassified subsequently to profit or loss | C68: -723 | D68: 88991 | E68: 52737 | F68: 26790 | G68: -2274 | H68: -115581 | I68: 27763 | J68: 26050 | K68: 63304 | L68: -68053 | M68: -19732 | N68: -178613 | O68: 74607 | P68: 38979 | Q68: -18355 | R68: 46278 | S68: 7000 | T68: -26322 | U68: 5198 | V68: 14212 | W68: -35967 | X68: 20239 | Y68: 8638 | Z68: -8093
A69: Wycena aktywów finansowych dostępnych do sprzedaży | B69: Measurement of financial assets available for sale | C69: 6380 | D69: 110993 | E69: 65107 | F69: 33074 | G69: -2807 | H69: -142692 | I69: 34274 | J69: 32160 | K69: 78155 | L69: -84017 | M69: -24361 | N69: -220600 | O69: 92108 | P69: 48122 | Q69: -22423 | R69: 56306 | V69: 0 | X69: 0 | Y69: 0 | Z69: 0
A70: Wycena aktywów finansowych wycenianych przez inne całkowite dochody | B70: Measurement of financial assets measured through other comprehensive income | C70: -7272 | D70: -1128 | E70: 0 | F70: 0 | G70: 0 | H70: 0 | I70: 0 | J70: 0 | K70: 0 | L70: 0 | M70: 0 | N70: 0 | O70: 0 | P70: 0 | Q70: 0 | R70: 0 | S70: 9330 | T70: -32458 | U70: 6366 | V70: 17551 | W70: -42610 | X70: 23187 | Y70: 10664 | Z70: -9986
A71: Podatek odroczony | B71: Deferred tax | C71: 169 | D71: -20874 | E71: -12370 | F71: -6284 | G71: 533 | H71: 27111 | I71: -6511 | J71: -6110 | K71: -14851 | L71: 15964 | M71: 4629 | N71: 41987 | O71: -17501 | P71: -9143 | Q71: 4068 | R71: -10028 | S71: -2330 | T71: 6136 | U71: -1168 | V71: -3339 | W71: 6643 | X71: -2948 | Y71: -2026 | Z71: 1893
A72: Pozycje, które nie zostaną przeklasyfikowane na zyski lub straty | B72: Items that will not be reclassified to profit or loss | C72: -188 | D72: -1933 | E72: -590 | F72: -1184 | G72: 66 | H72: 2982 | I72: 1725 | J72: 390 | K72: -1280 | L72: 2092 | M72: 41 | N72: 3654 | O72: -311 | P72: 143 | Q72: 103 | R72: 1041 | S72: -136 | T72: -273 | U72: 425 | V72: -913 | W72: -112 | X72: 424 | Y72: -978 | Z72: -79
A73: Wycena metodą aktuarialną świadczeń pracowniczych | B73: Actuarial valuation of employee benefits | C73: -232 | D73: -2387 | E73: -728 | F73: -1461 | G73: 81 | H73: 3682 | I73: 2129 | J73: 483 | K73: -1580 | L73: 2583 | M73: 50 | N73: 3868 | O73: 210 | P73: 226 | Q73: 103 | R73: 1310 | S73: -174 | T73: -347 | U73: 539 | V73: -1125 | W73: -137 | X73: 523 | Y73: -1208 | Z73: -102
A74: Podatek odroczony | B74: Deferred tax | C74: 44 | D74: 454 | E74: 138 | F74: 277 | G74: -15 | H74: -700 | I74: -404 | J74: -93 | K74: 300 | L74: -491 | M74: -9 | N74: -214 | O74: -521 | P74: -83 | Q74: 0 | R74: -269 | S74: 38 | T74: 74 | U74: -114 | V74: 212 | W74: 25 | X74: -99 | Y74: 230 | Z74: 23
A75: Inne całkowite dochody (netto) | B75: Other comprehensive income (net of tax) | C75: -911 | D75: 87058 | E75: 52147 | F75: 25606 | G75: -2208 | H75: -112599 | I75: 29488 | J75: 26440 | K75: 62024 | L75: -65961 | M75: -19691 | N75: -174959 | O75: 74296 | P75: 39122 | Q75: -18252 | R75: 47319 | S75: 6864 | T75: -26595 | U75: 5623 | V75: 13299 | W75: -36079 | X75: 20663 | Y75: 7660 | Z75: -8172
A76: Całkowite dochody ogółem | B76: Total comprehensive income for the period | C76: 43727 | D76: 150918 | E76: 120913 | F76: -13627 | G76: 12308 | H76: -109312 | I76: 69904 | J76: -18486 | K76: 93289 | L76: -32588 | M76: -9473 | N76: -172955 | O76: 113859 | P76: 120338 | Q76: 91538 | R76: 96457 | S76: 92322 | T76: 76548 | U76: 136521 | V76: 54178 | W76: 125522 | X76: 237723 | Y76: 122422 | Z76: 113099
A77: - przypadające na akcjonariuszy Grupy | B77: - attributable to equity holders of the Group | C77: 43727 | D77: 150918 | E77: 120913 | F77: -13627 | G77: 12308 | H77: -109312 | I77: 69904 | J77: -18486 | K77: 93289 | L77: -32588 | M77: -9473 | N77: -172955 | O77: 113859 | P77: 120328 | Q77: 91538 | R77: 96457 | S77: 92322 | T77: 76548 | U77: 136521 | V77: 54178 | W77: 125522 | X77: 237723 | Y77: 122422 | Z77: 113099

Sheet (2)
A1: Powrót do spisu treści | B1: Back to table of contents | O1: Powrót do spisu treści | P1: Back to table of contents
A3: tys. zł, narastająco od początku roku | B3: PLN thousand, year-to-date basis | O3: tys. zł, narastająco od początku roku | P3: PLN thousand, year-to-date basis
A4: Wynik z tytułu odsetek | B4: Net interest income | C4: 43830 | D4: 43738 | E4: 43646 | F4: 43555 | G4: 43465 | H4: 30.09.2018** | I4: 43281 | J4: 31/03/2018 | K4: 31/12/2017*** | L4: 30/09/2017 | M4: 30/06/2017 | N4: 31/03/2017 | O4: Wynik z tytułu odsetek | P4: Net interest income | Q4: 31/12/2016 | R4: 30/09/2016 | S4: 30/06/2016 | T4: 31/03/2016 | U4: 31/12/2015 | V4: 30/09/2015 | W4: 30/06/2015 | X4: 31/03/2015 | Y4: 31/12/2014 | Z4: 30/09/2014 | AA4: 30/06/2014 | AB4: 31/03/2014
A5: Przychody z tytułu odsetek | B5: Interest income | O5: Przychody z tytułu odsetek | P5: Interest income
A6: Należności od banków | B6: Loans and advances to banks | C6: 23326 | D6: 18339 | E6: 11756 | F6: 6138 | G6: 17323 | H6: 12051 | I6: 11384 | J6: 8998 | K6: 29356 | L6: 21776 | M6: 14452 | N6: 7106 | O6: Należności od banków | P6: Loans and advances to banks | Q6: 28086 | R6: 20661 | S6: 12955 | T6: 6378 | U6: 24445 | V6: 17705 | W6: 11178 | X6: 5521 | Y6: 28790 | Z6: 22233 | AA6: 14132 | AB6: 6705
A7: Kredyty i pożyczki udzielone klientom wyceniane wg zamortyzowanego kosztu, w tym: | B7: Loans and advances to customers measured in amortised cost, including: | C7: 3284550 | D7: 2470355 | E7: 1642728 | F7: 811213 | G7: 2347366 | H7: 1615207 | I7: 1049815 | J7: 484616 | K7: 2239898 | L7: 1704177 | M7: 1125438 | N7: 556366 | O7: W rachunku bieżącym udzielone klientom | P7: Loans and advances to customers in current accounts | Q7: 367980 | R7: 269281 | S7: 177228 | T7: 87660 | U7: 326144 | V7: 236837 | W7: 146669 | X7: 66758 | Y7: 285181 | Z7: 210496 | AA7: 134124 | AB7: 64420
A8: - niebankowym podmiotom finansowym | B8: non-banking financial institutions | C8: 19692 | D8: 16365 | E8: 12793 | F8: 5968 | G8: 18866 | H8: 13180 | I8: 4712 | J8: 2082 | K8: 8214 | L8: 5782 | M8: 3783 | N8: 1621 | O8: Kredyty i pożyczki udzielone klientom wyceniane wg zamortyzowanego kosztu, w tym: | P8: Loans and advances to customers measured in amortised cost, including: | Q8: 1848346 | R8: 1392804 | S8: 919338 | T8: 455148 | U8: 1487688 | V8: 1047899 | W8: 630483 | X8: 272080 | Y8: 1195057 | Z8: 889521 | AA8: 572064 | AB8: 280534
A9: - klientom indywidualnym | B9: retail customers | C9: 1493807 | D9: 1122459 | E9: 738095 | F9: 356669 | G9: 989605 | H9: 707103 | I9: 441426 | J9: 202241 | K9: 924898 | L9: 699932 | M9: 463322 | N9: 232362 | O9: – przedsiębiorstwa | P9: – corporate | Q9: 434845 | R9: 331515 | S9: 218497 | T9: 109197 | U9: 401252 | V9: 285540 | W9: 171142 | X9: 72575 | Y9: 333563 | Z9: 246836 | AA9: 155107 | AB9: 77535
A10: - podmiotom gospodarczym | B10: corporate customers | C10: 1624670 | D10: 1223650 | E10: 821022 | F10: 413802 | G10: 1217331 | H10: 807053 | I10: 540225 | J10: 266233 | K10: 1194733 | L10: 917532 | M10: 606724 | N10: 297565 | O10: – gospodarstwa domowe | P10: – households | Q10: 1326685 | R10: 998217 | S10: 660307 | T10: 326287 | U10: 1034758 | V10: 729619 | W10: 443760 | X10: 197529 | Y10: 849232 | Z10: 632989 | AA10: 410414 | AB10: 199683
A11: - w tym rolnikom indywidualnym | B11: including retail farmers | C11: 440094 | D11: 329848 | E11: 215878 | F11: 105972 | G11: 429895 | H11: 320922 | I11: 209359 | J11: 101323 | K11: 493192 | L11: 365144 | M11: 239811 | N11: 118265 | O11: – instytucje sektora budżetowego | P11: – budget entities | Q11: 5101 | R11: 3735 | S11: 2477 | T11: 1248 | U11: 5772 | V11: 4461 | W11: 3094 | X11: 1636 | Y11: 8350 | Z11: 6496 | AA11: 4371 | AB11: 2204
A12: - instytucjom sektora budżetowego | B12: public sector institutions | C12: 6958 | D12: 5280 | E12: 3511 | F12: 1774 | G12: 5099 | H12: 3435 | I12: 2281 | J12: 1156 | K12: 5139 | L12: 3930 | M12: 2634 | N12: 1322 | O12: – pozostałe podmioty | P12: – other entities | Q12: 81715 | R12: 59337 | S12: 38057 | T12: 18416 | U12: 45906 | V12: 28279 | W12: 12487 | X12: 340 | Y12: 3912 | Z12: 3200 | AA12: 2172 | AB12: 1112
A13: - naleznosci leasingowe | B13: leasing receivables | C13: 139423 | D13: 102601 | E13: 67307 | F13: 33000 | G13: 116465 | H13: 84436 | I13: 61171 | J13: 12904 | K13: 106913 | L13: 77001 | M13: 48975 | N13: 23496 | O13: Kredyty i pożyczki udzielone klientom wyceniane wg wartości godziwej przez rachunek zysków i strat | P13: Loans and advances to customers measured at fair value through profit or loss | Q13: 0 | R13: 0 | S13: 0 | T13: 0 | U13: 0 | V13: 0 | W13: 0 | X13: 0 | Y13: 0 | Z13: 0 | AA13: 0 | AB13: 0
A14: Kredyty i pożyczki udzielone klientom wyceniane wg wartości godziwej przez rachunek zysków i strat | B14: Loans and advances to customers measured at fair value through profit or loss | C14: 63924 | D14: 49085 | E14: 33284 | F14: 16932 | G14: 77311 | H14: 59445 | I14: 40607 | J14: 21043 | O14: Instrumenty dłużne wyceniane wg zamortyzowanego kosztu | P14: Debt instruments measured at amortised cost | Q14: 0 | R14: 0 | S14: 0 | T14: 0 | U14: 0 | V14: 0 | W14: 0 | X14: 0 | Y14: 0 | Z14: 0 | AA14: 0 | AB14: 0
A15: Instrumenty dłużne wyceniane wg zamortyzowanego kosztu | B15: Debt instruments measured at amortised cost | C15: 445823 | D15: 324331 | E15: 210043 | F15: 97200 | G15: 257703 | H15: 181977 | I15: 121450 | J15: 58063 | O15: Instrumenty pochodne w ramach rachunkowosci zabezpieczeń wartosci godziwej | P15: Derivative instruments as part of fair value hedge accounting | Q15: 78754 | R15: 59941 | S15: 39647 | T15: 14234 | U15: 15197 | V15: 979 | W15: 396 | X15: 0 | Y15: 9024 | Z15: 9024 | AA15: 9024 | AB15: 7810
A16: Instrumenty dłużne wyceniane w wartości godziwej przez rachunek zysków i strat | B16: Debt instruments measured at fair value through profit or loss | C16: 931 | D16: 563 | E16: 280 | F16: 3 | G16: 1064 | H16: 453 | I16: 243 | J16: 87 | O16: Zakupione papiery wartościowe z otrzymanym przyrzeczeniem odkupu | P16: Reverse repo transactions | Q16: 0 | R16: 0 | S16: 0 | T16: 0 | U16: 7559 | V16: 7559 | W16: 7559 | X16: 6120 | Y16: 55797 | Z16: 42851 | AA16: 23533 | AB16: 11826
A17: Instrumenty dłużne wyceniane w wartości godziwej przez pozostałe całkowite dochody | B17: Debt instruments measured at fair value through other comprehensive income | C17: 215945 | D17: 168368 | E17: 117024 | F17: 64568 | G17: 167805 | H17: 104517 | I17: 70592 | J17: 35165 | O17: Dłużne papiery wartościowe, w tym: | P17: Debt securities, in this: | Q17: 261397 | R17: 186941 | S17: 121439 | T17: 59118 | U17: 208725 | V17: 155724 | W17: 105296 | X17: 52138 | Y17: 221248 | Z17: 166488 | AA17: 111299 | AB17: 54545
A18: Instrumenty pochodne w ramach rachunkowosci zabezpieczeń wartosci godziwej | B18: Derivative instruments as part of fair value hedge accounting | C18: 153560 | D18: 116902 | E18: 79461 | F18: 39013 | G18: 115233 | H18: 79818 | I18: 54251 | J18: 27058 | K18: 80978 | L18: 54267 | M18: 27542 | N18: 13676 | O18: – przeznaczone do obrotu | P18: – held for trading | Q18: 0 | R18: 0 | S18: 0 | T18: 0 | U18: 1956 | V18: 1956 | W18: 1956 | X18: 1271 | Y18: 10716 | Z18: 9679 | AA18: 7826 | AB18: 6398
A19: Zakupione papiery wartościowe z udzielonym przyrzeczeniem odkupu | B19: Reverse repo | C19: 24 | D19: 24 | E19: 19 | F19: 19 | G19: 24 | O19: – dostępne do sprzedaży | P19: – available for sale | Q19: 261397 | R19: 186941 | S19: 121439 | T19: 59118 | U19: 206769 | V19: 153768 | W19: 103340 | X19: 50867 | Y19: 210532 | Z19: 156809 | AA19: 103473 | AB19: 48147
A20: Dłużne papiery wartościowe dostępne do sprzedaży | B20: Debt securities available for sale | K20: 314986 | L20: 231157 | M20: 150128 | N20: 75205
O21: Instrumenty dłużne wyceniane w wartości godziwej przez rachunek zysków i strat | P21: Debt instruments measured at fair value through profit or loss | Q21: 0 | R21: 0 | S21: 0 | T21: 0 | U21: 0 | V21: 0 | W21: 0 | X21: 0 | Y21: 0 | Z21: 0 | AA21: 0 | AB21: 0
O22: Instrumenty dłużne wyceniane w wartości godziwej przez pozostałe całkowite dochody | P22: Debt instruments measured at fair value through other comprehensive income | Q22: 0 | R22: 0 | S22: 0 | T22: 0 | U22: 0 | V22: 0 | W22: 0 | X22: 0 | Y22: 0 | Z22: 0 | AA22: 0 | AB22: 0
C23: 4188083 | D23: 3147967 | E23: 2094595 | F23: 1035086 | G23: 2983829 | H23: 2053468 | I23: 1348342 | J23: 635030 | K23: 2665218 | L23: 2011377 | M23: 1317560 | N23: 652353 | Q23: 2584563 | R23: 1929628 | S23: 1270607 | T23: 622538 | U23: 2069758 | V23: 1466703 | W23: 901581 | X23: 402617 | Y23: 1795097 | Z23: 1340613 | AA23: 864176 | AB23: 425840
A24: Koszty odsetek* | B24: Interest expense* | O24: Koszty odsetek | P24: Interest expense
A25: Zobowiązania wobec banków | B25: Amounts due to banks | C25: -103034 | D25: -75705.426 | E25: -48991.883 | F25: -23016.704 | G25: -104505.12 | H25: -68746 | I25: -43003 | J25: -20301 | K25: -79015 | L25: -69688 | M25: -44407 | N25: -23129 | O25: Zobowiązania wobec banków | P25: Amounts due to banks | Q25: -105429 | R25: -83185 | S25: -54920 | T25: -31924 | U25: -66109 | V25: -38338 | W25: -22876 | X25: -8089 | Y25: -59409 | Z25: -46085 | AA25: -29679 | AB25: -14957
A26: Zobowiązania z tytułu emisji dłużnych papierów wartościowych | B26: Debt securities issued | C26: -78011 | D26: -58687 | E26: -38925 | F26: -19485 | G26: -76167 | H26: -56333 | I26: -35536 | J26: -19865 | K26: -14043 | L26: -8849 | M26: -5919 | N26: -2959 | O26: Zobowiązania z tytułu emisji dłużnych papierów wartościowych | P26: Debt securities issued | Q26: -12781 | R26: -9638 | S26: -6621 | T26: -3489 | U26: -16938 | V26: -13367 | W26: -9975 | X26: -6165 | Y26: -32269 | Z26: -25342 | AA26: -17639 | AB26: -9699
A27: Zobowiązania wobec klientów, w tym: | B27: Amounts due to customers: | C27: -685232 | D27: -532577.57 | E27: -360345.12 | F27: -183591.3 | G27: -593257.88 | H27: -402583 | I27: -275510 | J27: -120177 | K27: -570922 | L27: -430468 | M27: -292222 | N27: -145585 | O27: Zobowiązania wobec klientów, w tym: | P27: Amounts due to customers: | Q27: -560405 | R27: -412896 | S27: -272745 | T27: -133138 | U27: -544165 | V27: -410973 | W27: -270427 | X27: -128566 | Y27: -529140 | Z27: -382266 | AA27: -244699 | AB27: -118048
A28: - niebankowym podmiotom finansowym | B28: non-banking financial institutions | C28: -45118 | D28: -36067 | E28: -24253 | F28: -12534 | G28: -53786 | H28: -31947 | I28: -20096 | J28: -12340 | K28: -44496 | L28: -40557 | M28: -28392 | N28: -13829 | O28: – przedsiębiorstwa | P28: – corporate | Q28: -160303 | R28: -113485 | S28: -75864 | T28: -33114 | U28: -108768 | V28: -79050 | W28: -45528 | X28: -19931 | Y28: -110402 | Z28: -79998 | AA28: -51017 | AB28: -25320
A29: - klientom indywidualnym | B29: retail customers | C29: -419923 | D29: -330424 | E29: -222621 | F29: -112414 | G29: -311909 | H29: -213362 | I29: -147268 | J29: -74938 | K29: -289054 | L29: -216433 | M29: -149950 | N29: -76420 | O29: – gospodarstwa domowe | P29: – households | Q29: -313348 | R29: -232386 | S29: -152305 | T29: -76552 | U29: -340834 | V29: -262453 | W29: -178634 | X29: -86616 | Y29: -336583 | Z29: -247726 | AA29: -162177 | AB29: -79194
A30: - podmiotom gospodarczym | B30: corporate customers | C30: -204778 | D30: -155555.57 | E30: -106360.12 | F30: -55409.296 | G30: -207562.88 | H30: -142133 | I30: -97543 | J30: -28541 | K30: -215738 | L30: -156761 | M30: -103440 | N30: -50917 | O30: – instytucje sektora budżetowego | P30: – budget entities | Q30: -18288 | R30: -13731 | S30: -8575 | T30: -4301 | U30: -14211 | V30: -9660 | W30: -5953 | X30: -2669 | Y30: -14967 | Z30: -10600 | AA30: -7153 | AB30: -3212
A31: - w tym rolnikom indywidualnym | B31: including retail farmers | C31: -4298 | D31: -3443 | E31: -2377 | F31: -1248 | G31: -5246 | H31: -3993 | I31: -2698 | J31: -1356 | K31: -6518 | L31: -5001 | M31: -3353 | N31: -1678 | O31: – pozostałe podmioty | P31: – other entities | Q31: -68466 | R31: -53294 | S31: -36001 | T31: -19171 | U31: -80352 | V31: -59810 | W31: -40312 | X31: -19350 | Y31: -67188 | Z31: -43942 | AA31: -24352 | AB31: -10322
A32: - instytucjom sektora budżetowego | B32: public sector institutions | C32: -15413 | D32: -10531 | E32: -7111 | F32: -3234 | G32: -20000 | H32: -15141 | I32: -10603 | J32: -4358 | K32: -21634 | L32: -16717 | M32: -10440 | N32: -4419 | O32: Instrumenty zabezpieczające i zabezpieczane | P32: Hedging instruments and hedged items | Q32: -79796 | R32: -60781 | S32: -40265 | T32: -18509 | U32: -12206 | V32: 1 | W32: -1 | X32: 0 | Y32: 0 | Z32: 0 | AA32: 0 | AB32: 0
A33: Zobowiązania z tytułu leasingu | B33: Lease liabilities | C33: -8704 | D33: -6415 | E33: -4267 | F33: -2262 | G33: 0
A34: Instrumenty pochodne w ramach rachunkowości zabezpieczeń wartości godziwej | B34: Derivative instruments as part of fair value hedge accounting | C34: -118763 | D34: -90824 | E34: -62211 | F34: -30558 | G34: -93592 | H34: -65800 | I34: -45534 | J34: -23112 | K34: -73377 | L34: -50299 | M34: -26722 | N34: -13865 | O34: Sprzedane papiery wartościowe z udzielonym przyrzeczeniem odkupu | P34: Repo transactions | Q34: 0 | R34: 0 | S34: -117 | T34: -57 | U34: -7693 | V34: -7638 | W34: -7581 | X34: -6111 | Y34: -55995 | Z34: -44033 | AA34: -25334 | AB34: -12556
A35: Sprzedane papiery wartościowe z udzielonym przyrzeczeniem odkupu | B35: Repo transactions | C35: -25580 | D35: -20311 | E35: -14716 | F35: -5731 | G35: -9456 | H35: -6927 | I35: -3269 | J35: -1663 | K35: -1117 | L35: 0 | M35: 0 | N35: 0
C37: -1019324 | D37: -784520 | E37: -529456 | F37: -264644 | G37: -876978 | H37: -600389 | I37: -402852 | J37: -185118 | K37: -738474 | L37: -559304 | M37: -369270 | N37: -185538 | Q37: -758411 | R37: -566500 | S37: -374668 | T37: -187117 | U37: -647111 | V37: -470315 | W37: -310860 | X37: -148931 | Y37: -676813 | Z37: -497726 | AA37: -317351 | AB37: -155260
A39: Wynik z tytułu odsetek | B39: Net interest income | C39: 3168759 | D39: 2363447 | E39: 1565139 | F39: 770442 | G39: 2106851 | H39: 1453079 | I39: 945490 | J39: 449912 | K39: 1926744 | L39: 1452073 | M39: 948290 | N39: 466815 | O39: Wynik z tytułu odsetek | P39: Net interest income | Q39: 1826152 | R39: 1363128 | S39: 895939 | T39: 435421 | U39: 1422647 | V39: 996388 | W39: 590721 | X39: 253686 | Y39: 1118284 | Z39: 842887 | AA39: 546825 | AB39: 270580
A43: tys. zł, kwartalnie | B43: PLN thousand, quarterly basis | O43: tys. zł, kwartalnie | P43: PLN thousand, quarterly basis
A44: Wynik z tytułu odsetek | B44: Net interest income | C44: IVQ 2019 | D44: IIIQ 2019 | E44: IIQ 2019 | F44: IQ 2019 | G44: IVQ 2018 | H44: IIIQ 2018** | I44: IIQ 2018 | J44: IQ 2018 | K44: IVQ 2017*** | L44: IIIQ 2017 | M44: IIQ 2017 | N44: IQ 2017 | O44: Wynik z tytułu odsetek | P44: Net interest income | Q44: IVQ 2016 | R44: IIIQ 2016 | S44: IIQ 2016 | T44: IQ 2016 | U44: IVQ 2015 | V44: IIIQ 2015 | W44: IIQ 2015 | X44: IQ 2015 | Y44: IVQ 2014 | Z44: IIIQ 2014 | AA44: IIQ 2014 | AB44: IQ 2014
A45: Przychody z tytułu odsetek | B45: Interest income | O45: Przychody z tytułu odsetek | P45: Interest income
A46: Należności od banków | B46: Amounts due from banks | C46: 4987 | D46: 6583 | E46: 5618 | F46: 6138 | G46: 5272 | H46: 667 | I46: 2386 | J46: 8998 | K46: 7580 | L46: 7324 | M46: 7346 | N46: 7106 | O46: Należności od banków | P46: Loans and advances to banks | Q46: 7425 | R46: 7706 | S46: 6577 | T46: 6378 | U46: 6740 | V46: 6527 | W46: 5657 | X46: 5521 | Y46: 6557 | Z46: 8101 | AA46: 7427 | AB46: 6705
A47: Kredyty i pożyczki udzielone klientom wyceniane wg zamortyzowanego kosztu, w tym: | B47: Loans and advances to customers measured at amortised cost, including: | C47: 814195 | D47: 827627 | E47: 831515 | F47: 811213 | G47: 732159 | H47: 565392 | I47: 565199 | J47: 484616 | K47: 535721 | L47: 578739 | M47: 569072 | N47: 556366 | O47: W rachunku bieżącym udzielone klientom | P47: Loans and advances to customers in current accounts | Q47: 98699 | R47: 92053 | S47: 89568 | T47: 87660 | U47: 89307 | V47: 90168 | W47: 79911 | X47: 66758 | Y47: 74685 | Z47: 76372 | AA47: 69704 | AB47: 64420
A48: - niebankowym podmiotom finansowym | B48: non-banking financial institutions | C48: 3327 | D48: 3572 | E48: 6825 | F48: 5968 | G48: 5686 | H48: 8468 | I48: 2630 | J48: 2082 | K48: 2432 | L48: 1999 | M48: 2162 | N48: 1621 | O48: Kredyty i pożyczki udzielone klientom wyceniane wg zamortyzowanego kosztu, w tym: | P48: Loans and advances to customers measured in amortised cost, including: | Q48: 455542 | R48: 473466 | S48: 464190 | T48: 455148 | U48: 439789 | V48: 417416 | W48: 358403 | X48: 272080 | Y48: 305536 | Z48: 317457 | AA48: 291530 | AB48: 280534
A49: - klientom indywidualnym | B49: retail customers | C49: 371348 | D49: 384364 | E49: 381426 | F49: 356669 | G49: 282502 | H49: 265677 | I49: 239185 | J49: 202241 | K49: 224966 | L49: 236610 | M49: 230960 | N49: 232362 | O49: – przedsiębiorstwa | P49: – corporate | Q49: 103330 | R49: 113018 | S49: 109300 | T49: 109197 | U49: 115712 | V49: 114398 | W49: 98567 | X49: 72575 | Y49: 86727 | Z49: 91729 | AA49: 77572 | AB49: 77535
A50: - podmiotom gospodarczym | B50: corporate customers | C50: 401020 | D50: 402628 | E50: 407220 | F50: 413802 | G50: 410278 | H50: 266828 | I50: 273992 | J50: 266233 | K50: 277201 | L50: 310808 | M50: 309159 | N50: 297565 | O50: – gospodarstwa domowe | P50: – households | Q50: 328468 | R50: 337910 | S50: 334020 | T50: 326287 | U50: 305139 | V50: 285859 | W50: 246231 | X50: 197529 | Y50: 216243 | Z50: 222575 | AA50: 210731 | AB50: 199683
A51: - w tym rolnikom indywidualnym | B51: including retail farmers | C51: 110246 | D51: 113970 | E51: 109906 | F51: 105972 | G51: 108973 | H51: 111563 | I51: 108036 | J51: 101323 | K51: 128048 | L51: 125333 | M51: 121546 | N51: 118265 | O51: – instytucje sektora budżetowego | P51: – budget entities | Q51: 1366 | R51: 1258 | S51: 1229 | T51: 1248 | U51: 1311 | V51: 1367 | W51: 1458 | X51: 1636 | Y51: 1854 | Z51: 2125 | AA51: 2167 | AB51: 2204
A52: - instytucjom sektora budżetowego | B52: public sector institutions | C52: 1678 | D52: 1769 | E52: 1737 | F52: 1774 | G52: 1664 | H52: 1154 | I52: 1125 | J52: 1156 | K52: 1209 | L52: 1296 | M52: 1312 | N52: 1322 | O52: – pozostałe podmioty | P52: – other entities | Q52: 22378 | R52: 21280 | S52: 19641 | T52: 18416 | U52: 17627 | V52: 15792 | W52: 12147 | X52: 340 | Y52: 712 | Z52: 1028 | AA52: 1060 | AB52: 1112
A53: - naleznosci leasingowe | B53: leasing receivables | C53: 36822 | D53: 35294 | E53: 34307 | F53: 33000 | G53: 32029 | H53: 23265 | I53: 48267 | J53: 12904 | K53: 29912 | L53: 28026 | M53: 25479 | N53: 23496 | O53: Kredyty i pożyczki udzielone klientom wyceniane wg wartości godziwej przez rachunek zysków i strat | P53: Loans and advances to customers measured at fair value through profit or loss | Q53: 0 | R53: 0 | S53: 0 | T53: 0 | U53: 0 | V53: 0 | W53: 0 | X53: 0 | Y53: 0 | Z53: 0 | AA53: 0 | AB53: 0
A54: Kredyty i pożyczki udzielone klientom wyceniane wg wartości godziwej przez rachunek zysków i strat | B54: Loans and advances to customers measured at fair value through profit or loss | C54: 14839 | D54: 15801 | E54: 16352 | F54: 16932 | G54: 17866 | H54: 18838 | I54: 19564 | J54: 21043 | K54: 0 | L54: 0 | M54: 0 | N54: 0 | O54: Instrumenty dłużne wyceniane wg zamortyzowanego kosztu | P54: Debt instruments measured at amortised cost | Q54: 0 | R54: 0 | S54: 0 | T54: 0 | U54: 0 | V54: 0 | W54: 0 | X54: 0 | Y54: 0 | Z54: 0 | AA54: 0 | AB54: 0
A55: Instrumenty dłużne wyceniane wg zamortyzowanego kosztu | B55: Debt instruments measured at amortised cost | C55: 121492 | D55: 114288 | E55: 112843 | F55: 97200 | G55: 75726 | H55: 60527 | I55: 63387 | J55: 58063 | K55: 0 | L55: 0 | M55: 0 | N55: 0 | O55: Instrumenty pochodne w ramach rachunkowosci zabezpieczeń wartosci godziwej | P55: Derivative instruments as part of fair value hedge accounting | Q55: 18813 | R55: 20294 | S55: 25413 | T55: 14234 | U55: 14218 | V55: 583 | W55: 396 | X55: 0 | Y55: 0 | Z55: 0 | AA55: 1214 | AB55: 7810
A56: Instrumenty dłużne wyceniane w wartości godziwej przez rachunek zysków i strat | B56: Debt instruments measured at fair value through profit or loss | C56: 368 | D56: 283 | E56: 277 | F56: 3 | G56: 611 | H56: 210 | I56: 156 | J56: 87 | K56: 0 | L56: 0 | M56: 0 | N56: 0 | O56: Zakupione papiery wartościowe z otrzymanym przyrzeczeniem odkupu | P56: Reverse repo transactions | Q56: 0 | R56: 0 | S56: 0 | T56: 0 | U56: 0 | V56: 0 | W56: 1439 | X56: 6120 | Y56: 12946 | Z56: 19318 | AA56: 11707 | AB56: 11826
A57: Instrumenty dłużne wyceniane w wartości godziwej przez pozostałe całkowite dochody | B57: Debt instruments measured at fair value through other comprehensive income | C57: 47577 | D57: 51344 | E57: 52456 | F57: 64568 | G57: 63288 | H57: 33925 | I57: 35427 | J57: 35165 | K57: 0 | L57: 0 | M57: 0 | N57: 0 | O57: Dłużne papiery wartościowe, w tym: | P57: Debt securities, in this: | Q57: 74456 | R57: 65502 | S57: 62321 | T57: 59118 | U57: 53001 | V57: 50428 | W57: 53158 | X57: 52138 | Y57: 54760 | Z57: 55189 | AA57: 56754 | AB57: 54545
A58: Instrumenty pochodne w ramach rachunkowosci zabezpieczeń wartosci godziwej | B58: Derivative instruments as part of fair value hedge accounting | C58: 36658 | D58: 37441 | E58: 40448 | F58: 39013 | G58: 35415 | H58: 25567 | I58: 27193 | J58: 27058 | K58: 26711 | L58: 26725 | M58: 13866 | N58: 13676 | O58: – przeznaczone do obrotu | P58: – held for trading | Q58: 0 | R58: 0 | S58: 0 | T58: 0 | U58: 0 | V58: 0 | W58: 685 | X58: 1271 | Y58: 1037 | Z58: 1853 | AA58: 1428 | AB58: 6398
A59: Zakupione papiery wartościowe z udzielonym przyrzeczeniem odkupu | B59: Reverse repo | C59: 0 | D59: 5 | E59: 0 | F59: 19 | G59: 24 | O59: – dostępne do sprzedaży | P59: – available for sale | Q59: 74456 | R59: 65502 | S59: 62321 | T59: 59118 | U59: 53001 | V59: 50428 | W59: 52473 | X59: 50867 | Y59: 53723 | Z59: 53336 | AA59: 55326 | AB59: 48147
A60: Dłużne papiery wartościowe dostępne do sprzedaży | B60: Debt securities available for sale | C60: 0 | D60: 0 | E60: 0 | F60: 0 | G60: 0 | H60: 0 | I60: 0 | J60: 0 | K60: 83829 | L60: 81029 | M60: 74923 | N60: 75205
O61: Instrumenty dłużne wyceniane w wartości godziwej przez rachunek zysków i strat | P61: Debt instruments measured at fair value through profit or loss | Q61: 0 | R61: 0 | S61: 0 | T61: 0 | U61: 0 | V61: 0 | W61: 0 | X61: 0 | Y61: 0 | Z61: 0 | AA61: 0 | AB61: 0
O62: Instrumenty dłużne wyceniane w wartości godziwej przez pozostałe całkowite dochody | P62: Debt instruments measured at fair value through other comprehensive income | Q62: 0 | R62: 0 | S62: 0 | T62: 0 | U62: 0 | V62: 0 | W62: 0 | X62: 0 | Y62: 0 | Z62: 0 | AA62: 0 | AB62: 0
C63: 1040116 | D63: 1053372 | E63: 1059509 | F63: 1035086 | G63: 930361 | H63: 705126 | I63: 713312 | J63: 635030 | K63: 653841 | L63: 693817 | M63: 665207 | N63: 652353 | Q63: 654935 | R63: 659021 | S63: 648069 | T63: 622538 | U63: 603055 | V63: 565122 | W63: 498964 | X63: 402617 | Y63: 454484 | Z63: 476437 | AA63: 438336 | AB63: 425840
A64: Koszty odsetek* | B64: Interest expenses* | O64: Koszty odsetek | P64: Interest expenses
A65: Zobowiązania wobec banków | B65: Amounts due to banks | C65: -27328.574 | D65: -26713.544 | E65: -25975.179 | F65: -23016.704 | G65: -35759.121 | H65: -25743 | I65: -22702 | J65: -20301 | K65: -9327 | L65: -25281 | M65: -21278 | N65: -23129 | O65: Zobowiązania wobec banków | P65: Amounts due to banks | Q65: -22244 | R65: -28265 | S65: -22996 | T65: -31924 | U65: -27771 | V65: -15462 | W65: -14787 | X65: -8089 | Y65: -13324 | Z65: -16406 | AA65: -14722 | AB65: -14957
A66: Zobowiązania z tytułu emisji dłużnych papierów wartościowych | B66: Debt securities issued | C66: -19324 | D66: -19762 | E66: -19440 | F66: -19485 | G66: -19834 | H66: -20797 | I66: -15671 | J66: -19865 | K66: -5194 | L66: -2930 | M66: -2960 | N66: -2959 | O66: Zobowiązania z tytułu emisji dłużnych papierów wartościowych | P66: Debt securities issued | Q66: -3143 | R66: -3017 | S66: -3132 | T66: -3489 | U66: -3571 | V66: -3392 | W66: -3810 | X66: -6165 | Y66: -6927 | Z66: -7703 | AA66: -7940 | AB66: -9699
A67: Zobowiązania wobec klientów, w tym: | B67: Amounts due to customers: | C67: -152654.43 | D67: -172232.46 | E67: -176753.82 | F67: -183591.3 | G67: -190674.88 | H67: -127073 | I67: -155333 | J67: -120177 | K67: -140454 | L67: -138246 | M67: -146637 | N67: -145585 | O67: Zobowiązania wobec klientów, w tym: | P67: Amounts due to customers: | Q67: -147509 | R67: -140151 | S67: -139607 | T67: -133138 | U67: -133192 | V67: -140545 | W67: -141861 | X67: -128566 | Y67: -146874 | Z67: -137567 | AA67: -126651 | AB67: -118048
A68: - niebankowym podmiotom finansowym | B68: non-banking financial institutions | C68: -9051 | D68: -11814 | E68: -11719 | F68: -12534 | G68: -21839 | H68: -11851 | I68: -7756 | J68: -12340 | K68: -3939 | L68: -12165 | M68: -14563 | N68: -13829 | O68: – przedsiębiorstwa | P68: – corporate | Q68: -46818 | R68: -37621 | S68: -42750 | T68: -33114 | U68: -29718 | V68: -33522 | W68: -25597 | X68: -19931 | Y68: -30404 | Z68: -28981 | AA68: -25697 | AB68: -25320
A69: - klientom indywidualnym | B69: retail customers | C69: -89499 | D69: -107803 | E69: -110207 | F69: -112414 | G69: -98547 | H69: -66094 | I69: -72330 | J69: -74938 | K69: -72621 | L69: -66483 | M69: -73530 | N69: -76420 | O69: – gospodarstwa domowe | P69: – households | Q69: -80962 | R69: -80081 | S69: -75753 | T69: -76552 | U69: -78381 | V69: -83819 | W69: -92018 | X69: -86616 | Y69: -88857 | Z69: -85549 | AA69: -82983 | AB69: -79194
A70: - podmiotom gospodarczym | B70: corporate customers | C70: -49222.426 | D70: -49195.456 | E70: -50950.821 | F70: -55409.296 | G70: -65429.879 | H70: -44590 | I70: -69002 | J70: -28541 | K70: -58977 | L70: -53321 | M70: -52523 | N70: -50917 | O70: – instytucje sektora budżetowego | P70: – budget entities | Q70: -4557 | R70: -5156 | S70: -4274 | T70: -4301 | U70: -4551 | V70: -3707 | W70: -3284 | X70: -2669 | Y70: -4367 | Z70: -3447 | AA70: -3941 | AB70: -3212
A71: - w tym rolnikom indywidualnym | B71: including retail farmers | C71: -855 | D71: -1066 | E71: -1129 | F71: -1248 | G71: -1253 | H71: -1295 | I71: -1342 | J71: -1356 | K71: -1517 | L71: -1648 | M71: -1675 | N71: -1678 | O71: – pozostałe podmioty | P71: – other entities | Q71: -15172 | R71: -17293 | S71: -16830 | T71: -19171 | U71: -20542 | V71: -19497 | W71: -20962 | X71: -19350 | Y71: -23246 | Z71: -19590 | AA71: -14030 | AB71: -10322
A72: - instytucjom sektora budżetowego | B72: public sector institutions | C72: -4882 | D72: -3420 | E72: -3877 | F72: -3234 | G72: -4859 | H72: -4538 | I72: -6245 | J72: -4358 | K72: -4917 | L72: -6277 | M72: -6021 | N72: -4419 | O72: Instrumenty zabezpieczające i zabezpieczane | P72: Hedging instruments and hedged items | Q72: -19015 | R72: -20516 | S72: -21756 | T72: -18509 | U72: -12207 | V72: 1 | W72: -1 | X72: 0 | Y72: 0 | Z72: 0 | AA72: 0 | AB72: 0
A73: Zobowiązania z tytułu leasingu | B73: Lease liabilities | C73: -2289 | D73: -2148 | E73: -2005 | F73: -2262
A74: Instrumenty pochodne w ramach rachunkowości zabezpieczeń wartości godziwej | B74: Derivative instruments as part of fair value hedge accounting | C74: -27939 | D74: -28613 | E74: -31653 | F74: -30558 | G74: -27792 | H74: -20266 | I74: -22422 | J74: -23112 | K74: -23078 | L74: -23577 | M74: -12857 | N74: -13865 | O74: Sprzedane papiery wartościowe z udzielonym przyrzeczeniem odkupu | P74: Repo transactions | Q74: 0 | R74: 117 | S74: -60 | T74: -57 | U74: -55 | V74: -57 | W74: -1470 | X74: -6111 | Y74: -11962 | Z74: -18699 | AA74: -12778 | AB74: -12556
A75: Sprzedane papiery wartościowe z udzielonym przyrzeczeniem odkupu | B75: Repo transactions | C75: -5269 | D75: -5595 | E75: -8985 | F75: -5731 | G75: -2529 | H75: -3658 | I75: -1606 | J75: -1663 | K75: -1117 | L75: 0 | M75: 0 | N75: 0
C77: -234804 | D77: -255064 | E77: -264812 | F77: -264644 | G77: -276589 | H77: -197537 | I77: -217734 | J77: -185118 | K77: -179170 | L77: -190034 | M77: -183732 | N77: -185538 | Q77: -191911 | R77: -191832 | S77: -187551 | T77: -187117 | U77: -176796 | V77: -159455 | W77: -161929 | X77: -148931 | Y77: -179087 | Z77: -180375 | AA77: -162091 | AB77: -155260
A79: Wynik z tytułu odsetek | B79: Net interest income | C79: 805312 | D79: 798308 | E79: 794697 | F79: 770442 | G79: 653772 | H79: 507589 | I79: 495578 | J79: 449912 | K79: 474671 | L79: 503783 | M79: 481475 | N79: 466815 | O79: Wynik z tytułu odsetek | P79: Net interest income | Q79: 463024 | R79: 467189 | S79: 460518 | T79: 435421 | U79: 426259 | V79: 405667 | W79: 337035 | X79: 253686 | Y79: 275397 | Z79: 296062 | AA79: 276245 | AB79: 270580
A81: * W 4 kwartale 2019 roku dokonano zmiany sposobu prezentacji kosztów z tytułu odsetek. Dla zachowania porównywalności zmiana ta została przeprowadzona dla wszystkich kwartałów 2019 roku oraz dla 4 kwartału 2018 roku
A82: * In 4Q 2019 the Bank changed the presentation of Interest expenses. In order to maintain comparability the change was applied to all quarters of 2019 and 4Q 2018.
A83: ** W 3 kwartale 2018 roku dokonano zmiany sposobu prezentacji wyników z tytułu odsetek. Dla zachowania porównywalności zmiana ta została przeprowadzona dla wszystkich kwartałów 2017 roku
A84: ** In 3Q 2018 the Bank changed the presentation of Net interest income. In order to maintain comparability the change was applied to all quarters of 2017.
A85: *** dane wg stanu na 31.12.2017 zweryfikowane zgodnie ze SF 2018
A86: *** data as at 31.12.2017 verified according to 2018 FS
A88: Odwrotna kolejność okresów
A90: tys. zł, narastająco od początku roku | B90: PLN thousand, year-to-date basis
A91: Wynik z tytułu odsetek | B91: Net interest income | C91: 31/03/2014 | D91: 30/06/2014 | E91: 30/09/2014 | F91: 31/12/2014 | G91: 31/03/2015 | H91: 30/06/2015 | I91: 30/09/2015 | J91: 31/12/2015 | K91: 31/03/2016 | L91: 30/06/2016 | M91: 30/09/2016 | N91: 31/12/2016 | O91: Wynik z tytułu odsetek | P91: Net interest income | Q91: 31/03/2017 | R91: 30/06/2017 | S91: 30/09/2017 | T91: 31/12/2017*** | U91: 31/03/2018 | V91: 43281 | W91: 30.09.2018** | X91: 43464 | Y91: 43555 | Z91: 43646 | AA91: 43738 | AB91: 43830
A92: Przychody z tytułu odsetek | B92: Interest income | O92: Przychody z tytułu odsetek | P92: Interest income
A93: Należności od banków | B93: Loans and advances to banks | C93: 6705 | D93: 14132 | E93: 22233 | F93: 28790 | G93: 5521 | H93: 11178 | I93: 17705 | J93: 24445 | K93: 6378 | L93: 12955 | M93: 20661 | N93: 28086 | O93: Należności od banków | P93: Amounts due from banks | Q93: 7106 | R93: 14452 | S93: 21776 | T93: 29356 | U93: 8998 | V93: 11384 | W93: 12051 | X93: 17323 | Y93: 6138 | Z93: 11756 | AA93: 18339 | AB93: 23326
A94: W rachunku bieżącym udzielone klientom | B94: Loans and advances to customers in current accounts | C94: 64420 | D94: 134124 | E94: 210496 | F94: 285181 | G94: 66758 | H94: 146669 | I94: 236837 | J94: 326144 | K94: 87660 | L94: 177228 | M94: 269281 | N94: 367980 | O94: Kredyty i pożyczki udzielone klientom wyceniane wg zamortyzowanego kosztu, w tym: | P94: Loans and advances to customers measured at amortised cost, including: | Q94: 556366 | R94: 1125438 | S94: 1704177 | T94: 2239898 | U94: 484616 | V94: 1049815 | W94: 1615207 | X94: 2347366 | Y94: 811213 | Z94: 1642728 | AA94: 2470355 | AB94: 3284550
A95: Kredyty i pożyczki udzielone klientom wyceniane wg zamortyzowanego kosztu, w tym: | B95: Loans and advances to customers measured in amortised cost, including: | C95: 280534 | D95: 572064 | E95: 889521 | F95: 1195057 | G95: 272080 | H95: 630483 | I95: 1047899 | J95: 1487688 | K95: 455148 | L95: 919338 | M95: 1392804 | N95: 1848346 | O95: - niebankowym podmiotom finansowym | P95: non-banking financial institutions | Q95: 1621 | R95: 3783 | S95: 5782 | T95: 8214 | U95: 2082 | V95: 4712 | W95: 13180 | X95: 18866 | Y95: 5968 | Z95: 12793 | AA95: 16365 | AB95: 19692
A96: – przedsiębiorstwa | B96: – corporate | C96: 77535 | D96: 155107 | E96: 246836 | F96: 333563 | G96: 72575 | H96: 171142 | I96: 285540 | J96: 401252 | K96: 109197 | L96: 218497 | M96: 331515 | N96: 434845 | O96: - klientom indywidualnym | P96: retail customers | Q96: 232362 | R96: 463322 | S96: 699932 | T96: 924898 | U96: 202241 | V96: 441426 | W96: 707103 | X96: 989605 | Y96: 356669 | Z96: 738095 | AA96: 1122459 | AB96: 1493807
A97: – gospodarstwa domowe | B97: – households | C97: 199683 | D97: 410414 | E97: 632989 | F97: 849232 | G97: 197529 | H97: 443760 | I97: 729619 | J97: 1034758 | K97: 326287 | L97: 660307 | M97: 998217 | N97: 1326685 | O97: - podmiotom gospodarczym | P97: corporate customers | Q97: 297565 | R97: 606724 | S97: 917532 | T97: 1194733 | U97: 266233 | V97: 540225 | W97: 807053 | X97: 1217331 | Y97: 413802 | Z97: 821022 | AA97: 1223650 | AB97: 1624670
A98: – instytucje sektora budżetowego | B98: – budget entities | C98: 2204 | D98: 4371 | E98: 6496 | F98: 8350 | G98: 1636 | H98: 3094 | I98: 4461 | J98: 5772 | K98: 1248 | L98: 2477 | M98: 3735 | N98: 5101 | O98: - w tym rolnikom indywidualnym | P98: including retail farmers | Q98: 118265 | R98: 239811 | S98: 365144 | T98: 493192 | U98: 101323 | V98: 209359 | W98: 320922 | X98: 429895 | Y98: 105972 | Z98: 215878 | AA98: 329848 | AB98: 440094
A99: – pozostałe podmioty | B99: – other entities | C99: 1112 | D99: 2172 | E99: 3200 | F99: 3912 | G99: 340 | H99: 12487 | I99: 28279 | J99: 45906 | K99: 18416 | L99: 38057 | M99: 59337 | N99: 81715 | O99: - instytucjom sektora budżetowego | P99: public sector institutions | Q99: 1322 | R99: 2634 | S99: 3930 | T99: 5139 | U99: 1156 | V99: 2281 | W99: 3435 | X99: 5099 | Y99: 1774 | Z99: 3511 | AA99: 5280 | AB99: 6958
A100: Kredyty i pożyczki udzielone klientom wyceniane wg wartości godziwej przez rachunek zysków i strat | B100: Loans and advances to customers measured at fair value through profit or loss | O100: - naleznosci leasingowe | P100: leasing receivables | Q100: 23496 | R100: 48975 | S100: 77001 | T100: 106913 | U100: 12904 | V100: 61171 | W100: 84436 | X100: 116465 | Y100: 33000 | Z100: 67307 | AA100: 102601 | AB100: 139423
A101: Instrumenty dłużne wyceniane wg zamortyzowanego kosztu | B101: Debt instruments measured at amortised cost | O101: Kredyty i pożyczki udzielone klientom wyceniane wg wartości godziwej przez rachunek zysków i strat | P101: Loans and advances to customers measured at fair value through profit or loss | U101: 21043 | V101: 40607 | W101: 59445 | X101: 77311 | Y101: 16932 | Z101: 33284 | AA101: 49085 | AB101: 63924
A102: Instrumenty pochodne w ramach rachunkowosci zabezpieczeń wartosci godziwej | B102: Derivative instruments as part of fair value hedge accounting | C102: 7810 | D102: 9024 | E102: 9024 | F102: 9024 | G102: 0 | H102: 396 | I102: 979 | J102: 15197 | K102: 14234 | L102: 39647 | M102: 59941 | N102: 78754 | O102: Instrumenty dłużne wyceniane wg zamortyzowanego kosztu | P102: Debt instruments measured at amortised cost | U102: 58063 | V102: 121450 | W102: 181977 | X102: 257703 | Y102: 97200 | Z102: 210043 | AA102: 324331 | AB102: 445823
A103: Zakupione papiery wartościowe z otrzymanym przyrzeczeniem odkupu | B103: Reverse repo transactions | C103: 11826 | D103: 23533 | E103: 42851 | F103: 55797 | G103: 6120 | H103: 7559 | I103: 7559 | J103: 7559 | K103: 0 | L103: 0 | M103: 0 | N103: 0 | O103: Instrumenty dłużne wyceniane w wartości godziwej przez rachunek zysków i strat | P103: Debt instruments measured at fair value through profit or loss | U103: 87 | V103: 243 | W103: 453 | X103: 1064 | Y103: 3 | Z103: 280 | AA103: 563 | AB103: 931
A104: Dłużne papiery wartościowe, w tym: | B104: Debt securities, in this: | C104: 54545 | D104: 111299 | E104: 166488 | F104: 221248 | G104: 52138 | H104: 105296 | I104: 155724 | J104: 208725 | K104: 59118 | L104: 121439 | M104: 186941 | N104: 261397 | O104: Instrumenty dłużne wyceniane w wartości godziwej przez pozostałe całkowite dochody | P104: Debt instruments measured at fair value through other comprehensive income | U104: 35165 | V104: 70592 | W104: 104517 | X104: 167805 | Y104: 64568 | Z104: 117024 | AA104: 168368 | AB104: 215945
A105: – przeznaczone do obrotu | B105: – held for trading | C105: 6398 | D105: 7826 | E105: 9679 | F105: 10716 | G105: 1271 | H105: 1956 | I105: 1956 | J105: 1956 | K105: 0 | L105: 0 | M105: 0 | N105: 0 | O105: Instrumenty pochodne w ramach rachunkowosci zabezpieczeń wartosci godziwej | P105: Derivative instruments as part of fair value hedge accounting | Q105: 13676 | R105: 27542 | S105: 54267 | T105: 80978 | U105: 27058 | V105: 54251 | W105: 79818 | X105: 115233 | Y105: 39013 | Z105: 79461 | AA105: 116902 | AB105: 153560
O106: Zakupione papiery wartościowe z udzielonym przyrzeczeniem odkupu | P106: Reverse repo | X106: 24 | Y106: 19 | Z106: 19 | AA106: 24 | AB106: 24
A107: – dostępne do sprzedaży | B107: – available for sale | C107: 48147 | D107: 103473 | E107: 156809 | F107: 210532 | G107: 50867 | H107: 103340 | I107: 153768 | J107: 206769 | K107: 59118 | L107: 121439 | M107: 186941 | N107: 261397 | O107: Dłużne papiery wartościowe dostępne do sprzedaży | P107: Debt securities available for sale | Q107: 75205 | R107: 150128 | S107: 231157 | T107: 314986
A108: Instrumenty dłużne wyceniane w wartości godziwej przez rachunek zysków i strat | B108: Debt instruments measured at fair value through profit or loss
A109: Instrumenty dłużne wyceniane w wartości godziwej przez pozostałe całkowite dochody | B109: Debt instruments measured at fair value through other comprehensive income
C110: 425840 | D110: 864176 | E110: 1340613 | F110: 1795097 | G110: 402617 | H110: 901581 | I110: 1466703 | J110: 2069758 | K110: 622538 | L110: 1270607 | M110: 1929628 | N110: 2584563 | Q110: 652353 | R110: 1317560 | S110: 2011377 | T110: 2665218 | U110: 635030 | V110: 1348342 | W110: 2053468 | X110: 2983829 | Y110: 1035086 | Z110: 2094595 | AA110: 3147967 | AB110: 4188083
A111: Koszty odsetek | B111: Interest expenses | O111: Koszty odsetek* | P111: Interest expense*
...

Sheet (3)
A1: Powrót do spisu treści | B1: Back to table of contents | O1: Powrót do spisu treści | P1: Back to table of contents
A3: tys. zł, narastająco od początku roku | B3: PLN thousand, year-to-date basis | O3: tys. zł, narastająco od początku roku | P3: PLN thousand, year-to-date basis
A4: Wynik z tytułu opłat i prowizji* | B4: Net fee and commission income* | C4: 43830 | D4: 43738 | E4: 43646 | F4: 43555 | G4: 43465 | H4: 43373 | I4: 43281 | J4: 31/03/2018 | K4: 31/12/2017 | L4: 30/09/2017 | M4: 30/06/2017 | N4: 31/03/2017 | O4: Wynik z tytułu opłat i prowizji | P4: Net fee and commission income | Q4: 31/12/2016 | R4: 30/09/2016 | S4: 30/06/2016 | T4: 31/03/2016 | U4: 31/12/2015 | V4: 30/09/2015 | W4: 30/06/2015 | X4: 31/03/2015 | Y4: 31/12/2014 | Z4: 30/09/2014 | AA4: 30/06/2014 | AB4: 31/03/2014
A5: Przychody z tytułu opłat i prowizji*: | B5: Fee and commission income* | O5: Przychody z tytułu opłat i prowizji: | P5: Fee and commission income
A6: – z tytułu działalności kredytowej i leasingu | B6: – loans and leasing | C6: 268045 | D6: 197191 | E6: 134293 | F6: 71167 | G6: 214180 | H6: 151689 | I6: 99167 | J6: 47237 | K6: 194083.03 | L6: 161845 | M6: 110726 | N6: 57815 | O6: – od kredytów i pożyczek | P6: – loans and advances | Q6: 196667 | R6: 144904 | S6: 99080 | T6: 48447 | U6: 155724 | V6: 111176 | W6: 68644 | X6: 26932 | Y6: 103939 | Z6: 76159.4 | AA6: 49737 | AB6: 24483
A7: – z tytułu obsługi rachunków | B7: – account maintenance | C7: 138333 | D7: 103378 | E7: 67596 | F7: 34123 | G7: 107258 | H7: 76089 | I7: 49201 | J7: 25033 | K7: 106097 | L7: 74934 | M7: 50314 | N7: 24125 | O7: – od obsługi rachunków i operacji rozliczeniowych | P7: – account maintenance and settlements | Q7: 180851 | R7: 139998 | S7: 93960 | T7: 47410 | U7: 159192 | V7: 114012 | W7: 68674 | X7: 29366 | Y7: 122710 | Z7: 91740.4 | AA7: 60273 | AB7: 28063
A8: – z tytułu obsługi gotówkowej | B8: – cash handling | C8: 39742 | D8: 30074 | E8: 19716 | F8: 10171 | G8: 22440 | H8: 13371 | I8: 8833 | J8: 4191 | K8: 19475 | L8: 14163 | M8: 8974 | N8: 4072 | O8: – od zobowiązań gwarancyjnych | P8: – guarantee commitments | Q8: 27957 | R8: 20842 | S8: 13346 | T8: 6789 | U8: 21876 | V8: 14715 | W8: 7260 | X8: 2014 | Y8: 7914 | Z8: 5771 | AA8: 3952 | AB8: 2014
A9: – za przelewy i usługi bankowości elektronicznej | B9: – payments and electronic banking | C9: 101877 | D9: 77736 | E9: 52959 | F9: 26631 | G9: 59568 | H9: 36694 | I9: 24097 | J9: 11892 | K9: 49384 | L9: 37629 | M9: 25016 | N9: 12479 | O9: – od operacji brokerskich | P9: – brokerage operations | Q9: 17413 | R9: 15557 | S9: 11663 | T9: 5631 | U9: 25001 | V9: 18482 | W9: 11800 | X9: 5352 | Y9: 23383 | Z9: 17836 | AA9: 9508 | AB9: 5000
A10: – z tytułu gwarancji i operacji dokumentowych | B10: – guarantees and letters of credits | C10: 57625 | D10: 43745 | E10: 29302 | F10: 14622 | G10: 38512 | H10: 24992 | I10: 16251 | J10: 8090 | K10: 29430 | L10: 20762 | M10: 13600 | N10: 6674 | O10: – od kart płatniczych | P10: – payment cards | Q10: 78861 | R10: 59569 | S10: 38033 | T10: 19411 | U10: 70836 | V10: 49350 | W10: 30426 | X10: 13535 | Y10: 79993 | Z10: 61699.6 | AA10: 43619 | AB10: 20676
A11: – za zarządzanie aktywami i operacje brokerskie | B11: – asset management and brokerage | C11: 117935 | D11: 84439 | E11: 57500 | F11: 25975 | G11: 91249 | H11: 65000 | I11: 44635 | J11: 17909 | K11: 49330 | L11: 34922 | M11: 21874 | N11: 9292 | O11: – od sprzedaży produktów ubezpieczeniowych | P11: – insurance activity | Q11: 52452 | R11: 35282 | S11: 18197 | T11: 12463 | U11: 27946 | V11: 18515 | W11: 11430 | X11: 3887 | Y11: 11600 | Z11: 10581.6 | AA11: 7018 | AB11: 2952
A12: – z tytułu obsługi kart płatniczych i kredytowych | B12: – payment and credit cards | C12: 216707 | D12: 163140 | E12: 101511 | F12: 48374 | G12: 118879 | H12: 79246 | I12: 50143 | J12: 22400 | K12: 90449 | L12: 66493 | M12: 44655 | N12: 19053 | O12: – z tytułu zarządzania aktywami | P12: – asset management | Q12: 9092 | R12: 5412 | S12: 2115 | T12: 902 | U12: 4367 | V12: 2489 | W12: 1612 | X12: 0 | Y12: 0 | Z12: 0 | AA12: 0 | AB12: 0
A13: – z tytułu sprzedaży produktów ubezpieczeniowych | B13: – insurance activities | C13: 60249 | D13: 38944 | E13: 26776 | F13: 12823 | G13: 47015 | H13: 33495 | I13: 19172 | J13: 8718 | K13: 42317 | L13: 32098 | M13: 21794 | N13: 10281 | O13: – pozostałe | P13: – other | Q13: 44719 | R13: 32222 | S13: 17279 | T13: 5500 | U13: 28903 | V13: 19450 | W13: 10031 | X13: 1181 | Y13: 7704 | Z13: 5569 | AA13: 2481 | AB13: 1105
A14: – pośrednictwo w sprzedaży produktów i pozyskiwanie klientów | B14: – sale of products and customer's acquisition | C14: 28302 | D14: 18305 | E14: 11135 | F14: 3896 | G14: 13431 | H14: 6853 | I14: 4315 | J14: 1621 | K14: 5748 | L14: 3578 | M14: 1542 | N14: 565
A15: – pozostałe prowizje | B15: – other | C15: 13885 | D15: 10997 | E15: 7619 | F15: 4071 | G15: 12182 | H15: 7970 | I15: 5836 | J15: 2820 | K15: 15167.966 | L15: 12011 | M15: 9496 | N15: 4149
C16: 1042700 | D16: 767949 | E16: 508407 | F16: 251853 | G16: 724714 | H16: 495399 | I16: 321650 | J16: 149911 | K16: 601481 | L16: 458435 | M16: 307991 | N16: 148505 | Q16: 608012 | R16: 453786 | S16: 293673 | T16: 146553 | U16: =SUM(U6:U13) -> 493845 | V16: =SUM(V6:V13) -> 348189 | W16: =SUM(W6:W13) -> 209877 | X16: =SUM(X6:X13) -> 82267 | Y16: =SUM(Y6:Y13) -> 357243 | Z16: =SUM(Z6:Z13) -> 269357 | AA16: =SUM(AA6:AA13) -> 176588 | AB16: =SUM(AB6:AB13) -> 84293
A18: Koszty z tytułu opłat i prowizji*: | B18: Fee and commission expense* | O18: Koszty z tytułu opłat i prowizji: | P18: Fee and commission expense
A19: – z tytułu działalności kredytowej i leasingu | B19: – loans and leasing | C19: -2768 | D19: -2223 | E19: -1509 | F19: -671 | G19: -2803 | H19: -1970 | I19: -1581 | J19: -879 | K19: -4501 | L19: -8125 | M19: -5310 | N19: -456 | O19: – od otrzymanych kredytów i pożyczek | P19: – loans and advances | Q19: -6940 | R19: -4717 | S19: -1530 | T19: -691 | U19: -7381 | V19: -3996 | W19: -2746 | X19: -1015 | Y19: -4383 | Z19: -2749.6 | AA19: -758 | AB19: -339
A20: – z tytułu obsługi rachunków | B20: – account maintenance | C20: -5598 | D20: -3800 | E20: -2518 | F20: -1330 | G20: -3951 | H20: -2717 | I20: -1722 | J20: -913 | K20: -3514 | L20: -1949 | M20: -1109 | N20: -371 | O20: – od kart płatniczych | P20: – payment cards | Q20: -65415.937 | R20: -46290.286 | S20: -27849.261 | T20: -16353.206 | U20: -46391 | V20: -32003 | W20: -19332 | X20: -7812 | Y20: -33944 | Z20: -25614 | AA20: -17344 | AB20: -8935
A21: – z tytułu obsługi gotówkowej | B21: – cash handling | C21: -15582 | D21: -9450 | E21: -5797 | F21: -2451 | G21: -6343 | H21: -2738 | I21: -1727 | J21: -791 | K21: -3525 | L21: -2727 | M21: -1752 | N21: -814 | O21: – od sprzedaży produktów ubezpieczeniowych | P21: – insurance activity | Q21: -7751 | R21: -5501 | S21: -3284 | T21: -1491 | U21: -1593 | V21: -1071 | W21: -443 | X21: -101 | Y21: -269 | Z21: -196 | AA21: -128 | AB21: -70
A22: – za przelewy i usługi bankowości elektronicznej | B22: – payments and electronic banking | C22: -4565 | D22: -3791 | E22: -2527 | F22: -1466 | G22: -1959 | H22: -882 | I22: -617 | J22: -219 | K22: -1266 | L22: -1419 | M22: -988 | N22: -487 | O22: – związane z siecią placówek partnerskich | P22: – related to partners’ network | Q22: -11195 | R22: -7232 | S22: -7538 | T22: -2658 | U22: -5353 | V22: -3000 | W22: -962 | X22: 0 | Y22: 0 | Z22: 0 | AA22: 0 | AB22: 0
A23: – za zarządzanie aktywami i operacje brokerskie | B23: – asset management and brokerage | C23: -19296 | D23: -10731 | E23: -8124 | F23: -1047 | G23: -20109 | H23: -14363 | I23: -7740 | J23: -611 | K23: -2331 | L23: -3011 | M23: -2590 | N23: -1355 | O23: – pozostałe | P23: – other | Q23: -23490.063 | R23: -14465.714 | S23: -8544.7388 | T23: -2322.7939 | U23: -10425 | V23: -6533 | W23: -3785 | X23: -1477 | Y23: -8148 | Z23: -6640.4 | AA23: -4569 | AB23: -2397
A24: – z tytułu obsługi kart płatniczych i kredytowych** | B24: – payment and credit cards** | C24: -115656 | D24: -81189 | E24: -52733 | F24: -25230 | G24: -74432 | H24: -55791 | I24: -39430 | J24: -18472 | K24: -75640 | L24: -54161 | M24: -35397 | N24: -15349
A25: – z tytułusprzedaży produktów ubezpieczeniowych | B25: – insurance activities | C25: -14972 | D25: -11564 | E25: -7165 | F25: -3525 | G25: -11592 | H25: -8452 | I25: -3672 | J25: -2031 | K25: -9764 | L25: -7178 | M25: -4723 | N25: -2368
A26: – pośrednictwo w sprzedaży produktów i pozyskiwanie klientów | B26: – sale of products and customer's acquisition | C26: -29044 | D26: -22117 | E26: -15460 | F26: -7623 | G26: -24075 | H26: -15035 | I26: -8465 | J26: -2786 | K26: -8075 | L26: -7044 | M26: -3005 | N26: -1166
A27: – pozostałe prowizje** | B27: – other** | C27: -15282 | D27: -10474 | E27: -5487 | F27: -2627 | G27: -12060 | H27: -8779 | I27: -4039 | J27: -2535 | K27: -6886 | L27: -1257 | M27: -1078 | N27: 1686
C28: -222763 | D28: -155339 | E28: -101320 | F28: -45970 | G28: -157324 | H28: -110727 | I28: -68993 | J28: -29237 | K28: -115502 | L28: -86871 | M28: -55952 | N28: -20680 | Q28: -114792 | R28: -78206 | S28: -48746 | T28: -23516 | U28: =U19+U21+U20+U22+U23 -> -71143 | V28: =V19+V21+V20+V22+V23 -> -46603 | W28: =W19+W21+W20+W22+W23 -> -27268 | X28: =X19+X21+X20+X22+X23 -> -10405 | Y28: =Y19+Y21+Y20+Y22+Y23 -> -46744 | Z28: =Z19+Z21+Z20+Z22+Z23 -> -35200 | AA28: =AA19+AA21+AA20+AA22+AA23 -> -22799 | AB28: =AB19+AB21+AB20+AB22+AB23 -> -11741
A29: Wynik z tytułu opłat i prowizji* | B29: Net fee and commission income* | C29: 819937 | D29: 612610 | E29: 407087 | F29: 205883 | G29: 567390 | H29: 384672 | I29: 252657 | J29: 120674 | K29: 485979 | L29: 371564 | M29: 252039 | N29: 127825 | O29: Wynik z tytułu opłat i prowizji | P29: Net fee and commission income | Q29: 493220 | R29: 375580 | S29: 244927 | T29: 123037 | U29: =U16+U28 -> 422702 | V29: =V16+V28 -> 301586 | W29: =W16+W28 -> 182609 | X29: =X16+X28 -> 71862 | Y29: =Y16+Y28 -> 310499 | Z29: =Z16+Z28 -> 234157 | AA29: =AA16+AA28 -> 153789 | AB29: =AB16+AB28 -> 72552
A33: tys. zł, kwartalnie | B33: PLN thousand, quarterly basis | O33: tys. zł, kwartalnie | P33: PLN thousand, quarterly basis
A34: Wynik z tytułu opłat i prowizji* | B34: Net fee and commission income* | C34: IVQ 2019 | D34: IIIQ 2019 | E34: IIQ 2019 | F34: IQ 2019 | G34: IVQ 2018 | H34: IIIQ 2018 | I34: IIQ 2018 | J34: IQ 2018 | K34: IVQ 2017 | L34: IIIQ 2017 | M34: IIQ 2017 | N34: IQ 2017 | O34: Wynik z tytułu opłat i prowizji | P34: Net fee and commission income | Q34: IVQ 2016 | R34: IIIQ 2016 | S34: IIQ 2016 | T34: IQ 2016 | U34: IVQ 2015 | V34: IIIQ 2015 | W34: IIQ 2015 | X34: IQ 2015 | Y34: IVQ 2014 | Z34: IIIQ 2014 | AA34: IIQ 2014 | AB34: IQ 2014
A35: Przychody z tytułu opłat i prowizji*: | B35: Fee and commission income* | O35: Przychody z tytułu opłat i prowizji: | P35: Fee and commission income
A36: – z tytułu działalności kredytowej i leasingu | B36: – loans and leasing | C36: 70854 | D36: 62898 | E36: 63126 | F36: 71167 | G36: 62491 | H36: 52522 | I36: 51930 | J36: 47237 | K36: 32238.034 | L36: 51119 | M36: 52911 | N36: 57815 | O36: – od kredytów i pożyczek | P36: – loans and advances | Q36: 51763 | R36: 45824 | S36: 50633 | T36: 48447 | U36: 44548 | V36: 42532 | W36: 41712 | X36: 26932 | Y36: 27779.6 | Z36: 26422.4 | AA36: 25254 | AB36: 24483
A37: – z tytułu obsługi rachunków | B37: – account maintenance | C37: 34955 | D37: 35782 | E37: 33473 | F37: 34123 | G37: 31169 | H37: 26888 | I37: 24168 | J37: 25033 | K37: 31163 | L37: 24620 | M37: 26189 | N37: 24125 | O37: – od obsługi rachunków i operacji rozliczeniowych | P37: – account maintenance and settlements | Q37: 40853 | R37: 46038 | S37: 46550 | T37: 47410 | U37: 45180 | V37: 45338 | W37: 39308 | X37: 29366 | Y37: 30969.6 | Z37: 31467.4 | AA37: 32210 | AB37: 28063
A38: – z tytułu obsługi gotówkowej | B38: – cash handling | C38: 9668 | D38: 10358 | E38: 9545 | F38: 10171 | G38: 9069 | H38: 4538 | I38: 4642 | J38: 4191 | K38: 5312 | L38: 5189 | M38: 4902 | N38: 4072 | O38: – od zobowiązań gwarancyjnych | P38: – guarantee commitments | Q38: 7115 | R38: 7496 | S38: 6557 | T38: 6789 | U38: 7161 | V38: 7455 | W38: 5246 | X38: 2014 | Y38: 2143 | Z38: 1819 | AA38: 1938 | AB38: 2014
A39: – za przelewy i usługi bankowości elektronicznej | B39: – payments and electronic banking | C39: 24141 | D39: 24777 | E39: 26328 | F39: 26631 | G39: 22874 | H39: 12597 | I39: 12205 | J39: 11892 | K39: 11755 | L39: 12613 | M39: 12537 | N39: 12479 | O39: – od operacji brokerskich | P39: – brokerage operations | Q39: 1856 | R39: 3894 | S39: 6032 | T39: 5631 | U39: 6519 | V39: 6682 | W39: 6448 | X39: 5352 | Y39: 5547 | Z39: 8328 | AA39: 4508 | AB39: 5000
A40: – z tytułu gwarancji i operacji dokumentowych | B40: – guarantees and letters of credits | C40: 13880 | D40: 14443 | E40: 14680 | F40: 14622 | G40: 13520 | H40: 8741 | I40: 8161 | J40: 8090 | K40: 8668 | L40: 7162 | M40: 6926 | N40: 6674 | O40: – od kart płatniczych | P40: – payment cards | Q40: 19292 | R40: 21536 | S40: 18622 | T40: 19411 | U40: 21486 | V40: 18924 | W40: 16891 | X40: 13535 | Y40: 18293.4 | Z40: 18080.6 | AA40: 22943 | AB40: 20676
A41: – za zarządzanie aktywami i operacje brokerskie | B41: – asset management and brokerage | C41: 33496 | D41: 26939 | E41: 31525 | F41: 25975 | G41: 26249 | H41: 20365 | I41: 26726 | J41: 17909 | K41: 14408 | L41: 13048 | M41: 12582 | N41: 9292 | O41: – od sprzedaży produktów ubezpieczeniowych | P41: – insurance activity | Q41: 17170 | R41: 17085 | S41: 5734 | T41: 12463 | U41: 9431 | V41: 7085 | W41: 7543 | X41: 3887 | Y41: 1018.4 | Z41: 3563.6 | AA41: 4066 | AB41: 2952
A42: – z tytułu obsługi kart płatniczych i kredytowych | B42: – payment and credit cards | C42: 53567 | D42: 61629 | E42: 53137 | F42: 48374 | G42: 39633 | H42: 29103 | I42: 27743 | J42: 22400 | K42: 23956 | L42: 21838 | M42: 25602 | N42: 19053 | O42: – z tytułu zarządzania aktywami | P42: – asset management | Q42: 3680 | R42: 3297 | S42: 1213 | T42: 902 | U42: 1878 | V42: 877 | W42: 1612 | X42: 0 | Y42: 0 | Z42: 0 | AA42: 0 | AB42: 0
A43: – z tytułu sprzedaży produktów ubezpieczeniowych | B43: – insurance activities | C43: 21305 | D43: 12168 | E43: 13953 | F43: 12823 | G43: 13520 | H43: 14323 | I43: 10454 | J43: 8718 | K43: 10219 | L43: 10304 | M43: 11513 | N43: 10281 | O43: – pozostałe | P43: – other | Q43: 12497 | R43: 14943 | S43: 11779 | T43: 5500 | U43: 9453 | V43: 9419 | W43: 8850 | X43: 1181 | Y43: 2135 | Z43: 3088 | AA43: 1376 | AB43: 1105
A44: – pośrednictwo w sprzedaży produktów i pozyskiwanie klientów | B44: – sale of products and customer's acquisition | C44: 9997 | D44: 7170 | E44: 7239 | F44: 3896 | G44: 6578 | H44: 2538 | I44: 2694 | J44: 1621 | K44: 2170 | L44: 2036 | M44: 977 | N44: 565
A45: – pozostałe prowizje | B45: – other | C45: 2888 | D45: 3378 | E45: 3548 | F45: 4071 | G45: 4212 | H45: 2134 | I45: 3016 | J45: 2820 | K45: 3156.9662 | L45: 2515 | M45: 5347 | N45: 4149
C46: 274751 | D46: 259542 | E46: 256554 | F46: 251853 | G46: 229315 | H46: 173749 | I46: 171739 | J46: 149911 | K46: 143046 | L46: 150444 | M46: 159486 | N46: 148505 | Q46: 154226 | R46: 160113 | S46: 147120 | T46: 146553 | U46: =SUM(U36:U43) -> 145656 | V46: =SUM(V36:V43) -> 138312 | W46: =SUM(W36:W43) -> 127610 | X46: =SUM(X36:X43) -> 82267 | Y46: =SUM(Y36:Y43) -> 87886 | Z46: =SUM(Z36:Z43) -> 92769 | AA46: =SUM(AA36:AA43) -> 92295 | AB46: =SUM(AB36:AB43) -> 84293
A48: Koszty z tytułu opłat i prowizji*: | B48: Fee and commission expense* | O48: Koszty z tytułu opłat i prowizji: | P48: Fee and commission expense
A49: – z tytułu działalności kredytowej i leasingu | B49: – loans and leasing | C49: -545 | D49: -714 | E49: -838 | F49: -671 | G49: -833 | H49: -389 | I49: -702 | J49: -879 | K49: 3624 | L49: -2815 | M49: -4854 | N49: -456 | O49: – od otrzymanych kredytów i pożyczek | P49: – loans and advances | Q49: -2223 | R49: -3187 | S49: -839 | T49: -691 | U49: -3385 | V49: -1250 | W49: -1731 | X49: -1015 | Y49: -1633.4 | Z49: -1991.6 | AA49: -419 | AB49: -339
A50: – z tytułu obsługi rachunków | B50: – account maintenance | C50: -1798 | D50: -1282 | E50: -1188 | F50: -1330 | G50: -1234 | H50: -995 | I50: -809 | J50: -913 | K50: -1565 | L50: -840 | M50: -738 | N50: -371 | O50: – od kart płatniczych | P50: – payment cards | Q50: -19125.651 | R50: -18441.025 | S50: -11496.055 | T50: -16353.206 | U50: -14388 | V50: -12671 | W50: -11520 | X50: -7812 | Y50: -8330 | Z50: -8270 | AA50: -8409 | AB50: -8935
A51: – z tytułu obsługi gotówkowej | B51: – cash handling | C51: -6132 | D51: -3653 | E51: -3346 | F51: -2451 | G51: -3605 | H51: -1011 | I51: -936 | J51: -791 | K51: -798 | L51: -975 | M51: -938 | N51: -814 | O51: – od sprzedaży produktów ubezpieczeniowych | P51: – insurance activity | Q51: -2250 | R51: -2217 | S51: -1793 | T51: -1491 | U51: -522 | V51: -628 | W51: -342 | X51: -101 | Y51: -73 | Z51: -68 | AA51: -58 | AB51: -70
A52: – za przelewy i usługi bankowości elektronicznej | B52: – payments and electronic banking | C52: -774 | D52: -1264 | E52: -1061 | F52: -1466 | G52: -1077 | H52: -265 | I52: -398 | J52: -219 | K52: 153 | L52: -431 | M52: -501 | N52: -487 | O52: – związane z siecią placówek partnerskich | P52: – related to partners’ network | Q52: -3963 | R52: 306 | S52: -4880 | T52: -2658 | U52: -2353 | V52: -2038 | W52: -962 | X52: 0 | Y52: 0 | Z52: 0 | AA52: 0 | AB52: 0
A53: – za zarządzanie aktywami i operacje brokerskie | B53: – asset management and brokerage | C53: -8565 | D53: -2607 | E53: -7077 | F53: -1047 | G53: -5746 | H53: -6623 | I53: -7129 | J53: -611 | K53: 680 | L53: -421 | M53: -1235 | N53: -1355 | O53: – pozostałe | P53: – other | Q53: -9024.3489 | R53: -5920.975 | S53: -6221.9449 | T53: -2322.7939 | U53: -3892 | V53: -2748 | W53: -2308 | X53: -1477 | Y53: -1507.6 | Z53: -2071.4 | AA53: -2172 | AB53: -2397
A54: – z tytułu obsługi kart płatniczych i kredytowych** | B54: – payment and credit cards** | C54: -34467 | D54: -28456 | E54: -27503 | F54: -25230 | G54: -18641 | H54: -16361 | I54: -20958 | J54: -18472 | K54: -21479 | L54: -18764 | M54: -20048 | N54: -15349
A55: – z tytułusprzedaży produktów ubezpieczeniowych | B55: – insurance activities | C55: -3408 | D55: -4399 | E55: -3640 | F55: -3525 | G55: -3140 | H55: -4780 | I55: -1641 | J55: -2031 | K55: -2586 | L55: -2455 | M55: -2355 | N55: -2368
A56: – pośrednictwo w sprzedaży produktów i pozyskiwanie klientów | B56: – sale of products and customer's acquisition | C56: -6927 | D56: -6657 | E56: -7837 | F56: -7623 | G56: -9040 | H56: -6570 | I56: -5679 | J56: -2786 | K56: -1031 | L56: -4039 | M56: -1839 | N56: -1166
A57: – pozostałe prowizje** | B57: – other** | C57: -4808 | D57: -4987 | E57: -2860 | F57: -2627 | G57: -3281 | H57: -4740 | I57: -1504 | J57: -2535 | K57: -5629 | L57: -179 | M57: -2764 | N57: 1686
C58: -67424 | D58: -54019 | E58: -55350 | F58: -45970 | G58: -46597 | H58: -41734 | I58: -39756 | J58: -29237 | K58: -28631 | L58: -30919 | M58: -35272 | N58: -20680 | Q58: -36586 | R58: -29460 | S58: -25230 | T58: -23516 | U58: =SUM(U49:U53) -> -24540 | V58: =SUM(V49:V53) -> -19335 | W58: =SUM(W49:W53) -> -16863 | X58: =SUM(X49:X53) -> -10405 | Y58: =SUM(Y49:Y53) -> -11544 | Z58: =SUM(Z49:Z53) -> -12401 | AA58: =SUM(AA49:AA53) -> -11058 | AB58: =SUM(AB49:AB53) -> -11741
A59: Wynik z tytułu opłat i prowizji* | B59: Net fee and commission income* | C59: 207327 | D59: 205523 | E59: 201204 | F59: 205883 | G59: 182718 | H59: 132015 | I59: 131983 | J59: 120674 | K59: 114415 | L59: 119525 | M59: 124214 | N59: 127825 | O59: Wynik z tytułu opłat i prowizji | P59: Net fee and commission income | Q59: 117640 | R59: 130653 | S59: 121890 | T59: 123037 | U59: =U46+U58 -> 121116 | V59: =V46+V58 -> 118977 | W59: =W46+W58 -> 110747 | X59: =X46+X58 -> 71862 | Y59: =Y46+Y58 -> 76342 | Z59: =Z46+Z58 -> 80368 | AA59: =AA46+AA58 -> 81237 | AB59: =AB46+AB58 -> 72552
A61: * W 2 kwartale 2018 roku dokonano zmiany sposobu prezentacji wyników z tytułu prowizji. Dla zachowania porównywalności zmiana ta została przeprowadzona dla wszystkich kwartałów 2017 roku
A62: * In 2Q 2018 the Bank changed the presentation of NF&C income. In order to maintain comparability the change was applied to all quarters of 2017.
A63: * * W 2 kwartale 2019 roku dokonano przesunięcia pomiędzy kosztami prowizji od kart, a kosztami pozostałych prowizji. Dla zachowania porównywalności zmiana ta została przeprowadzona dla wszystkich kwartałów 2018 roku
A64: ** In 2Q 2019 the the presentation of NF&C costs was changed (shift between payment&credit cards costs and other costs). In order to maintain comparability the change was applied to all quarters of 2018.
A73: Odwrotna kolejność okresów
A75: tys. zł, narastająco od początku roku | B75: PLN thousand, year-to-date basis | O75: tys. zł, narastająco od początku roku | P75: PLN thousand, year-to-date basis
A76: Wynik z tytułu opłat i prowizji | B76: Net fee and commission income | C76: 31/03/2014 | D76: 30/06/2014 | E76: 30/09/2014 | F76: 31/12/2014 | G76: 31/03/2015 | H76: 30/06/2015 | I76: 30/09/2015 | J76: 31/12/2015 | K76: 31/03/2016 | L76: 30/06/2016 | M76: 30/09/2016 | N76: 31/12/2016 | O76: Wynik z tytułu opłat i prowizji* | P76: Net fee and commission income* | Q76: 31/03/2017 | R76: 30/06/2017 | S76: 30/09/2017 | T76: 31/12/2017 | U76: 31/03/2018 | V76: 43281 | W76: 43373 | X76: 43464 | Y76: 43555 | Z76: 43646 | AA76: 43738 | AB76: 43830
A77: Przychody z tytułu opłat i prowizji: | B77: Fee and commission income | O77: Przychody z tytułu opłat i prowizji*: | P77: Fee and commission income*
A78: – od kredytów i pożyczek | B78: – loans and advances | C78: 24483 | D78: 49737 | E78: 76159.4 | F78: 103939 | G78: 26932 | H78: 68644 | I78: 111176 | J78: 155724 | K78: 48447 | L78: 99080 | M78: 144904 | N78: 196667 | O78: – z tytułu działalności kredytowej i leasingu | P78: – loans and leasing | Q78: 57815 | R78: 110726 | S78: 161845 | T78: 194083.03 | U78: 47237 | V78: 99167 | W78: 151689 | X78: 214180 | Y78: 71167 | Z78: 134293 | AA78: 197191 | AB78: 268045
A79: – od obsługi rachunków i operacji rozliczeniowych | B79: – account maintenance and settlements | C79: 28063 | D79: 60273 | E79: 91740.4 | F79: 122710 | G79: 29366 | H79: 68674 | I79: 114012 | J79: 159192 | K79: 47410 | L79: 93960 | M79: 139998 | N79: 180851 | O79: – z tytułu obsługi rachunków | P79: – account maintenance | Q79: 24125 | R79: 50314 | S79: 74934 | T79: 106097 | U79: 25033 | V79: 49201 | W79: 76089 | X79: 107258 | Y79: 34123 | Z79: 67596 | AA79: 103378 | AB79: 138333
A80: – od zobowiązań gwarancyjnych | B80: – guarantee commitments | C80: 2014 | D80: 3952 | E80: 5771 | F80: 7914 | G80: 2014 | H80: 7260 | I80: 14715 | J80: 21876 | K80: 6789 | L80: 13346 | M80: 20842 | N80: 27957 | O80: – z tytułu obsługi gotówkowej | P80: – cash handling | Q80: 4072 | R80: 8974 | S80: 14163 | T80: 19475 | U80: 4191 | V80: 8833 | W80: 13371 | X80: 22440 | Y80: 10171 | Z80: 19716 | AA80: 30074 | AB80: 39742
A81: – od operacji brokerskich | B81: – brokerage operations | C81: 5000 | D81: 9508 | E81: 17836 | F81: 23383 | G81: 5352 | H81: 11800 | I81: 18482 | J81: 25001 | K81: 5631 | L81: 11663 | M81: 15557 | N81: 17413 | O81: – za przelewy i usługi bankowości elektronicznej | P81: – payments and electronic banking | Q81: 12479 | R81: 25016 | S81: 37629 | T81: 49384 | U81: 11892 | V81: 24097 | W81: 36694 | X81: 59568 | Y81: 26631 | Z81: 52959 | AA81: 77736 | AB81: 101877
A82: – od kart płatniczych | B82: – payment cards | C82: 20676 | D82: 43619 | E82: 61699.6 | F82: 79993 | G82: 13535 | H82: 30426 | I82: 49350 | J82: 70836 | K82: 19411 | L82: 38033 | M82: 59569 | N82: 78861 | O82: – z tytułu gwarancji i operacji dokumentowych | P82: – guarantees and letters of credits | Q82: 6674 | R82: 13600 | S82: 20762 | T82: 29430 | U82: 8090 | V82: 16251 | W82: 24992 | X82: 38512 | Y82: 14622 | Z82: 29302 | AA82: 43745 | AB82: 57625
A83: – od sprzedaży produktów ubezpieczeniowych | B83: – insurance activity | C83: 2952 | D83: 7018 | E83: 10581.6 | F83: 11600 | G83: 3887 | H83: 11430 | I83: 18515 | J83: 27946 | K83: 12463 | L83: 18197 | M83: 35282 | N83: 52452 | O83: – za zarządzanie aktywami i operacje brokerskie | P83: – asset management and brokerage | Q83: 9292 | R83: 21874 | S83: 34922 | T83: 49330 | U83: 17909 | V83: 44635 | W83: 65000 | X83: 91249 | Y83: 25975 | Z83: 57500 | AA83: 84439 | AB83: 117935
A84: – z tytułu zarządzania aktywami | B84: – asset management | C84: 0 | D84: 0 | E84: 0 | F84: 0 | G84: 0 | H84: 1612 | I84: 2489 | J84: 4367 | K84: 902 | L84: 2115 | M84: 5412 | N84: 9092 | O84: – z tytułu obsługi kart płatniczych i kredytowych | P84: – payment and credit cards | Q84: 19053 | R84: 44655 | S84: 66493 | T84: 90449 | U84: 22400 | V84: 50143 | W84: 79246 | X84: 118879 | Y84: 48374 | Z84: 101511 | AA84: 163140 | AB84: 216707
A85: – pozostałe | B85: – other | C85: 1105 | D85: 2481 | E85: 5569 | F85: 7704 | G85: 1181 | H85: 10031 | I85: 19450 | J85: 28903 | K85: 5500 | L85: 17279 | M85: 32222 | N85: 44719 | O85: – z tytułu sprzedaży produktów ubezpieczeniowych | P85: – insurance activities | Q85: 10281 | R85: 21794 | S85: 32098 | T85: 42317 | U85: 8718 | V85: 19172 | W85: 33495 | X85: 47015 | Y85: 12823 | Z85: 26776 | AA85: 38944 | AB85: 60249
O86: – pośrednictwo w sprzedaży produktów i pozyskiwanie klientów | P86: – sale of products and customer's acquisition | Q86: 565 | R86: 1542 | S86: 3578 | T86: 5748 | U86: 1621 | V86: 4315 | W86: 6853 | X86: 13431 | Y86: 3896 | Z86: 11135 | AA86: 18305 | AB86: 28302
O87: – pozostałe prowizje | P87: – other | Q87: 4149 | R87: 9496 | S87: 12011 | T87: 15167.966 | U87: 2820 | V87: 5836 | W87: 7970 | X87: 12182 | Y87: 4071 | Z87: 7619 | AA87: 10997 | AB87: 13885
C88: 84293 | D88: 176588 | E88: 269357 | F88: 357243 | G88: 82267 | H88: 209877 | I88: 348189 | J88: 493845 | K88: 146553 | L88: 293673 | M88: 453786 | N88: 608012 | Q88: 148505 | R88: 307991 | S88: 458435 | T88: 601481 | U88: 149911 | V88: 321650 | W88: 495399 | X88: 724714 | Y88: 251853 | Z88: 508407 | AA88: 767949 | AB88: 1042700
A90: Koszty z tytułu opłat i prowizji: | B90: Fee and commission expense | O90: Koszty z tytułu opłat i prowizji*: | P90: Fee and commission expense*
A91: – od otrzymanych kredytów i pożyczek | B91: – loans and advances | C91: -339 | D91: -758 | E91: -2749.6 | F91: -4383 | G91: -1015 | H91: -2746 | I91: -3996 | J91: -7381 | K91: -691 | L91: -1530 | M91: -4717 | N91: -6940 | O91: – z tytułu działalności kredytowej i leasingu | P91: – loans and leasing | Q91: -456 | R91: -5310 | S91: -8125 | T91: -4501 | U91: -879 | V91: -1581 | W91: -1970 | X91: -2803 | Y91: -671 | Z91: -1509 | AA91: -2223 | AB91: -2768
A92: – od kart płatniczych | B92: – payment cards | C92: -8935 | D92: -17344 | E92: -25614 | F92: -33944 | G92: -7812 | H92: -19332 | I92: -32003 | J92: -46391 | K92: -16353.206 | L92: -27849.261 | M92: -46290.286 | N92: -65415.937 | O92: – z tytułu obsługi rachunków | P92: – account maintenance | Q92: -371 | R92: -1109 | S92: -1949 | T92: -3514 | U92: -913 | V92: -1722 | W92: -2717 | X92: -3951 | Y92: -1330 | Z92: -2518 | AA92: -3800 | AB92: -5598
A93: – od sprzedaży produktów ubezpieczeniowych | B93: – insurance activity | C93: -70 | D93: -128 | E93: -196 | F93: -269 | G93: -101 | H93: -443 | I93: -1071 | J93: -1593 | K93: -1491 | L93: -3284 | M93: -5501 | N93: -7751 | O93: – z tytułu obsługi gotówkowej | P93: – cash handling | Q93: -814 | R93: -1752 | S93: -2727 | T93: -3525 | U93: -791 | V93: -1727 | W93: -2738 | X93: -6343 | Y93: -2451 | Z93: -5797 | AA93: -9450 | AB93: -15582
A94: – związane z siecią placówek partnerskich | B94: – related to partners’ network | C94: 0 | D94: 0 | E94: 0 | F94: 0 | G94: 0 | H94: -962 | I94: -3000 | J94: -5353 | K94: -2658 | L94: -7538 | M94: -7232 | N94: -11195 | O94: – za przelewy i usługi bankowości elektronicznej | P94: – payments and electronic banking | Q94: -487 | R94: -988 | S94: -1419 | T94: -1266 | U94: -219 | V94: -617 | W94: -882 | X94: -1959 | Y94: -1466 | Z94: -2527 | AA94: -3791 | AB94: -4565
A95: – pozostałe | B95: – other | C95: -2397 | D95: -4569 | E95: -6640.4 | F95: -8148 | G95: -1477 | H95: -3785 | I95: -6533 | J95: -10425 | K95: -2322.7939 | L95: -8544.7388 | M95: -14465.714 | N95: -23490.063 | O95: – za zarządzanie aktywami i operacje brokerskie | P95: – asset management and brokerage | Q95: -1355 | R95: -2590 | S95: -3011 | T95: -2331 | U95: -611 | V95: -7740 | W95: -14363 | X95: -20109 | Y95: -1047 | Z95: -8124 | AA95: -10731 | AB95: -19296
O96: – z tytułu obsługi kart płatniczych i kredytowych** | P96: – payment and credit cards** | Q96: -15349 | R96: -35397 | S96: -54161 | T96: -75640 | U96: -18472 | V96: -39430 | W96: -55791 | X96: -74432 | Y96: -25230 | Z96: -52733 | AA96: -81189 | AB96: -115656
O97: – z tytułusprzedaży produktów ubezpieczeniowych | P97: – insurance activities | Q97: -2368 | R97: -4723 | S97: -7178 | T97: -9764 | U97: -2031 | V97: -3672 | W97: -8452 | X97: -11592 | Y97: -3525 | Z97: -7165 | AA97: -11564 | AB97: -14972
O98: – pośrednictwo w sprzedaży produktów i pozyskiwanie klientów | P98: – sale of products and customer's acquisition | Q98: -1166 | R98: -3005 | S98: -7044 | T98: -8075 | U98: -2786 | V98: -8465 | W98: -15035 | X98: -24075 | Y98: -7623 | Z98: -15460 | AA98: -22117 | AB98: -29044
O99: – pozostałe prowizje** | P99: – other** | Q99: 1686 | R99: -1078 | S99: -1257 | T99: -6886 | U99: -2535 | V99: -4039 | W99: -8779 | X99: -12060 | Y99: -2627 | Z99: -5487 | AA99: -10474 | AB99: -15282
C100: -11741 | D100: -22799 | E100: -35200 | F100: -46744 | G100: -10405 | H100: -27268 | I100: -46603 | J100: -71143 | K100: -23516 | L100: -48746 | M100: -78206 | N100: -114792 | Q100: -20680 | R100: -55952 | S100: -86871 | T100: -115502 | U100: -29237 | V100: -68993 | W100: -110727 | X100: -157324 | Y100: -45970 | Z100: -101320 | AA100: -155339 | AB100: -222763
A101: Wynik z tytułu opłat i prowizji | B101: Net fee and commission income | C101: 72552 | D101: 153789 | E101: 234157 | F101: 310499 | G101: 71862 | H101: 182609 | I101: 301586 | J101: 422702 | K101: 123037 | L101: 244927 | M101: 375580 | N101: 493220 | O101: Wynik z tytułu opłat i prowizji* | P101: Net fee and commission income* | Q101: 127825 | R101: 252039 | S101: 371564 | T101: 485979 | U101: 120674 | V101: 252657 | W101: 384672 | X101: 567390 | Y101: 205883 | Z101: 407087 | AA101: 612610 | AB101: 819937
A105: tys. zł, kwartalnie | B105: PLN thousand, quarterly basis | O105: tys. zł, kwartalnie | P105: PLN thousand, quarterly basis
A106: Wynik z tytułu opłat i prowizji | B106: Net fee and commission income | C106: IQ 2014 | D106: IIQ 2014 | E106: IIIQ 2014 | F106: IVQ 2014 | G106: IQ 2015 | H106: IIQ 2015 | I106: IIIQ 2015 | J106: IVQ 2015 | K106: IQ 2016 | L106: IIQ 2016 | M106: IIIQ 2016 | N106: IVQ 2016 | O106: Wynik z tytułu opłat i prowizji* | P106: Net fee and commission income* | Q106: IQ 2017 | R106: IIQ 2017 | S106: IIIQ 2017 | T106: IVQ 2017 | U106: IQ 2018 | V106: IIQ 2018 | W106: IIIQ 2018 | X106: IVQ 2018 | Y106: IQ 2019 | Z106: IIQ 2019 | AA106: IIIQ 2019 | AB106: IVQ 2019
A107: Przychody z tytułu opłat i prowizji: | B107: Fee and commission income | O107: Przychody z tytułu opłat i prowizji*: | P107: Fee and commission income*
A108: – od kredytów i pożyczek | B108: – loans and advances | C108: 24483 | D108: 25254 | E108: 26422.4 | F108: 27779.6 | G108: 26932 | H108: 41712 | I108: 42532 | J108: 44548 | K108: 48447 | L108: 50633 | M108: 45824 | N108: 51763 | O108: – z tytułu działalności kredytowej i leasingu | P108: – loans and leasing | Q108: 57815 | R108: 52911 | S108: 51119 | T108: 32238.034 | U108: 47237 | V108: 51930 | W108: 52522 | X108: 62491 | Y108: 71167 | Z108: 63126 | AA108: 62898 | AB108: 70854
A109: – od obsługi rachunków i operacji rozliczeniowych | B109: – account maintenance and settlements | C109: 28063 | D109: 32210 | E109: 31467.4 | F109: 30969.6 | G109: 29366 | H109: 39308 | I109: 45338 | J109: 45180 | K109: 47410 | L109: 46550 | M109: 46038 | N109: 40853 | O109: – z tytułu obsługi rachunków | P109: – account maintenance | Q109: 24125 | R109: 26189 | S109: 24620 | T109: 31163 | U109: 25033 | V109: 24168 | W109: 26888 | X109: 31169 | Y109: 34123 | Z109: 33473 | AA109: 35782 | AB109: 34955
A110: – od zobowiązań gwarancyjnych | B110: – guarantee commitments | C110: 2014 | D110: 1938 | E110: 1819 | F110: 2143 | G110: 2014 | H110: 5246 | I110: 7455 | J110: 7161 | K110: 6789 | L110: 6557 | M110: 7496 | N110: 7115 | O110: – z tytułu obsługi gotówkowej | P110: – cash handling | Q110: 4072 | R110: 4902 | S110: 5189 | T110: 5312 | U110: 4191 | V110: 4642 | W110: 4538 | X110: 9069 | Y110: 10171 | Z110: 9545 | AA110: 10358 | AB110: 9668
A111: – od operacji brokerskich | B111: – brokerage operations | C111: 5000 | D111: 4508 | E111: 8328 | F111: 5547 | G111: 5352 | H111: 6448 | I111: 6682 | J111: 6519 | K111: 5631 | L111: 6032 | M111: 3894 | N111: 1856 | O111: – za przelewy i usługi bankowości elektronicznej | P111: – payments and electronic banking | Q111: 12479 | R111: 12537 | S111: 12613 | T111: 11755 | U111: 11892 | V111: 12205 | W111: 12597 | X111: 22874 | Y111: 26631 | Z111: 26328 | AA111: 24777 | AB111: 24141
A112: – od kart płatniczych | B112: – payment cards | C112: 20676 | D112: 22943 | E112: 18080.6 | F112: 18293.4 | G112: 13535 | H112: 16891 | I112: 18924 | J112: 21486 | K112: 19411 | L112: 18622 | M112: 21536 | N112: 19292 | O112: – z tytułu gwarancji i operacji dokumentowych | P112: – guarantees and letters of credits | Q112: 6674 | R112: 6926 | S112: 7162 | T112: 8668 | U112: 8090 | V112: 8161 | W112: 8741 | X112: 13520 | Y112: 14622 | Z112: 14680 | AA112: 14443 | AB112: 13880
A113: – od sprzedaży produktów ubezpieczeniowych | B113: – insurance activity | C113: 2952 | D113: 4066 | E113: 3563.6 | F113: 1018.4 | G113: 3887 | H113: 7543 | I113: 7085 | J113: 9431 | K113: 12463 | L113: 5734 | M113: 17085 | N113: 17170 | O113: – za zarządzanie aktywami i operacje brokerskie | P113: – asset management and brokerage | Q113: 9292 | R113: 12582 | S113: 13048 | T113: 14408 | U113: 17909 | V113: 26726 | W113: 20365 | X113: 26249 | Y113: 25975 | Z113: 31525 | AA113: 26939 | AB113: 33496
A114: – z tytułu zarządzania aktywami | B114: – asset management | C114: 0 | D114: 0 | E114: 0 | F114: 0 | G114: 0 | H114: 1612 | I114: 877 | J114: 1878 | K114: 902 | L114: 1213 | M114: 3297 | N114: 3680 | O114: – z tytułu obsługi kart płatniczych i kredytowych | P114: – payment and credit cards | Q114: 19053 | R114: 25602 | S114: 21838 | T114: 23956 | U114: 22400 | V114: 27743 | W114: 29103 | X114: 39633 | Y114: 48374 | Z114: 53137 | AA114: 61629 | AB114: 53567
A115: – pozostałe | B115: – other | C115: 1105 | D115: 1376 | E115: 3088 | F115: 2135 | G115: 1181 | H115: 8850 | I115: 9419 | J115: 9453 | K115: 5500 | L115: 11779 | M115: 14943 | N115: 12497 | O115: – z tytułu sprzedaży produktów ubezpieczeniowych | P115: – insurance activities | Q115: 10281 | R115: 11513 | S115: 10304 | T115: 10219 | U115: 8718 | V115: 10454 | W115: 14323 | X115: 13520 | Y115: 12823 | Z115: 13953 | AA115: 12168 | AB115: 21305
O116: – pośrednictwo w sprzedaży produktów i pozyskiwanie klientów | P116: – sale of products and customer's acquisition | Q116: 565 | R116: 977 | S116: 2036 | T116: 2170 | U116: 1621 | V116: 2694 | W116: 2538 | X116: 6578 | Y116: 3896 | Z116: 7239 | AA116: 7170 | AB116: 9997
O117: – pozostałe prowizje | P117: – other | Q117: 4149 | R117: 5347 | S117: 2515 | T117: 3156.9662 | U117: 2820 | V117: 3016 | W117: 2134 | X117: 4212 | Y117: 4071 | Z117: 3548 | AA117: 3378 | AB117: 2888
C118: 84293 | D118: 92295 | E118: 92769 | F118: 87886 | G118: 82267 | H118: 127610 | I118: 138312 | J118: 145656 | K118: 146553 | L118: 147120 | M118: 160113 | N118: 154226 | Q118: 148505 | R118: 159486 | S118: 150444 | T118: 143046 | U118: 149911 | V118: 171739 | W118: 173749 | X118: 229315 | Y118: 251853 | Z118: 256554 | AA118: 259542 | AB118: 274751
A120: Koszty z tytułu opłat i prowizji: | B120: Fee and commission expense | O120: Koszty z tytułu opłat i prowizji*: | P120: Fee and commission expense*
A121: – od otrzymanych kredytów i pożyczek | B121: – loans and advances | C121: -339 | D121: -419 | E121: -1991.6 | F121: -1633.4 | G121: -1015 | H121: -1731 | I121: -1250 | J121: -3385 | K121: -691 | L121: -839 | M121: -3187 | N121: -2223 | O121: – z tytułu działalności kredytowej i leasingu | P121: – loans and leasing | Q121: -456 | R121: -4854 | S121: -2815 | T121: 3624 | U121: -879 | V121: -702 | W121: -389 | X121: -833 | Y121: -671 | Z121: -838 | AA121: -714 | AB121: -545
...

Sheet (4)
A1: Powrót do spisu treści | B1: Back to table of contents
A3: tys. zł, narastająco od początku roku | B3: PLN thousand, year-to-date basis
A4: Pozostałe przychody operacyjne | B4: Other operating income | C4: 43830 | D4: 43738 | E4: 43646 | F4: 43555 | G4: 43465 | H4: 43373 | I4: 43281 | J4: 31/03/2018 | K4: 31/12/2017 | L4: 30/09/2017 | M4: 30/06/2017 | N4: 31/03/2017 | O4: 31/12/2016 | P4: 30/09/2016 | Q4: 30/06/2016 | R4: 31/03/2016 | S4: 31/12/2015 | T4: 30/09/2015 | U4: 30/06/2015 | V4: 31/03/2015 | W4: 31/12/2014 | X4: 30/09/2014 | Y4: 30/06/2014 | Z4: 31/03/2014
A5: Zysk na sprzedaży lub likwidacji środków trwałych, wartości niematerialnych | B5: Profit on sale or liquidation of property, plant and equipment, intangible assets | C5: 20957 | D5: 14628 | E5: 8796 | F5: 7411 | G5: 13738 | H5: 6433 | I5: 3135 | J5: 2376 | K5: 25083 | L5: 23707 | M5: 9404 | N5: 363 | O5: 9210 | P5: 7514 | Q5: 3155 | R5: 1483 | S5: 1952 | T5: 1406 | U5: 956 | V5: 187 | W5: 3060 | X5: 3137 | Y5: 0 | Z5: 0
A6: Zysk z tytułu sprzedaży towarów i usług | B6: Sales of goods and services | C6: 32994 | D6: 18635 | E6: 10521 | F6: 6122 | G6: 15064 | H6: 9169 | I6: 7110 | J6: 1580 | K6: 4102 | L6: 10991 | M6: 6962 | N6: 3113 | O6: 18455 | P6: 4896 | Q6: 11909 | R6: 1370 | S6: 5979 | T6: 3833 | U6: 2618 | V6: 1163 | W6: 8163 | X6: 6434 | Y6: 3975 | Z6: 1711
A7: Rozwiązanie rezerw na sprawy sporne i pozostałe zobowiązania | B7: Release of provisions for litigation and claims, and other liabilities | C7: 12336 | D7: 11536 | E7: 9862 | F7: 980 | G7: 2173 | H7: 469 | I7: 350 | J7: 159 | K7: 10923 | L7: 1665 | M7: 1179 | N7: 557 | O7: 15757 | P7: 3190 | Q7: 3459 | R7: 2556 | S7: 5256 | T7: 2169 | U7: 172 | V7: 30 | W7: 5669 | X7: 1897 | Y7: 749 | Z7: 85
A8: Z tytułu odzyskania kosztów windykacji | B8: Recovery of debt collection costs | C8: 18512 | D8: 12658 | E8: 7815 | F8: 2698 | G8: 16466 | H8: 12208 | I8: 8971 | J8: 4804 | K8: 16710 | L8: 8980 | M8: 5890 | N8: 3446 | O8: 7820 | P8: 5731 | Q8: 3323 | R8: 1475 | S8: 4921 | T8: 3355 | U8: 1811 | V8: 776 | W8: 2624 | X8: 1965 | Y8: 1383 | Z8: 674
A9: Z tytułu odzyskanych odszkodowań | B9: Recovered indemnities | C9: 2644 | D9: 2551 | E9: 408 | F9: 958 | G9: 13192 | H9: 13061 | I9: 12578 | J9: 12548 | K9: 2520 | L9: 2520 | M9: 2026 | N9: 1825 | O9: 28636 | P9: 28920 | Q9: 24927 | R9: 3326 | S9: 10009 | T9: 9237 | U9: 3273 | V9: 2712 | W9: 5502 | X9: 4385 | Y9: 3114 | Z9: 1071
A10: Przychody z działalności leasingowej | B10: Income from leasing operations | C10: 9155 | D10: 8600 | E10: 4754 | F10: 3434 | G10: 26626 | H10: 21265 | I10: 14973 | J10: 8134 | K10: 26520 | L10: 20946 | M10: 13887 | N10: 6067 | O10: 22889 | P10: 18409 | Q10: 12372 | R10: 7065 | S10: 13452 | T10: 8325 | U10: 3073 | V10: 0 | W10: 0 | X10: 0 | Y10: 0 | Z10: 0
A11: Inne przychody operacyjne | B11: Other operating income | C11: 86107 | D11: 70939 | E11: 66695 | F11: 15616 | G11: 8813 | H11: 5836 | I11: 5556 | J11: 9082 | K11: 45424 | L11: 33510 | M11: 26368 | N11: 8426 | O11: 27557 | P11: 36750 | Q11: 24635 | R11: =13232+566 -> 13798 | S11: =17551+1691 -> 19242 | T11: 9992 | U11: 5012 | V11: 1489 | W11: 12919 | X11: 10351 | Y11: 7169 | Z11: 2091
A12: Zysk na okazyjnym nabyciu RBPL | B12: Gain from the bargain purchase of Core RBPL | G12: 291706
A13: Pozostałe przychody operacyjne, razem | B13: Total other operating income | C13: 182705 | D13: 139547 | E13: 108851 | F13: 37219 | G13: 387778 | H13: 68441 | I13: 52673 | J13: 38683 | K13: 131282 | L13: 102319 | M13: 65716 | N13: 23797 | O13: 130324 | P13: =SUM(P5:P11) -> 105410 | Q13: 83780 | R13: =SUM(R5:R11) -> 31073 | S13: =SUM(S5:S11) -> 60811 | T13: =SUM(T5:T11) -> 38317 | U13: =SUM(U5:U11) -> 16915 | V13: =SUM(V5:V11) -> 6357 | W13: =SUM(W5:W11) -> 37937 | X13: =SUM(X5:X11) -> 28169 | Y13: =SUM(Y5:Y11) -> 16390 | Z13: =SUM(Z5:Z11) -> 5632
A16: tys. zł, kwartalnie | B16: PLN thousand, quarterly basis
A17: Pozostałe przychody operacyjne | B17: Other operating income | C17: IVQ 2019 | D17: IIIQ 2019 | E17: IIQ 2019 | F17: IQ 2019 | G17: IVQ 2018 | H17: IIIQ 2018 | I17: IIQ 2018 | J17: IQ 2018 | K17: IVQ 2017 | L17: IIIQ 2017 | M17: IIQ 2017 | N17: IQ 2017 | O17: IVQ 2016 | P17: IIIQ 2016 | Q17: IIQ 2016 | R17: IQ 2016 | S17: IVQ 2015 | T17: IIIQ 2015 | U17: IIQ 2015 | V17: IQ 2015 | W17: IVQ 2014 | X17: IIIQ 2014 | Y17: IIQ 2014 | Z17: IQ 2014
A18: Zysk na sprzedaży lub likwidacji środków trwałych, wartości niematerialnych | B18: Profit on sale or liquidation of property, plant and equipment, intangible assets | C18: 6329 | D18: 5832 | E18: 1385 | F18: 7411 | G18: 7305 | H18: 3298 | I18: 759 | J18: 2376 | K18: 1376 | L18: 14303 | M18: 9041 | N18: 363 | O18: 1696 | P18: 4359 | Q18: 1672 | R18: 1483 | S18: 546 | T18: 450 | U18: 769 | V18: 187 | W18: -77 | X18: 3137 | Y18: 0 | Z18: 0
A19: Zysk z tytułu sprzedaży towarów i usług | B19: Sales of goods and services | C19: 14359 | D19: 8114 | E19: 4399 | F19: 6122 | G19: 5895 | H19: 2059 | I19: 5530 | J19: 1580 | K19: -6889 | L19: 4029 | M19: 3849 | N19: 3113 | O19: 13559 | P19: -7013 | Q19: 10539 | R19: 1370 | S19: 2146 | T19: 1215 | U19: 1455 | V19: 1163 | W19: 1729 | X19: 2459 | Y19: 2264 | Z19: 1711
A20: Rozwiązanie rezerw na sprawy sporne i pozostałe zobowiązania | B20: Release of provisions for litigation and claims, and other liabilities | C20: 800 | D20: 1674 | E20: 8882 | F20: 980 | G20: 1704 | H20: 119 | I20: 191 | J20: 159 | K20: 9258 | L20: 486 | M20: 622 | N20: 557 | O20: 12567 | P20: -269 | Q20: 903 | R20: 2556 | S20: 3087 | T20: 1997 | U20: 142 | V20: 30 | W20: 3772 | X20: 1148 | Y20: 664 | Z20: 85
A21: Z tytułu odzyskania kosztów windykacji | B21: Recovery of debt collection costs | C21: 5854 | D21: 4843 | E21: 5117 | F21: 2698 | G21: 4258 | H21: 3237 | I21: 4167 | J21: 4804 | K21: 7730 | L21: 3090 | M21: 2444 | N21: 3446 | O21: 2089 | P21: 2408 | Q21: 1848 | R21: 1475 | S21: 1566 | T21: 1544 | U21: 1035 | V21: 776 | W21: 659 | X21: 582 | Y21: 709 | Z21: 674
A22: Z tytułu odzyskanych odszkodowań | B22: Recovered indemnities | C22: 93 | D22: 2143 | E22: -550 | F22: 958 | G22: 131 | H22: 483 | I22: 30 | J22: 12548 | K22: 0 | L22: 494 | M22: 201 | N22: 1825 | O22: -284 | P22: 3993 | Q22: 21601 | R22: 3326 | S22: 772 | T22: 5964 | U22: 561 | V22: 2712 | W22: 1117 | X22: 1271 | Y22: 2043 | Z22: 1071
A23: Przychody z działalności leasingowej | B23: Income from leasing operations | C23: 555 | D23: 3846 | E23: 1320 | F23: 3434 | G23: 5361 | H23: 6292 | I23: 6839 | J23: 8134 | K23: 5574 | L23: 7059 | M23: 7820 | N23: 6067 | O23: 4480 | P23: 6037 | Q23: 5307 | R23: 7065 | S23: 5127 | T23: 5252 | U23: 3073 | V23: 0 | W23: 0 | X23: 0 | Y23: 0 | Z23: 0
A24: Inne przychody operacyjne | B24: Other operating income | C24: 15168 | D24: 4244 | E24: 51079 | F24: 15616 | G24: 2977 | H24: 280 | I24: -3526 | J24: 9082 | K24: 11914 | L24: 7142 | M24: 17942 | N24: 8426 | O24: -9193 | P24: 12115 | Q24: 10837 | R24: =13232+566 -> 13798 | S24: =7559+1691 -> 9250 | T24: 4980 | U24: 3523 | V24: 1489 | W24: 2568 | X24: 3182 | Y24: 5078 | Z24: 2091
A25: Zysk na okazyjnym nabyciu RBPL | B25: Gain from the bargain purchase of Core RBPL | G25: 291706
A26: Pozostałe przychody operacyjne, razem | B26: Total other operating income | C26: 43158 | D26: 30696 | E26: 71632 | F26: 37219 | G26: 319337 | H26: 15768 | I26: 13990 | J26: 38683 | K26: 28963 | L26: 36603 | M26: 41919 | N26: 23797 | O26: 24914 | P26: =SUM(P18:P24) -> 21630 | Q26: =SUM(Q18:Q24) -> 52707 | R26: =SUM(R18:R24) -> 31073 | S26: =SUM(S18:S24) -> 22494 | T26: =SUM(T18:T24) -> 21402 | U26: =SUM(U18:U24) -> 10558 | V26: =SUM(V18:V24) -> 6357 | W26: =SUM(W18:W24) -> 9768 | ... Z26: =SUM(Z18:Z24) -> 5632
A35: Odwrotna kolejność okresów
A37: tys. zł, narastająco od początku roku | B37: PLN thousand, year-to-date basis
A38: Pozostałe przychody operacyjne | B38: Other operating income | C38: 31/03/2014 | D38: 30/06/2014 | E38: 30/09/2014 | F38: 31/12/2014 | G38: 31/03/2015 | H38: 30/06/2015 | I38: 30/09/2015 | J38: 31/12/2015 | K38: 31/03/2016 | L38: 30/06/2016 | M38: 30/09/2016 | N38: 31/12/2016 | O38: 31/03/2017 | P38: 30/06/2017 | Q38: 30/09/2017 | R38: 31/12/2017 | S38: 31/03/2018 | T38: 43281 | U38: 43373 | V38: 43464 | W38: 43555 | X38: 43646 | Y38: 43738 | Z38: 43830
A39: Zysk na sprzedaży lub likwidacji środków trwałych, wartości niematerialnych | B39: Profit on sale or liquidation of property, plant and equipment, intangible assets | C39: 0 | D39: 0 | E39: 3137 | F39: 3060 | G39: 187 | H39: 956 | I39: 1406 | J39: 1952 | K39: 1483 | L39: 3155 | M39: 7514 | N39: 9210 | O39: 363 | P39: 9404 | Q39: 23707 | R39: 25083 | S39: 2376 | T39: 3135 | U39: 6433 | V39: 13738 | W39: 7411 | X39: 8796 | Y39: 14628 | Z39: 20957
A40: Zysk z tytułu sprzedaży towarów i usług | B40: Sales of goods and services | C40: 1711 | D40: 3975 | E40: 6434 | F40: 8163 | G40: 1163 | H40: 2618 | I40: 3833 | J40: 5979 | K40: 1370 | L40: 11909 | M40: 4896 | N40: 18455 | O40: 3113 | P40: 6962 | Q40: 10991 | R40: 4102 | S40: 1580 | T40: 7110 | U40: 9169 | V40: 15064 | W40: 6122 | X40: 10521 | Y40: 18635 | Z40: 32994
A41: Rozwiązanie rezerw na sprawy sporne i pozostałe zobowiązania | B41: Release of provisions for litigation and claims, and other liabilities | C41: 85 | D41: 749 | E41: 1897 | F41: 5669 | G41: 30 | H41: 172 | I41: 2169 | J41: 5256 | K41: 2556 | L41: 3459 | M41: 3190 | N41: 15757 | O41: 557 | P41: 1179 | Q41: 1665 | R41: 10923 | S41: 159 | T41: 350 | U41: 469 | V41: 2173 | W41: 980 | X41: 9862 | Y41: 11536 | Z41: 12336
A42: Z tytułu odzyskania kosztów windykacji | B42: Recovery of debt collection costs | C42: 674 | D42: 1383 | E42: 1965 | F42: 2624 | G42: 776 | H42: 1811 | I42: 3355 | J42: 4921 | K42: 1475 | L42: 3323 | M42: 5731 | N42: 7820 | O42: 3446 | P42: 5890 | Q42: 8980 | R42: 16710 | S42: 4804 | T42: 8971 | U42: 12208 | V42: 16466 | W42: 2698 | X42: 7815 | Y42: 12658 | Z42: 18512
A43: Z tytułu odzyskanych należności przedawnionych, umorzonych i nieściągalnych oraz spłaty należności wyłączonych ze skonsolidowanego sprawozdania z sytuacji finansowej | B43: Recovery of overdue debts, redeemed receivables, noncollectible debts and payment of receivables that were excluded from the consolidated statement of financial position | C43: 1071 | D43: 3114 | E43: 4385 | F43: 5502 | G43: 2712 | H43: 3273 | I43: 9237 | J43: 10009 | K43: 3326 | L43: 24927 | M43: 28920 | N43: 28636 | O43: 1825 | P43: 2026 | Q43: 2520 | R43: 2520 | S43: 12548 | T43: 12578 | U43: 13061 | V43: 13192 | W43: 958 | X43: 408 | Y43: 2551 | Z43: 2644
A44: Przychody z działalności leasingowej | B44: Income from leasing operations | C44: 0 | D44: 0 | E44: 0 | F44: 0 | G44: 0 | H44: 3073 | I44: 8325 | J44: 13452 | K44: 7065 | L44: 12372 | M44: 18409 | N44: 22889 | O44: 6067 | P44: 13887 | Q44: 20946 | R44: 26520 | S44: 8134 | T44: 14973 | U44: 21265 | V44: 26626 | W44: 3434 | X44: 4754 | Y44: 8600 | Z44: 9155
A45: Inne przychody operacyjne | B45: Other operating income | C45: 2091 | D45: 7169 | E45: 10351 | F45: 12919 | G45: 1489 | H45: 5012 | I45: 9992 | J45: 19242 | K45: 13798 | L45: 24635 | M45: 36750 | N45: 27557 | O45: 8426 | P45: 26368 | Q45: 33510 | R45: 45424 | S45: 9082 | T45: 5556 | U45: 5836 | V45: 8813 | W45: 15616 | X45: 66695 | Y45: 70939 | Z45: 86107
A46: Zysk na okazyjnym nabyciu RBPL | B46: Gain from the bargain purchase of Core RBPL | V46: 291706
A47: Pozostałe przychody operacyjne, razem | B47: Total other operating income | C47: 5632 | D47: 16390 | E47: 28169 | F47: 37937 | G47: 6357 | H47: 16915 | I47: 38317 | J47: 60811 | K47: 31073 | L47: 83780 | M47: 105410 | N47: 130324 | O47: 23797 | P47: 65716 | Q47: 102319 | R47: 131282 | S47: 38683 | T47: 52673 | U47: 68441 | V47: 387778 | W47: 37219 | X47: 108851 | Y47: 139547 | Z47: 182705
A50: tys. zł, kwartalnie | B50: PLN thousand, quarterly basis
A51: Pozostałe przychody operacyjne | B51: Other operating income | C51: IQ 2014 | D51: IIQ 2014 | E51: IIIQ 2014 | F51: IVQ 2014 | G51: IQ 2015 | H51: IIQ 2015 | I51: IIIQ 2015 | J51: IVQ 2015 | K51: IQ 2016 | L51: IIQ 2016 | M51: IIIQ 2016 | N51: IVQ 2016 | O51: IQ 2017 | P51: IIQ 2017 | Q51: IIIQ 2017 | R51: IVQ 2017 | S51: IQ 2018 | T51: IIQ 2018 | U51: IIIQ 2018 | V51: IVQ 2018 | W51: IQ 2019 | X51: IIQ 2019 | Y51: IIIQ 2019 | Z51: IVQ 2019
A52: Zysk na sprzedaży lub likwidacji środków trwałych, wartości niematerialnych | B52: Profit on sale or liquidation of property, plant and equipment, intangible assets | C52: 0 | D52: 0 | E52: 3137 | F52: -77 | G52: 187 | H52: 769 | I52: 450 | J52: 546 | K52: 1483 | L52: 1672 | M52: 4359 | N52: 1696 | O52: 363 | P52: 9041 | Q52: 14303 | R52: 1376 | S52: 2376 | T52: 759 | U52: 3298 | V52: 7305 | W52: 7411 | X52: 1385 | Y52: 5832 | Z52: 6329
A53: Zysk z tytułu sprzedaży towarów i usług | B53: Sales of goods and services | C53: 1711 | D53: 2264 | E53: 2459 | F53: 1729 | G53: 1163 | H53: 1455 | I53: 1215 | J53: 2146 | K53: 1370 | L53: 10539 | M53: -7013 | N53: 13559 | O53: 3113 | P53: 3849 | Q53: 4029 | R53: -6889 | S53: 1580 | T53: 5530 | U53: 2059 | V53: 5895 | W53: 6122 | X53: 4399 | Y53: 8114 | Z53: 14359
A54: Rozwiązanie rezerw na sprawy sporne i pozostałe zobowiązania | B54: Release of provisions for litigation and claims, and other liabilities | C54: 85 | D54: 664 | E54: 1148 | F54: 3772 | G54: 30 | H54: 142 | I54: 1997 | J54: 3087 | K54: 2556 | L54: 903 | M54: -269 | N54: 12567 | O54: 557 | P54: 622 | Q54: 486 | R54: 9258 | S54: 159 | T54: 191 | U54: 119 | V54: 1704 | W54: 980 | X54: 8882 | Y54: 1674 | Z54: 800
A55: Z tytułu odzyskania kosztów windykacji | B55: Recovery of debt collection costs | C55: 674 | D55: 709 | E55: 582 | F55: 659 | G55: 776 | H55: 1035 | I55: 1544 | J55: 1566 | K55: 1475 | L55: 1848 | M55: 2408 | N55: 2089 | O55: 3446 | P55: 2444 | Q55: 3090 | R55: 7730 | S55: 4804 | T55: 4167 | U55: 3237 | V55: 4258 | W55: 2698 | X55: 5117 | Y55: 4843 | Z55: 5854
A56: Z tytułu odzyskanych należności przedawnionych, umorzonych i nieściągalnych oraz spłaty należności wyłączonych ze skonsolidowanego sprawozdania z sytuacji finansowej | B56: Recovery of overdue debts, redeemed receivables, noncollectible debts and payment of receivables that were excluded from the consolidated statement of financial position | C56: 1071 | D56: 2043 | E56: 1271 | F56: 1117 | G56: 2712 | H56: 561 | I56: 5964 | J56: 772 | K56: 3326 | L56: 21601 | M56: 3993 | N56: -284 | O56: 1825 | P56: 201 | Q56: 494 | R56: 0 | S56: 12548 | T56: 30 | U56: 483 | V56: 131 | W56: 958 | X56: -550 | Y56: 2143 | Z56: 93
A57: Przychody z działalności leasingowej | B57: Income from leasing operations | C57: 0 | D57: 0 | E57: 0 | F57: 0 | G57: 0 | H57: 3073 | I57: 5252 | J57: 5127 | K57: 7065 | L57: 5307 | M57: 6037 | N57: 4480 | O57: 6067 | P57: 7820 | Q57: 7059 | R57: 5574 | S57: 8134 | T57: 6839 | U57: 6292 | V57: 5361 | W57: 3434 | X57: 1320 | Y57: 3846 | Z57: 555
A58: Inne przychody operacyjne | B58: Other operating income | C58: 2091 | D58: 5078 | E58: 3182 | F58: 2568 | G58: 1489 | H58: 3523 | I58: 4980 | J58: 9250 | K58: 13798 | L58: 10837 | M58: 12115 | N58: -9193 | O58: 8426 | P58: 17942 | Q58: 7142 | R58: 11914 | S58: 9082 | T58: -3526 | U58: 280 | V58: 2977 | W58: 15616 | X58: 51079 | Y58: 4244 | Z58: 15168
A59: Zysk na okazyjnym nabyciu RBPL | B59: Gain from the bargain purchase of Core RBPL | V59: 291706
A60: Pozostałe przychody operacyjne, razem | B60: Total other operating income | C60: 5632 | D60: 10758 | E60: 11779 | F60: 9768 | G60: 6357 | H60: 10558 | I60: 21402 | J60: 22494 | K60: 31073 | L60: 52707 | M60: 21630 | N60: 24914 | O60: 23797 | P60: 41919 | Q60: 36603 | R60: 28963 | S60: 38683 | T60: 13990 | U60: 15768 | V60: 319337 | W60: 37219 | X60: 71632 | Y60: 30696 | Z60: 43158

Sheet (5)
A1: Powrót do spisu treści | B1: Back to table of contents
A3: tys. zł, narastająco od początku roku | B3: PLN thousand, year-to-date basis
A4: Ogólne koszty administracyjne i amortyzacja | B4: General administrative expenses, amortization and depreciation | C4: 43830 | D4: 43738 | E4: 43646 | F4: 43555 | G4: 43465 | H4: 43373 | I4: 43281 | J4: 31/03/2018 | K4: 31/12/2017 | L4: 30/09/2017 | M4: 30/06/2017 | N4: 31/03/2017 | O4: 31/12/2016 | P4: 30/09/2016 | Q4: 30/06/2016 | R4: 31/03/2016 | S4: 31/12/2015 | T4: 30/09/2015 | U4: 30/06/2015 | V4: 31/03/2015 | W4: 31/12/2014 | X4: 30/09/2014 | Y4: 30/06/2014 | Z4: 31/03/2014
A5: Koszty pracownicze | B5: Personnel expenses | C5: -1368777 | D5: -1016328 | E5: -674306 | F5: -338585 | G5: -1057189 | H5: -627184 | I5: -414348 | J5: -207741 | K5: -832005 | L5: -632411 | M5: -422211 | N5: -216103 | O5: -901432 | P5: -692994 | Q5: =R26+Q26 -> -477136 | R5: -219923 | S5: -740248 | T5: -546328 | U5: -353355 | V5: -135643 | W5: -522290 | X5: -385797 | Y5: -252735 | Z5: -129932
A6: Koszty marketingu | B6: Marketing | C6: -146983 | D6: -106602 | E6: -76547 | F6: -24391 | G6: -107498 | H6: -67040 | I6: -50635 | J6: -23168 | K6: -92379 | L6: -55870 | M6: -36564 | N6: -15664 | O6: -92664 | P6: -71315 | Q6: =R27+Q27 -> -44660 | R6: -22734 | S6: -94866 | T6: -55247 | U6: -19755 | V6: -6633 | W6: -47558 | X6: -37252 | Y6: -21523 | Z6: -9056
A7: Koszty informatyczne i telekomunikacyjne | B7: IT and telecom costs | C7: -288778 | D7: -198838 | E7: -119036 | F7: -47573 | G7: -152399 | H7: -83347 | I7: -52044 | J7: -24824 | K7: -131450 | L7: -85135 | M7: -54743 | N7: -26652 | O7: -144518 | P7: -100718 | Q7: =R28+Q28 -> -64649 | R7: -28837 | S7: -129567 | T7: -84334 | U7: -49174 | V7: -20607 | W7: -81811 | X7: -58931 | Y7: -38792 | Z7: -19470
A8: Czynsze | B8: Rental expenses | G8: -158268 | H8: -107036 | I8: -71786 | J8: -37283 | K8: -163294 | L8: -121290 | M8: -80775 | N8: -37459 | O8: -181323 | P8: -132085 | Q8: =R29+Q29 -> -89098 | R8: -44597 | S8: -146688 | T8: -100815 | U8: -58942 | V8: -22398 | W8: -90416 | X8: -66869 | Y8: -45908 | Z8: -23094
A9: Koszty z tytułu leasingu krótkoterm. i eksploatacji | B9: Short-term lease and operating costs | C9: -97414 | D9: -73629 | E9: -48392 | F9: -27477
A10: Pozostałe koszty rzeczowe | B10: Other non-personnel expenses | C10: -351764 | D10: -232386 | E10: -148125 | F10: -58213 | G10: -235954 | H10: -134647 | I10: -89364 | J10: -42280 | K10: -153445 | L10: -112033 | M10: -85885 | N10: -42685 | O10: -184302 | P10: -141331 | Q10: =R31+Q31 -> -93654 | R10: -50424 | S10: -205912 | T10: -151565 | U10: -98963 | V10: -54667 | W10: -144150 | X10: -98032 | Y10: -62264 | Z10: -30669
A11: Podróże służbowe | B11: Business travels | C11: -21934 | D11: -16586 | E11: -11079 | F11: -5781 | G11: -13599 | H11: -8792 | I11: -5913 | J11: -2318 | K11: -11073 | L11: -8239 | M11: -5722 | N11: -2513 | O11: -9425 | P11: -6794 | Q11: =R32+Q32 -> -4533 | R11: -1731 | S11: -4950 | T11: -3047 | U11: -1502 | V11: -528 | W11: -1857 | X11: -1197 | Y11: -862 | Z11: -411
A12: Koszty bankomatów i obsługi gotówkowej | B12: ATM and cash handling costs | C12: -7016 | D12: -5354 | E12: -4203 | F12: -2208 | G12: -4091 | H12: -2340 | I12: -1556 | J12: -668 | K12: -3448 | L12: -2610 | M12: -1512 | N12: -663 | O12: -3544 | P12: -2799 | Q12: =R33+Q33 -> -1858 | R12: -1474 | S12: -3696 | T12: -2457 | U12: -1162 | V12: -227 | W12: -886 | X12: -732 | Y12: -533 | Z12: -308
A13: Koszty z tytułu leasingu krótkoterm. i eksploatacji | B13: Short-term lease and operating costs | C13: -4604 | D13: -3417 | E13: -2169 | F13: -1057 | G13: -6735 | H13: -4439 | I13: -3018 | J13: -1525 | K13: -19453 | L13: -14399 | M13: -9974 | N13: -4631 | O13: -23497 | P13: -17802 | Q13: =R34+Q34 -> -12126 | R13: -6479 | S13: -11119 | T13: -3232 | U13: -2643 | V13: 0 | W13: 0 | X13: 0 | Y13: 0 | Z13: 0
A14: Opłata na Bankowy Fundusz Gwarancyjny | B14: Bank Guarantee Fund fee | C14: -166100 | D14: -154035 | E14: -141720 | F14: -129142 | G14: -117294 | H14: -96151 | I14: -82159 | J14: -39046 | K14: -95483 | L14: -84525 | M14: -73393 | N14: -41421 | O14: -128913 | P14: -91775 | Q14: =R35+Q35 -> -61336 | R14: -30594 | S14: -98839 | T14: -70124 | U14: -42262 | V14: -16966 | W14: -37731 | X14: -28078 | Y14: -18424 | Z14: -9180
A15: Opłata na koszty nadzoru (KNF) | B15: Polish Financial Supervision Authority fee | C15: -14567 | D15: -10959 | E15: -7323 | F15: -3651 | G15: -6645 | H15: -3725 | I15: -2474 | J15: -1235 | K15: -4836 | L15: -3478 | M15: -2373 | N15: -1168 | O15: -4738 | P15: -7278 | Q15: =R36+Q36 -> -7061 | R15: -3427 | S15: -5016 | T15: -5016 | U15: -5015 | V15: -2133 | W15: -3826 | X15: -3826 | Y15: -3826 | Z15: -1889
A16: Obowiązkowa wpłata podmiotów objetych systemem gwarantowania oraz opłata na FWK | B16: Statutory payment from entities included in the guarantee system and payment to the Borrower Support Fund | I16: 0 | J16: 0 | K16: 0 | L16: 0 | M16: 0 | N16: 0 | O16: 0 | P16: 0 | Q16: =R37+Q37 -> 0 | R16: 0 | S16: -128382 | T16: 0 | U16: 0 | V16: 0 | W16: 0 | X16: 0 | Y16: 0 | Z16: 0
A17: Ogólne koszty administracyjne, razem | B17: Total general administrative expenses | C17: -2467937 | D17: -1818134 | E17: -1232900 | F17: -638078 | G17: -1859672 | H17: -1134701 | I17: -773297 | J17: -380088 | K17: -1506866 | L17: -1119990 | M17: -773152 | N17: -388959 | O17: -1674356 | P17: =SUM(P5:P16) -> -1264891 | Q17: =R38+Q38 -> -856111 | R17: =SUM(R5:R16) -> -410220 | S17: =SUM(S5:S16) -> -1569283 | T17: =SUM(T5:T16) -> -1022165 | U17: =SUM(U5:U16) -> -632773 | V17: =SUM(V5:V16) -> -259802 | W17: =SUM(W5:W16) -> -930525 | X17: =SUM(X5:X16) -> -680714 | Y17: =SUM(Y5:Y16) -> -444867 | Z17: =SUM(Z5:Z16) -> -224009
A18: Rzeczowe aktywa trwałe | B18: Property, plant and equipment | C18: -226258 | D18: -164693 | E18: -108536 | F18: -54238 | G18: -91029 | H18: -66008 | I18: -44197 | J18: -22124 | K18: -87557 | L18: -65484 | M18: -43783 | N18: -22182 | O18: -82080 | P18: -59629 | Q18: =R39+Q39 -> -40291 | R18: -19756 | S18: -68591 | T18: -48144 | U18: -29447 | V18: -12538 | W18: -51230 | X18: -38460 | Y18: -25793 | Z18: -12778
A19: Wartości niematerialne | B19: Intangible assets | C19: -227889 | D19: -187550 | E19: -112691 | F19: -51234 | G19: -98685 | H19: -58218 | I19: -38465 | J19: -18809 | K19: -86507 | L19: -65016 | M19: -48201 | N19: -25709 | O19: -124517 | P19: -89200 | Q19: =R40+Q40 -> -56095 | R19: -23331 | S19: -79866 | T19: -56689 | U19: -33664 | V19: -14779 | W19: -49765 | X19: -35744 | Y19: -24042 | Z19: -11830
A20: Amortyzacja, razem | B20: Total depreciation and amortization | C20: -454147 | D20: -352243 | E20: -221227 | F20: -105472 | G20: -189714 | H20: -124226 | I20: -82662 | J20: -40933 | K20: -174064 | L20: -130500 | M20: -91984 | N20: -47891 | O20: -206597 | P20: =P18+P19 -> -148829 | Q20: =R41+Q41 -> -96386 | R20: =R18+R19 -> -43087 | S20: =S18+S19 -> -148457 | T20: =T18+T19 -> -104833 | U20: =U18+U19 -> -63111 | V20: =V18+V19 -> -27317 | W20: =W18+W19 -> -100995 | X20: =X18+X19 -> -74204 | Y20: =Y18+Y19 -> -49835 | Z20: =Z18+Z19 -> -24608
A21: Ogólne koszty administracyjne i amortyzacja, razem | B21: Total general administrative expenses, depreciation and amortisation | C21: -2922084 | D21: -2170377 | E21: -1454127 | F21: -743550 | G21: -2049386 | H21: -1258927 | I21: -855959 | J21: -421021 | K21: -1680930 | L21: -1250490 | M21: -865136 | N21: -436850 | O21: -1880953 | P21: =+P17+P20 -> -1413720 | Q21: =R42+Q42 -> -952497 | R21: =R17+R20 -> -453307 | S21: =S17+S20 -> -1717740 | T21: =T17+T20 -> -1126998 | U21: =U17+U20 -> -695884 | V21: =V17+V20 -> -287119 | W21: =W17+W20 -> -1031520 | X21: =X17+X20 -> -754918 | Y21: =Y17+Y20 -> -494702 | Z21: =Z17+Z20 -> -248617
A24: tys. zł, kwartalnie | B24: PLN thousand, quarterly basis
A25: Ogólne koszty administracyjne i amortyzacja | B25: General administrative expenses, amortization and depreciation | C25: IVQ 2019 | D25: IIIQ 2019 | E25: IIQ 2019 | F25: IQ 2019 | G25: IVQ 2018 | H25: IIIQ 2018 | I25: IIQ 2018 | J25: IQ 2018 | K25: IVQ 2017 | L25: IIIQ 2017 | M25: IIQ 2017 | N25: IQ 2017 | O25: IVQ 2016 | P25: IIIQ 2016 | Q25: IIQ 2016 | R25: IQ 2016 | S25: IVQ 2015 | T25: IIIQ 2015 | U25: IIQ 2015 | V25: IQ 2015 | W25: IVQ 2014 | X25: IIIQ 2014 | Y25: IIQ 2014 | Z25: IQ 2014
A26: Koszty pracownicze | B26: Personnel expenses | C26: -352449 | D26: -342022 | E26: -335721 | F26: -338585 | G26: -430005 | H26: -212836 | I26: -206607 | J26: -207741 | K26: -199594 | L26: -210200 | M26: -206108 | N26: -216103 | O26: -208438 | P26: -215858 | Q26: -257213 | R26: -219923 | S26: -193920 | T26: -192973 | U26: -217712 | V26: -135643 | W26: -136493 | X26: -133062 | Y26: -122803 | Z26: -129932
A27: Koszty marketingu | B27: Marketing | C27: -40381 | D27: -30055 | E27: -52156 | F27: -24391 | G27: -40458 | H27: -16405 | I27: -27467 | J27: -23168 | K27: -36509 | L27: -19306 | M27: -20900 | N27: -15664 | O27: -21349 | P27: -26655 | Q27: -21926 | R27: -22734 | S27: -39619 | T27: -35492 | U27: -13122 | V27: -6633 | W27: -10306 | X27: -15729 | Y27: -12467 | Z27: -9056
A28: Koszty informatyczne i telekomunikacyjne | B28: IT and telecom costs | C28: -89940 | D28: -79802 | E28: -71463 | F28: -47573 | G28: -69052 | H28: -31303 | I28: -27220 | J28: -24824 | K28: -46315 | L28: -30392 | M28: -28091 | N28: -26652 | O28: -43800 | P28: -36069 | Q28: -35812 | R28: -28837 | S28: -45233 | T28: -35160 | U28: -28567 | V28: -20607 | W28: -22880 | X28: -20139 | Y28: -19322 | Z28: -19470
A29: Czynsze | B29: Rental expenses | C29: 0 | D29: 0 | E29: 0 | G29: -51232 | H29: -35250 | I29: -34503 | J29: -37283 | K29: -42004 | L29: -40515 | M29: -43316 | N29: -37459 | O29: -49238 | P29: -42987 | Q29: -44501 | R29: -44597 | S29: -45873 | T29: -41873 | U29: -36544 | V29: -22398 | W29: -23547 | X29: -20961 | Y29: -22814 | Z29: -23094
A30: Koszty z tytułu leasingu krótkoterm. i eksploatacji | B30: Short-term lease and operating costs | C30: -23785 | D30: -25237 | E30: -20915 | F30: -27477
A31: Pozostałe koszty rzeczowe | B31: Other non-personnel expenses | C31: -119378 | D31: -84261 | E31: -89912 | F31: -58213 | G31: -101307 | H31: -45283 | I31: -47084 | J31: -42280 | K31: -41412 | L31: -26148 | M31: -43200 | N31: -42685 | O31: -42971 | P31: -47677 | Q31: -43230 | R31: -50424 | S31: -54347 | T31: -52602 | U31: -44296 | V31: -54667 | W31: -46118 | X31: -35768 | Y31: -31595 | Z31: -30669
A32: Podróże służbowe | B32: Business travels | C32: -5348 | D32: -5507 | E32: -5298 | F32: -5781 | G32: -4807 | H32: -2879 | I32: -3595 | J32: -2318 | K32: -2834 | L32: -2517 | M32: -3209 | N32: -2513 | O32: -2631 | P32: -2261 | Q32: -2802 | R32: -1731 | S32: -1903 | T32: -1545 | U32: -974 | V32: -528 | W32: -660 | X32: -335 | Y32: -451 | Z32: -411
A33: Koszty bankomatów i obsługi gotówkowej | B33: ATM and cash handling costs | C33: -1662 | D33: -1151 | E33: -1995 | F33: -2208 | G33: -1751 | H33: -784 | I33: -888 | J33: -668 | K33: -838 | L33: -1098 | M33: -849 | N33: -663 | O33: -745 | P33: -941 | Q33: -384 | R33: -1474 | S33: -1239 | T33: -1295 | U33: -935 | V33: -227 | W33: -154 | X33: -199 | Y33: -225 | Z33: -308
A34: Koszty outsourcingu w działalności leasingowej | B34: Costs of outsourcing services related to leasing operations | C34: -1187 | D34: -1248 | E34: -1112 | F34: -1057 | G34: -2296 | H34: -1421 | I34: -1493 | J34: -1525 | K34: -5054 | L34: -4425 | M34: -5343 | N34: -4631 | O34: -5695 | P34: -5676 | Q34: -5647 | R34: -6479 | S34: -7887 | T34: -589 | U34: -2643 | V34: 0 | W34: 0 | X34: 0 | Y34: 0 | Z34: 0
A35: Opłata na Bankowy Fundusz Gwarancyjny | B35: Bank Guarantee Fund fee | C35: -12065 | D35: -12315 | E35: -12578 | F35: -129142 | G35: -21143 | H35: -13992 | I35: -43113 | J35: -39046 | K35: -10958 | L35: -11132 | M35: -31972 | N35: -41421 | O35: -37138 | P35: -30439 | Q35: -30742 | R35: -30594 | S35: -28715 | T35: -27862 | U35: -25296 | V35: -16966 | W35: -9653 | X35: -9654 | Y35: -9244 | Z35: -9180
A36: Opłata na koszty nadzoru (KNF) | B36: Polish Financial Supervision Authority fee | C36: -3608 | D36: -3636 | E36: -3672 | F36: -3651 | G36: -2920 | H36: -1251 | I36: -1239 | J36: -1235 | K36: -1358 | L36: -1105 | M36: -1205 | N36: -1168 | O36: 2540 | P36: -217 | Q36: -3634 | R36: -3427 | S36: 0 | T36: -1 | U36: -2882 | V36: -2133 | W36: 0 | X36: 0 | Y36: -1937 | Z36: -1889
A37: Obowiązkowa wpłata podmiotów objetych systemem gwarantowania oraz opłata na FWK | B37: Statutory payment from entities included in the guarantee system and payment to the Borrower Support Fund | G37: 0 | I37: 0 | J37: 0 | K37: 0 | L37: 0 | M37: 0 | N37: 0 | O37: 0 | P37: 0 | Q37: 0 | R37: 0 | S37: -128382 | T37: 0 | U37: 0 | V37: 0 | W37: 0 | X37: 0 | Y37: 0 | Z37: 0
A38: Ogólne koszty administracyjne, razem | B38: Total general administrative expenses | C38: -649803 | D38: -585234 | E38: -594822 | F38: -638078 | G38: -724971 | H38: -361404 | I38: -393209 | J38: -380088 | K38: -386876 | L38: -346838 | M38: -384193 | N38: -388959 | O38: -409465 | P38: =+P17-Q17 -> -408780 | Q38: =SUM(Q26:Q37) -> -445891 | R38: =SUM(R26:R37) -> -410220 | S38: =SUM(S26:S37) -> -547118 | T38: =SUM(T26:T37) -> -389392 | U38: =SUM(U26:U37) -> -372971 | V38: =SUM(V26:V37) -> -259802 | W38: =SUM(W26:W37) -> -249811 | X38: =SUM(X26:X37) -> -235847 | ... Z38: =SUM(Z26:Z37) -> -224009
A39: Rzeczowe aktywa trwałe | B39: Property, plant and equipment | C39: -61565 | D39: -56157 | E39: -54298 | F39: -54238 | G39: -25021 | H39: -21811 | I39: -22073 | J39: -22124 | K39: -22073 | L39: -21701 | M39: -21601 | N39: -22182 | O39: -22451 | P39: -19338 | Q39: -20535 | R39: -19756 | S39: -20447 | T39: -18697 | U39: -16909 | V39: -12538 | W39: -12770 | X39: -12667 | Y39: -13015 | Z39: -12778
A40: Wartości niematerialne | B40: Intangible assets | C40: -40339 | D40: -74859 | E40: -61457 | F40: -51234 | G40: -40467 | H40: -19753 | I40: -19656 | J40: -18809 | K40: -21491 | L40: -16815 | M40: -22492 | N40: -25709 | O40: -35317 | P40: -33105 | Q40: -32764 | R40: -23331 | S40: -23177 | T40: -23025 | U40: -18885 | V40: -14779 | W40: -14021 | X40: -11702 | Y40: -12212 | Z40: -11830
A41: Amortyzacja, razem | B41: Total depreciation and amortization | C41: -101904 | D41: -131016 | E41: -115755 | F41: -105472 | G41: -65488 | H41: -41564 | I41: -41729 | J41: -40933 | K41: -43564 | L41: -38516 | M41: -44093 | N41: -47891 | O41: -57768 | P41: =+P20-Q20 -> -52443 | Q41: =SUM(Q39:Q40) -> -53299 | R41: =SUM(R39:R40) -> -43087 | S41: =SUM(S39:S40) -> -43624 | T41: =SUM(T39:T40) -> -41722 | U41: =SUM(U39:U40) -> -35794 | V41: =SUM(V39:V40) -> -27317 | W41: =SUM(W39:W40) -> -26791 | X41: =SUM(X39:X40) -> -24369 | ... Z41: =SUM(Z39:Z40) -> -24608
A42: Ogólne koszty administracyjne i amortyzacja, razem | B42: Total general administrative expenses, depreciation and amortisation | C42: -751707 | D42: -716250 | E42: -710577 | F42: -743550 | G42: -790459 | H42: -402968 | I42: -434938 | J42: -421021 | K42: -430440 | L42: -385354 | M42: -428286 | N42: -436850 | O42: -467233 | P42: =+P21-Q21 -> -461223 | Q42: =Q38+Q41 -> -499190 | R42: =R38+R41 -> -453307 | S42: =S38+S41 -> -590742 | T42: =T38+T41 -> -431114 | U42: =U38+U41 -> -408765 | V42: =V38+V41 -> -287119 | W42: =W38+W41 -> -276602 | X42: =X38+X41 -> -260216 | ... Z42: =Z38+Z41 -> -248617
A51: Odwrotna kolejność okresów
A53: tys. zł, narastająco od początku roku | B53: PLN thousand, year-to-date basis
A54: Ogólne koszty administracyjne i amortyzacja | B54: General administrative expenses, amortization and depreciation | C54: 31/03/2014 | D54: 30/06/2014 | E54: 30/09/2014 | F54: 31/12/2014 | G54: 31/03/2015 | H54: 30/06/2015 | I54: 30/09/2015 | J54: 31/12/2015 | K54: 31/03/2016 | L54: 30/06/2016 | M54: 30/09/2016 | N54: 31/12/2016 | O54: 31/03/2017 | P54: 30/06/2017 | Q54: 30/09/2017 | R54: 31/12/2017 | S54: 31/03/2018 | T54: 43281 | U54: 43373 | V54: 43464 | W54: 43555 | X54: 43646 | Y54: 43738 | Z54: 43830
A55: Koszty pracownicze | B55: Personnel expenses | C55: -129932 | D55: -252735 | E55: -385797 | F55: -522290 | G55: -135643 | H55: -353355 | I55: -546328 | J55: -740248 | K55: -219923 | L55: -477136 | M55: -692994 | N55: -901432 | O55: -216103 | P55: -422211 | Q55: -632411 | R55: -832005 | S55: -207741 | T55: -414348 | U55: -627184 | V55: -1057189 | W55: -338585 | X55: -674306 | Y55: -1016328 | Z55: -1368777
A56: Koszty marketingu | B56: Marketing | C56: -9056 | D56: -21523 | E56: -37252 | F56: -47558 | G56: -6633 | H56: -19755 | I56: -55247 | J56: -94866 | K56: -22734 | L56: -44660 | M56: -71315 | N56: -92664 | O56: -15664 | P56: -36564 | Q56: -55870 | R56: -92379 | S56: -23168 | T56: -50635 | U56: -67040 | V56: -107498 | W56: -24391 | X56: -76547 | Y56: -106602 | Z56: -146983
A57: Koszty informatyczne i telekomunikacyjne | B57: IT and telecom costs | C57: -19470 | D57: -38792 | E57: -58931 | F57: -81811 | G57: -20607 | H57: -49174 | I57: -84334 | J57: -129567 | K57: -28837 | L57: -64649 | M57: -100718 | N57: -144518 | O57: -26652 | P57: -54743 | Q57: -85135 | R57: -131450 | S57: -24824 | T57: -52044 | U57: -83347 | V57: -152399 | W57: -47573 | X57: -119036 | Y57: -198838 | Z57: -288778
A58: Czynsze | B58: Rental expenses | C58: -23094 | D58: -45908 | E58: -66869 | F58: -90416 | G58: -22398 | H58: -58942 | I58: -100815 | J58: -146688 | K58: -44597 | L58: -89098 | M58: -132085 | N58: -181323 | O58: -37459 | P58: -80775 | Q58: -121290 | R58: -163294 | S58: -37283 | T58: -71786 | U58: -107036 | V58: -158268
A59: Koszty z tytułu leasingu krótkoterm. i eksploatacji | B59: Short-term lease and operating costs | W59: -27477 | X59: -48392 | Y59: -73629 | Z59: -97414
A60: Pozostałe koszty rzeczowe | B60: Other non-personnel expenses | C60: -30669 | D60: -62264 | E60: -98032 | F60: -144150 | G60: -54667 | H60: -98963 | I60: -151565 | J60: -205912 | K60: -50424 | L60: -93654 | M60: -141331 | N60: -184302 | O60: -42685 | P60: -85885 | Q60: -112033 | R60: -153445 | S60: -42280 | T60: -89364 | U60: -134647 | V60: -235954 | W60: -58213 | X60: -148125 | Y60: -232386 | Z60: -351764
A61: Podróże służbowe | B61: Business travels | C61: -411 | D61: -862 | E61: -1197 | F61: -1857 | G61: -528 | H61: -1502 | I61: -3047 | J61: -4950 | K61: -1731 | L61: -4533 | M61: -6794 | N61: -9425 | O61: -2513 | P61: -5722 | Q61: -8239 | R61: -11073 | S61: -2318 | T61: -5913 | U61: -8792 | V61: -13599 | W61: -5781 | X61: -11079 | Y61: -16586 | Z61: -21934
A62: Koszty bankomatów i obsługi gotówkowej | B62: ATM and cash handling costs | C62: -308 | D62: -533 | E62: -732 | F62: -886 | G62: -227 | H62: -1162 | I62: -2457 | J62: -3696 | K62: -1474 | L62: -1858 | M62: -2799 | N62: -3544 | O62: -663 | P62: -1512 | Q62: -2610 | R62: -3448 | S62: -668 | T62: -1556 | U62: -2340 | V62: -4091 | W62: -2208 | X62: -4203 | Y62: -5354 | Z62: -7016
A63: Koszty outsourcingu w działalności leasingowej | B63: Costs of outsourcing services related to leasing operations | C63: 0 | D63: 0 | E63: 0 | F63: 0 | G63: 0 | H63: -2643 | I63: -3232 | J63: -11119 | K63: -6479 | L63: -12126 | M63: -17802 | N63: -23497 | O63: -4631 | P63: -9974 | Q63: -14399 | R63: -19453 | S63: -1525 | T63: -3018 | U63: -4439 | V63: -6735 | W63: -1057 | X63: -2169 | Y63: -3417 | Z63: -4604
A64: Opłata na Bankowy Fundusz Gwarancyjny | B64: Bank Guarantee Fund fee | C64: -9180 | D64: -18424 | E64: -28078 | F64: -37731 | G64: -16966 | H64: -42262 | I64: -70124 | J64: -98839 | K64: -30594 | L64: -61336 | M64: -91775 | N64: -128913 | O64: -41421 | P64: -73393 | Q64: -84525 | R64: -95483 | S64: -39046 | T64: -82159 | U64: -96151 | V64: -117294 | W64: -129142 | X64: -141720 | Y64: -154035 | Z64: -166100
A65: Opłata na koszty nadzoru (KNF) | B65: Polish Financial Supervision Authority fee | C65: -1889 | D65: -3826 | E65: -3826 | F65: -3826 | G65: -2133 | H65: -5015 | I65: -5016 | J65: -5016 | K65: -3427 | L65: -7061 | M65: -7278 | N65: -4738 | O65: -1168 | P65: -2373 | Q65: -3478 | R65: -4836 | S65: -1235 | T65: -2474 | U65: -3725 | V65: -6645 | W65: -3651 | X65: -7323 | Y65: -10959 | Z65: -14567
A66: Obowiązkowa wpłata podmiotów objetych systemem gwarantowania oraz opłata na FWK | B66: Statutory payment from entities included in the guarantee system and payment to the Borrower Support Fund | C66: 0 | D66: 0 | E66: 0 | F66: 0 | G66: 0 | H66: 0 | I66: 0 | J66: -128382 | K66: 0 | L66: 0 | M66: 0 | N66: 0 | O66: 0 | P66: 0 | Q66: 0
A67: Ogólne koszty administracyjne, razem | B67: Total general administrative expenses | C67: -224009 | D67: -444867 | E67: -680714 | F67: -930525 | G67: -259802 | H67: -632773 | I67: -1022165 | J67: -1569283 | K67: -410220 | L67: -856111 | M67: -1264891 | N67: -1674356 | O67: -388959 | P67: -773152 | Q67: -1119990 | R67: -1506866 | S67: -380088 | T67: -773297 | U67: -1134701 | V67: -1859672 | W67: -638078 | X67: -1232900 | Y67: -1818134 | Z67: -2467937
A68: Rzeczowe aktywa trwałe | B68: Property, plant and equipment | C68: -12778 | D68: -25793 | E68: -38460 | F68: -51230 | G68: -12538 | H68: -29447 | I68: -48144 | J68: -68591 | K68: -19756 | L68: -40291 | M68: -59629 | N68: -82080 | O68: -22182 | P68: -43783 | Q68: -65484 | R68: -87557 | S68: -22124 | T68: -44197 | U68: -66008 | V68: -91029 | W68: -54238 | X68: -108536 | Y68: -164693 | Z68: -226258
A69: Wartości niematerialne | B69: Intangible assets | C69: -11830 | D69: -24042 | E69: -35744 | F69: -49765 | G69: -14779 | H69: -33664 | I69: -56689 | J69: -79866 | K69: -23331 | L69: -56095 | M69: -89200 | N69: -124517 | O69: -25709 | P69: -48201 | Q69: -65016 | R69: -86507 | S69: -18809 | T69: -38465 | U69: -58218 | V69: -98685 | W69: -51234 | X69: -112691 | Y69: -187550 | Z69: -227889
A70: Amortyzacja, razem | B70: Total depreciation and amortization | C70: -24608 | D70: -49835 | E70: -74204 | F70: -100995 | G70: -27317 | H70: -63111 | I70: -104833 | J70: -148457 | K70: -43087 | L70: -96386 | M70: -148829 | N70: -206597 | O70: -47891 | P70: -91984 | Q70: -130500 | R70: -174064 | S70: -40933 | T70: -82662 | U70: -124226 | V70: -189714 | W70: -105472 | X70: -221227 | Y70: -352243 | Z70: -454147
A71: Ogólne koszty administracyjne i amortyzacja, razem | B71: Total general administrative expenses, depreciation and amortisation | C71: -248617 | D71: -494702 | E71: -754918 | F71: -1031520 | G71: -287119 | H71: -695884 | I71: -1126998 | J71: -1717740 | K71: -453307 | L71: -952497 | M71: -1413720 | N71: -1880953 | O71: -436850 | P71: -865136 | Q71: -1250490 | R71: -1680930 | S71: -421021 | T71: -855959 | U71: -1258927 | V71: -2049386 | W71: -743550 | X71: -1454127 | Y71: -2170377 | Z71: -2922084
A74: tys. zł, kwartalnie | B74: PLN thousand, quarterly basis
A75: Ogólne koszty administracyjne i amortyzacja | B75: General administrative expenses, amortization and depreciation | C75: IQ 2014 | D75: IIQ 2014 | E75: IIIQ 2014 | F75: IVQ 2014 | G75: IQ 2015 | H75: IIQ 2015 | I75: IIIQ 2015 | J75: IVQ 2015 | K75: IQ 2016 | L75: IIQ 2016 | M75: IIIQ 2016 | N75: IVQ 2016 | O75: IQ 2017 | P75: IIQ 2017 | Q75: IIIQ 2017 | R75: IVQ 2017 | S75: IQ 2018 | T75: IIQ 2018 | U75: IIIQ 2018 | V75: IVQ 2018 | W75: IQ 2019 | X75: IIQ 2019 | Y75: IIIQ 2019 | Z75: IVQ 2019
A76: Koszty pracownicze | B76: Personnel expenses | C76: -129932 | D76: -122803 | E76: -133062 | F76: -136493 | G76: -135643 | H76: -217712 | I76: -192973 | J76: -193920 | K76: -219923 | L76: -257213 | M76: -215858 | N76: -208438 | O76: -216103 | P76: -206108 | Q76: -210200 | R76: -199594 | S76: -207741 | T76: -206607 | U76: -212836 | V76: -430005 | W76: -338585 | X76: -335721 | Y76: -342022 | Z76: -352449
A77: Koszty marketingu | B77: Marketing | C77: -9056 | D77: -12467 | E77: -15729 | F77: -10306 | G77: -6633 | H77: -13122 | I77: -35492 | J77: -39619 | K77: -22734 | L77: -21926 | M77: -26655 | N77: -21349 | O77: -15664 | P77: -20900 | Q77: -19306 | R77: -36509 | S77: -23168 | T77: -27467 | U77: -16405 | V77: -40458 | W77: -24391 | X77: -52156 | Y77: -30055 | Z77: -40381
A78: Koszty informatyczne i telekomunikacyjne | B78: IT and telecom costs | C78: -19470 | D78: -19322 | E78: -20139 | F78: -22880 | G78: -20607 | H78: -28567 | I78: -35160 | J78: -45233 | K78: -28837 | L78: -35812 | M78: -36069 | N78: -43800 | O78: -26652 | P78: -28091 | Q78: -30392 | R78: -46315 | S78: -24824 | T78: -27220 | U78: -31303 | V78: -69052 | W78: -47573 | X78: -71463 | Y78: -79802 | Z78: -89940
A79: Czynsze | B79: Rental expenses | C79: -23094 | D79: -22814 | E79: -20961 | F79: -23547 | G79: -22398 | H79: -36544 | I79: -41873 | J79: -45873 | K79: -44597 | L79: -44501 | M79: -42987 | N79: -49238 | O79: -37459 | P79: -43316 | Q79: -40515 | R79: -42004 | S79: -37283 | T79: -34503 | U79: -35250 | V79: -51232 | X79: 0 | Y79: 0 | Z79: 0
A80: Koszty z tytułu leasingu krótkoterm. i eksploatacji | B80: Short-term lease and operating costs | W80: -27477 | X80: -20915 | Y80: -25237 | Z80: -23785
A81: Pozostałe koszty rzeczowe | B81: Other non-personnel expenses | C81: -30669 | D81: -31595 | E81: -35768 | F81: -46118 | G81: -54667 | H81: -44296 | I81: -52602 | J81: -54347 | K81: -50424 | L81: -43230 | M81: -47677 | N81: -42971 | O81: -42685 | P81: -43200 | Q81: -26148 | R81: -41412 | S81: -42280 | T81: -47084 | U81: -45283 | V81: -101307 | W81: -58213 | X81: -89912 | Y81: -84261 | Z81: -119378
A82: Podróże służbowe | B82: Business travels | C82: -411 | D82: -451 | E82: -335 | F82: -660 | G82: -528 | H82: -974 | I82: -1545 | J82: -1903 | K82: -1731 | L82: -2802 | M82: -2261 | N82: -2631 | O82: -2513 | P82: -3209 | Q82: -2517 | R82: -2834 | S82: -2318 | T82: -3595 | U82: -2879 | V82: -4807 | W82: -5781 | X82: -5298 | Y82: -5507 | Z82: -5348
A83: Koszty bankomatów i obsługi gotówkowej | B83: ATM and cash handling costs | C83: -308 | D83: -225 | E83: -199 | F83: -154 | G83: -227 | H83: -935 | I83: -1295 | J83: -1239 | K83: -1474 | L83: -384 | M83: -941 | N83: -745 | O83: -663 | P83: -849 | Q83: -1098 | R83: -838 | S83: -668 | T83: -888 | U83: -784 | V83: -1751 | W83: -2208 | X83: -1995 | Y83: -1151 | Z83: -1662
A84: Koszty outsourcingu w działalności leasingowej | B84: Costs of outsourcing services related to leasing operations | C84: 0 | D84: 0 | E84: 0 | F84: 0 | G84: 0 | H84: -2643 | I84: -589 | J84: -7887 | K84: -6479 | L84: -5647 | M84: -5676 | N84: -5695 | O84: -4631 | P84: -5343 | Q84: -4425 | R84: -5054 | S84: -1525 | T84: -1493 | U84: -1421 | V84: -2296 | W84: -1057 | X84: -1112 | Y84: -1248 | Z84: -1187
A85: Opłata na Bankowy Fundusz Gwarancyjny | B85: Bank Guarantee Fund fee | C85: -9180 | D85: -9244 | E85: -9654 | F85: -9653 | G85: -16966 | H85: -25296 | I85: -27862 | J85: -28715 | K85: -30594 | L85: -30742 | M85: -30439 | N85: -37138 | O85: -41421 | P85: -31972 | Q85: -11132 | R85: -10958 | S85: -39046 | T85: -43113 | U85: -13992 | V85: -21143 | W85: -129142 | X85: -12578 | Y85: -12315 | Z85: -12065
A86: Opłata na koszty nadzoru (KNF) | B86: Polish Financial Supervision Authority fee | C86: -1889 | D86: -1937 | E86: 0 | F86: 0 | G86: -2133 | H86: -2882 | I86: -1 | J86: 0 | K86: -3427 | L86: -3634 | M86: -217 | N86: 2540 | O86: -1168 | P86: -1205 | Q86: -1105 | R86: -1358 | S86: -1235 | T86: -1239 | U86: -1251 | V86: -2920 | W86: -3651 | X86: -3672 | Y86: -3636 | Z86: -3608
A87: Obowiązkowa wpłata podmiotów objetych systemem gwarantowania oraz opłata na FWK | B87: Statutory payment from entities included in the guarantee system and payment to the Borrower Support Fund | C87: 0 | D87: 0 | E87: 0 | F87: 0 | G87: 0 | H87: 0 | I87: 0 | J87: -128382 | K87: 0 | L87: 0 | M87: 0 | N87: 0 | O87: 0 | P87: 0 | Q87: 0 | V87: 0
A88: Ogólne koszty administracyjne, razem | B88: Total general administrative expenses | C88: -224009 | D88: -220858 | E88: -235847 | F88: -249811 | G88: -259802 | H88: -372971 | I88: -389392 | J88: -547118 | K88: -410220 | L88: -445891 | M88: -408780 | N88: -409465 | O88: -388959 | P88: -384193 | Q88: -346838 | R88: -386876 | S88: -380088 | T88: -393209 | U88: -361404 | V88: -724971 | W88: -638078 | X88: -594822 | Y88: -585234 | Z88: -649803
A89: Rzeczowe aktywa trwałe | B89: Property, plant and equipment | C89: -12778 | D89: -13015 | E89: -12667 | F89: -12770 | G89: -12538 | H89: -16909 | I89: -18697 | J89: -20447 | K89: -19756 | L89: -20535 | M89: -19338 | N89: -22451 | O89: -22182 | P89: -21601 | Q89: -21701 | R89: -22073 | S89: -22124 | T89: -22073 | U89: -21811 | V89: -25021 | W89: -54238 | X89: -54298 | Y89: -56157 | Z89: -61565
A90: Wartości niematerialne | B90: Intangible assets | C90: -11830 | D90: -12212 | E90: -11702 | F90: -14021 | G90: -14779 | H90: -18885 | I90: -23025 | J90: -23177 | K90: -23331 | L90: -32764 | M90: -33105 | N90: -35317 | O90: -25709 | P90: -22492 | Q90: -16815 | R90: -21491 | S90: -18809 | T90: -19656 | U90: -19753 | V90: -40467 | W90: -51234 | X90: -61457 | Y90: -74859 | Z90: -40339
A91: Amortyzacja, razem | B91: Total depreciation and amortization | C91: -24608 | D91: -25227 | E91: -24369 | F91: -26791 | G91: -27317 | H91: -35794 | I91: -41722 | J91: -43624 | K91: -43087 | L91: -53299 | M91: -52443 | N91: -57768 | O91: -47891 | P91: -44093 | Q91: -38516 | R91: -43564 | S91: -40933 | T91: -41729 | U91: -41564 | V91: -65488 | W91: -105472 | X91: -115755 | Y91: -131016 | Z91: -101904
A92: Ogólne koszty administracyjne i amortyzacja, razem | B92: Total general administrative expenses, depreciation and amortisation | C92: -248617 | D92: -246085 | E92: -260216 | F92: -276602 | G92: -287119 | H92: -408765 | I92: -431114 | J92: -590742 | K92: -453307 | L92: -499190 | M92: -461223 | N92: -467233 | O92: -436850 | P92: -428286 | Q92: -385354 | R92: -430440 | S92: -421021 | T92: -434938 | U92: -402968 | V92: -790459 | W92: -743550 | X92: -710577 | Y92: -716250 | Z92: -751707

Sheet (6)
A1: Powrót do spisu treści | B1: Back to table of contents
A3: tys. zł, narastająco od początku roku | B3: PLN thousand, year-to-date basis
A4: Pozostałe koszty operacyjne | B4: Other operating expense | C4: 43830 | D4: 43738 | E4: 43646 | F4: 43555 | G4: 43465 | H4: 43373 | I4: 43281 | J4: 31/03/2018 | K4: 31/12/2017 | L4: 30/09/2017 | M4: 30/06/2017 | N4: 31/03/2017 | O4: 31/12/2016 | P4: 30/09/2016 | Q4: 30/06/2016 | R4: 31/03/2016 | S4: 31/12/2015 | T4: 30/09/2015 | U4: 30/06/2015 | V4: 31/03/2015 | W4: 31/12/2014 | X4: 30/09/2014 | Y4: 30/06/2014 | Z4: 31/03/2014
A5: Strata na sprzedaży lub likwidacji środków trwałych, wartości niematerialnych | B5: Loss on sale or liquidation of property, plant and equipment, intangible assets | C5: -63305 | D5: -24274 | E5: -13215 | F5: -7843 | G5: -16002 | H5: -6981 | I5: -3280 | J5: -1716 | K5: -26709 | L5: -23736 | M5: -12546 | N5: -1661 | O5: -28273 | P5: -18385 | Q5: -13431 | R5: -2769 | S5: -20255 | T5: -18119 | U5: -14092 | V5: -154 | W5: -3368 | X5: -2280 | Y5: -739 | Z5: -129
A6: Z tytułu utworzenia rezerw na sprawy sporne i pozostałe zobowiązania | B6: Provisions for restructuring of assets, litigation and claim and other liabilities | C6: -111347 | D6: -72580 | E6: -10682 | F6: -1103 | G6: -41608 | H6: -16672 | I6: -13771 | J6: -13571 | K6: -18851 | L6: -13165 | M6: -12105 | N6: -9791 | O6: -9539 | P6: -1268 | Q6: -750 | R6: -887 | S6: -18831 | T6: -10478 | U6: -11285 | V6: -1983 | W6: -7043 | X6: -6463 | Y6: -1586 | Z6: -832
A7: Z tytułu windykacji należności | B7: Debt collection | C7: -46086 | D7: -32221 | E7: -21478 | F7: -9386 | G7: -36294 | H7: -26241 | I7: -18973 | J7: -10944 | K7: -33567 | L7: -24079 | M7: -16311 | N7: -8313 | O7: -27479 | P7: -19416 | Q7: -12092 | R7: -4946 | S7: -16761 | T7: -10157 | U7: -5529 | V7: -1963 | W7: -10749 | X7: -7947 | Y7: -5683 | Z7: -3172
A8: Z tytuły przekazanych darowizn | B8: Donations made | C8: -6007 | D8: -4601 | E8: -2970 | F8: -1327 | G8: -3342 | H8: -2380 | I8: -1454 | J8: -630 | K8: -2686 | L8: -1920 | M8: -1280 | N8: -635 | O8: -3561 | P8: -2812 | Q8: -2121 | R8: -1029 | S8: -2245 | T8: -1291 | U8: -23 | V8: -9 | W8: -3105 | X8: -2098 | Y8: -1287 | Z8: -630
A9: Koszty z działalności leasingowej | B9: Costs of leasing operations | C9: -20476 | D9: -16776 | E9: -11035 | F9: -7279 | G9: -22229 | H9: -18361 | I9: -12364 | J9: -7605 | K9: -23233 | L9: -18728 | M9: -12475 | N9: -7492 | O9: -23123 | P9: -18113 | Q9: -11507 | R9: -6749 | S9: -12816 | T9: -7921 | U9: -2935 | V9: 0 | W9: 0 | X9: 0 | Y9: 0 | Z9: 0
A10: Koszty dotyczące odszkodowań kar i grzywien | B10: Costs of compensations, penalties and fines | C10: -16907 | D10: -2843 | E10: -2609 | F10: -162 | G10: -2576 | H10: -1077 | I10: -1050 | J10: -819 | K10: -31 | L10: 0 | M10: 0 | N10: 0 | O10: -21 | P10: 0 | Q10: 0 | R10: 0 | S10: - | T10: 0 | U10: 0 | V10: 0 | W10: -7897
A11: Pozostałe koszty operacyjne | B11: Other | C11: -41356 | D11: -12363 | E11: -3634 | F11: -4123 | G11: -25356 | H11: -5059 | I11: -6033 | J11: -4726 | K11: -36418 | L11: -20389 | M11: -10379 | N11: -3655 | O11: -24595 | P11: -22958 | Q11: -19608 | R11: -6380 | S11: -21551 | T11: -14402 | U11: -9823 | V11: -7417 | W11: -5231 | X11: =+X23+Y23+Z23 -> -3315 | Y11: =+Y23+Z23 -> -1527 | Z11: =+Z23 -> -553
A12: Pozostałe koszty operacyjne, razem | B12: Total other operating expenses | C12: -305484 | D12: -165658 | E12: -65623 | F12: -31223 | G12: -147407 | H12: -76771 | I12: -56925 | J12: -40011 | K12: -141495 | L12: -102017 | M12: -65096 | N12: -31547 | O12: -116591 | P12: -82952 | Q12: -59509 | R12: -22760 | S12: -92459 | T12: -62368 | U12: -43687 | V12: -11526 | W12: -37393 | X12: =SUM(X5:X11) -> -22103 | Y12: =SUM(Y5:Y11) -> -10822 | Z12: =SUM(Z5:Z11) -> -5316
A15: tys. zł, kwartalnie | B15: PLN thousand, quarterly basis
A16: Pozostałe koszty operacyjne | B16: Other operating expense | C16: IVQ 2019 | D16: IIIQ 2019 | E16: IIQ 2019 | F16: IQ 2019 | G16: IVQ 2018 | H16: IIIQ 2018 | I16: IIQ 2018 | J16: IQ 2018 | K16: IVQ 2017 | L16: IIIQ 2017 | M16: IIQ 2017 | N16: IQ 2017 | O16: IVQ 2016 | P16: IIIQ 2016 | Q16: IIQ 2016 | R16: IQ 2016 | S16: IVQ 2015 | T16: IIIQ 2015 | U16: IIQ 2015 | V16: IQ 2015 | W16: IVQ 2014 | X16: IIIQ 2014 | Y16: IIQ 2014 | Z16: IQ 2014
A17: Strata na sprzedaży lub likwidacji środków trwałych, wartości niematerialnych | B17: Loss on sale or liquidation of property, plant and equipment, intangible assets | C17: -39031 | D17: -11059 | E17: -5372 | F17: -7843 | G17: -9021 | H17: -3701 | I17: -1564 | J17: -1716 | K17: -2973 | L17: -11190 | M17: -10885 | N17: -1661 | O17: -9888 | P17: -4954 | Q17: -10662 | R17: -2769 | S17: -2136 | T17: -4027 | U17: -13938 | V17: -154 | W17: -1088 | X17: -1541 | Y17: -610 | Z17: -129
A18: Z tytułu utworzenia rezerw na sprawy sporne i pozostałe zobowiązania | B18: Provisions for restructuring of assets, litigation and claim and other liabilities | C18: -38767 | D18: -61898 | E18: -9579 | F18: -1103 | G18: -24936 | H18: -2901 | I18: -200 | J18: -13571 | K18: -5686 | L18: -1060 | M18: -2314 | N18: -9791 | O18: -8271 | P18: -518 | Q18: 137 | R18: -887 | S18: -8353 | T18: 807 | U18: -9302 | V18: -1983 | W18: -580 | X18: -4877 | Y18: -754 | Z18: -832
A19: Z tytułu windykacji należności | B19: Debt collection | C19: -13865 | D19: -10743 | E19: -12092 | F19: -9386 | G19: -10053 | H19: -7268 | I19: -8029 | J19: -10944 | K19: -9488 | L19: -7768 | M19: -7998 | N19: -8313 | O19: -8063 | P19: -7324 | Q19: -7146 | R19: -4946 | S19: -6604 | T19: -4628 | U19: -3566 | V19: -1963 | W19: -2802 | X19: -2264 | Y19: -2511 | Z19: -3172
A20: Z tytuły przekazanych darowizn | B20: Donations made | C20: -1406 | D20: -1631 | E20: -1643 | F20: -1327 | G20: -962 | H20: -926 | I20: -824 | J20: -630 | K20: -766 | L20: -640 | M20: -645 | N20: -635 | O20: -749 | P20: -691 | Q20: -1092 | R20: -1029 | S20: -954 | T20: -1268 | U20: -14 | V20: -9 | W20: -1007 | X20: -811 | Y20: -657 | Z20: -630
A21: Koszty z działalności leasingowej | B21: Costs of leasing operations | C21: -3700 | D21: -5741 | E21: -3756 | F21: -7279 | G21: -3868 | H21: -5997 | I21: -4759 | J21: -7605 | K21: -4505 | L21: -6253 | M21: -4983 | N21: -7492 | O21: -5010 | P21: -6606 | Q21: -4758 | R21: -6749 | S21: -4895 | T21: -4986 | U21: -2935 | V21: 0 | W21: 0 | X21: 0 | Y21: 0 | Z21: 0
A22: Koszty dotyczące odszkodowań kar i grzywien | B22: Costs of compensations, penalties and fines | C22: -14064 | D22: -234 | E22: -2447 | F22: -162 | G22: -1499 | H22: -27 | I22: -231 | J22: -819 | K22: -31 | L22: 0 | M22: 0 | N22: 0 | O22: -21 | P22: 0 | Q22: 0 | R22: 0 | S22: 0 | T22: 0 | U22: 0 | V22: 0 | W22: -7897
A23: Pozostałe koszty operacyjne | B23: Other | C23: -28993 | D23: -8729 | E23: 489 | F23: -4123 | G23: -20297 | H23: 974 | I23: -1307 | J23: -4726 | K23: -16029 | L23: -10010 | M23: -6724 | N23: -3655 | O23: -1637 | P23: -3350 | Q23: -13228 | R23: -6380 | S23: -7149 | T23: -4579 | U23: -2406 | V23: -7417 | W23: -1916 | X23: =-1788 -> -1788 | Y23: =-974 -> -974 | Z23: =-553 -> -553
A24: Pozostałe koszty operacyjne, razem | B24: Total other operating expenses | C24: -139826 | D24: -100035 | E24: -34400 | F24: -31223 | G24: -70636 | H24: -19846 | I24: -16914 | J24: -40011 | K24: -39478 | L24: -36921 | M24: -33549 | N24: -31547 | O24: -33639 | P24: -23443 | Q24: -36749 | R24: -22760 | S24: -30091 | T24: -18681 | U24: -32161 | V24: -11526 | W24: -15290 | X24: =SUM(X17:X23) -> -11281 | Y24: =SUM(Y17:Y23) -> -5506 | Z24: =SUM(Z17:Z23) -> -5316
A32: Odwrotna kolejność okresów
A34: tys. zł, narastająco od początku roku | B34: PLN thousand, year-to-date basis
A35: Pozostałe koszty operacyjne | B35: Other operating expense | C35: 31/03/2014 | D35: 30/06/2014 | E35: 30/09/2014 | F35: 31/12/2014 | G35: 31/03/2015 | H35: 30/06/2015 | I35: 30/09/2015 | J35: 31/12/2015 | K35: 31/03/2016 | L35: 30/06/2016 | M35: 30/09/2016 | N35: 31/12/2016 | O35: 31/03/2017 | P35: 30/06/2017 | Q35: 30/09/2017 | R35: 31/12/2017 | S35: 31/03/2018 | T35: 43281 | U35: 43373 | V35: 43464 | W35: 43555 | X35: 43646 | Y35: 43738 | Z35: 43830
A36: Strata na sprzedaży lub likwidacji środków trwałych, wartości niematerialnych | B36: Loss on sale or liquidation of property, plant and equipment, intangible assets | C36: -3368 | D36: -739 | E36: -2280 | F36: -3368 | G36: -154 | H36: -14092 | I36: -18119 | J36: -20255 | K36: -2769 | L36: -13431 | M36: -18385 | N36: -28273 | O36: -1661 | P36: -12546 | Q36: -23736 | R36: -26709 | S36: -1716 | T36: -3280 | U36: -6981 | V36: -16002 | W36: -7843 | X36: -13215 | Y36: -24274 | Z36: -63305
A37: Z tytułu utworzenia rezerw na sprawy sporne i pozostałe zobowiązania | B37: Provisions for restructuring of assets, litigation and claim and other liabilities | C37: -7043 | D37: -1586 | E37: -6463 | F37: -7043 | G37: -1983 | H37: -11285 | I37: -10478 | J37: -18831 | K37: -887 | L37: -750 | M37: -1268 | N37: -9539 | O37: -9791 | P37: -12105 | Q37: -13165 | R37: -18851 | S37: -13571 | T37: -13771 | U37: -16672 | V37: -41608 | W37: -1103 | X37: -10682 | Y37: -72580 | Z37: -111347
A38: Z tytułu windykacji należności | B38: Debt collection | C38: -10749 | D38: -5683 | E38: -7947 | F38: -10749 | G38: -1963 | H38: -5529 | I38: -10157 | J38: -16761 | K38: -4946 | L38: -12092 | M38: -19416 | N38: -27479 | O38: -8313 | P38: -16311 | Q38: -24079 | R38: -33567 | S38: -10944 | T38: -18973 | U38: -26241 | V38: -36294 | W38: -9386 | X38: -21478 | Y38: -32221 | Z38: -46086
A39: Z tytuły przekazanych darowizn | B39: Donations made | C39: -3105 | D39: -1287 | E39: -2098 | F39: -3105 | G39: -9 | H39: -23 | I39: -1291 | J39: -2245 | K39: -1029 | L39: -2121 | M39: -2812 | N39: -3561 | O39: -635 | P39: -1280 | Q39: -1920 | R39: -2686 | S39: -630 | T39: -1454 | U39: -2380 | V39: -3342 | W39: -1327 | X39: -2970 | Y39: -4601 | Z39: -6007
A40: Koszty z działalności leasingowej | B40: Costs of leasing operations | C40: 0 | D40: 0 | E40: 0 | F40: 0 | G40: 0 | H40: -2935 | I40: -7921 | J40: -12816 | K40: -6749 | L40: -11507 | M40: -18113 | N40: -23123 | O40: -7492 | P40: -12475 | Q40: -18728 | R40: -23233 | S40: -7605 | T40: -12364 | U40: -18361 | V40: -22229 | W40: -7279 | X40: -11035 | Y40: -16776 | Z40: -20476
A41: Koszty dotyczące odszkodowań kar i grzywien | B41: Costs of compensations, penalties and fines | C41: -7897 | N41: -21 | R41: -31 | S41: -819 | T41: -1050 | U41: -1077 | V41: -2576 | W41: -162 | X41: -2609 | Y41: -2843 | Z41: -16907
A42: Pozostałe koszty operacyjne | B42: Other | C42: -5231 | D42: -1527 | E42: -3315 | F42: -13128 | G42: -7417 | H42: -6985 | I42: -18108 | J42: -30107 | K42: -6380 | L42: -19608 | M42: -22958 | N42: -24595 | O42: -3655 | P42: -10379 | Q42: -20389 | R42: -36418 | S42: -4726 | T42: -6033 | U42: -5059 | V42: -25356 | W42: -4123 | X42: -3634 | Y42: -12363 | Z42: -41356
A43: Pozostałe koszty operacyjne, razem | B43: Total other operating expenses | C43: -37393 | D43: -10822 | E43: -22103 | F43: -37393 | G43: -11526 | H43: -40849 | I43: -66074 | J43: -101015 | K43: -22760 | L43: -59509 | M43: -82952 | N43: -116591 | O43: -31547 | P43: -65096 | Q43: -102017 | R43: -141495 | S43: -40011 | T43: -56925 | U43: -76771 | V43: -147407 | W43: -31223 | X43: -65623 | Y43: -165658 | Z43: -305484
A46: tys. zł, kwartalnie | B46: PLN thousand, quarterly basis
A47: Pozostałe koszty operacyjne | B47: Other operating expense | C47: IVQ 2014 | D47: IIQ 2014 | E47: IIIQ 2014 | F47: IVQ 2014 | G47: IQ 2015 | H47: IIQ 2015 | I47: IIIQ 2015 | J47: IVQ 2015 | K47: IQ 2016 | L47: IIQ 2016 | M47: IIIQ 2016 | N47: IVQ 2016 | O47: IQ 2017 | P47: IIQ 2017 | Q47: IIIQ 2017 | R47: IVQ 2017 | S47: IQ 2018 | T47: IIQ 2018 | U47: IIIQ 2018 | V47: IVQ 2018 | W47: IQ 2019 | X47: IIQ 2019 | Y47: IIIQ 2019 | Z47: IVQ 2019
A48: Strata na sprzedaży lub likwidacji środków trwałych, wartości niematerialnych | B48: Loss on sale or liquidation of property, plant and equipment, intangible assets | C48: -1088 | D48: -610 | E48: -1541 | F48: -1088 | G48: -154 | H48: -13938 | I48: -4027 | J48: -2136 | K48: -2769 | L48: -10662 | M48: -4954 | N48: -9888 | O48: -1661 | P48: -10885 | Q48: -11190 | R48: -2973 | S48: -1716 | T48: -1564 | U48: -3701 | V48: -9021 | W48: -7843 | X48: -5372 | Y48: -11059 | Z48: -39031
A49: Z tytułu utworzenia rezerw na sprawy sporne i pozostałe zobowiązania | B49: Provisions for restructuring of assets, litigation and claim and other liabilities | C49: -580 | D49: -754 | E49: -4877 | F49: -580 | G49: -1983 | H49: -9302 | I49: 807 | J49: -8353 | K49: -887 | L49: 137 | M49: -518 | N49: -8271 | O49: -9791 | P49: -2314 | Q49: -1060 | R49: -5686 | S49: -13571 | T49: -200 | U49: -2901 | V49: -24936 | W49: -1103 | X49: -9579 | Y49: -61898 | Z49: -38767
A50: Z tytułu windykacji należności | B50: Debt collection | C50: -2802 | D50: -2511 | E50: -2264 | F50: -2802 | G50: -1963 | H50: -3566 | I50: -4628 | J50: -6604 | K50: -4946 | L50: -7146 | M50: -7324 | N50: -8063 | O50: -8313 | P50: -7998 | Q50: -7768 | R50: -9488 | S50: -10944 | T50: -8029 | U50: -7268 | V50: -10053 | W50: -9386 | X50: -12092 | Y50: -10743 | Z50: -13865
A51: Z tytuły przekazanych darowizn | B51: Donations made | C51: -1007 | D51: -657 | E51: -811 | F51: -1007 | G51: -9 | H51: -14 | I51: -1268 | J51: -954 | K51: -1029 | L51: -1092 | M51: -691 | N51: -749 | O51: -635 | P51: -645 | Q51: -640 | R51: -766 | S51: -630 | T51: -824 | U51: -926 | V51: -962 | W51: -1327 | X51: -1643 | Y51: -1631 | Z51: -1406
A52: Koszty z działalności leasingowej | B52: Costs of leasing operations | C52: 0 | D52: 0 | E52: 0 | F52: 0 | G52: 0 | H52: -2935 | I52: -4986 | J52: -4895 | K52: -6749 | L52: -4758 | M52: -6606 | N52: -5010 | O52: -7492 | P52: -4983 | Q52: -6253 | R52: -4505 | S52: -7605 | T52: -4759 | U52: -5997 | V52: -3868 | W52: -7279 | X52: -3756 | Y52: -5741 | Z52: -3700
A53: Koszty dotyczące odszkodowań kar i grzywien | B53: Costs of compensations, penalties and fines | C53: -7897 | N53: -21 | R53: -31 | S53: -819 | T53: -231 | U53: -27 | V53: -1499 | W53: -162 | X53: -2447 | Y53: -234 | Z53: -14064
A54: Pozostałe koszty operacyjne | B54: Other | C54: -1916 | D54: -974 | E54: -1788 | F54: -9813 | G54: -7417 | H54: -2406 | I54: -4579 | J54: -7149 | K54: -6380 | L54: -13228 | M54: -3350 | N54: -1637 | O54: -3655 | P54: -6724 | Q54: -10010 | R54: -16029 | S54: -4726 | T54: -1307 | U54: 974 | V54: -20297 | W54: -4123 | X54: 489 | Y54: -8729 | Z54: -28993
A55: Pozostałe koszty operacyjne, razem | B55: Total other operating expenses | C55: -15290 | D55: -5506 | E55: -11281 | F55: -15290 | G55: -11526 | H55: -32161 | I55: -18681 | J55: -30091 | K55: -22760 | L55: -36749 | M55: -23443 | N55: -33639 | O55: -31547 | P55: -33549 | Q55: -36921 | R55: -39478 | S55: -40011 | T55: -16914 | U55: -19846 | V55: -70636 | W55: -31223 | X55: -34400 | Y55: -100035 | Z55: -139826

Sheet (7)
A1: Powrót do spisu treści | B1: Back to table of contents
A3: tys. zł | B3: PLN thousand
A4: Skonsolidowane sprawozdanie z sytuacji finansowej | B4: Consolidated statement of financial position | C4: 43830 | D4: 43738 | E4: 43646 | F4: 43555 | G4: 43465 | H4: 43373 | I4: 43281 | J4: 31/03/2018 | K4: 31/12/2017 | L4: 30/09/2017 | M4: 30/06/2017 | N4: 31/03/2017 | O4: 31/12/2016 | P4: 30/09/2016 | Q4: 30/06/2016 | R4: 31/03/2016 | S4: 31/12/2015 | T4: 30/09/2015 | U4: 30/06/2015 | V4: 31/03/2015 | W4: 31/12/2014 | X4: 30/09/2014 | Y4: 30/06/2014 | Z4: 31/03/2014
A6: AKTYWA | B6: ASSETS
A7: Kasa i środki w Banku Centralnym | B7: Cash and balances with the Central Bank | C7: 4658171 | D7: 2432745 | E7: 2350499 | F7: 2715459 | G7: 2897123 | H7: 1170138 | I7: 914056 | J7: 2339735 | K7: 998035 | L7: 1708096 | M7: 2136821 | N7: 2035492 | O7: 1302847 | P7: 2021495 | Q7: 2998185 | R7: 1455294 | S7: 2826416 | T7: 2022991 | U7: 2472825 | V7: 1901971 | W7: 1790160 | X7: 1495370 | Y7: 1416197 | Z7: 1607994
A8: Należności od banków | B8: Loans and advances to banks | C8: 679308 | D8: 867909 | E8: 527687 | F8: 916374 | G8: 961496 | H8: 272634 | I8: 386581 | J8: 577255 | K8: 2603689 | L8: 273646 | M8: 520270 | N8: 376364 | O8: 1233592 | P8: 281018 | Q8: 881471 | R8: 541296 | S8: 495431 | T8: 518141 | U8: 308917 | V8: 186636 | W8: 404724 | X8: 296707 | Y8: 291876 | Z8: 109767
A9: Należności z tytułu zakupionych papierów wartościowych z otrzymanym przyrzeczeniem odkupu | B9: Reverse repo transactions | H9: 0 | I9: 0 | J9: 0 | K9: 0 | L9: 0 | M9: 0 | N9: 0 | O9: 0 | P9: 0 | Q9: 0 | R9: 0 | S9: 0 | T9: 0 | U9: 0 | V9: 84578 | W9: 100668 | X9: 353656 | Y9: 61351 | Z9: 34508
A10: Papiery wartościowe przeznaczone do obrotu | B10: Debt securities held for trading | H10: 0 | I10: 0 | J10: 0 | K10: 0 | L10: 0 | M10: 0 | N10: 0 | O10: 0 | P10: 0 | Q10: 0 | R10: 0 | S10: 0 | T10: 0 | U10: 260 | V10: 183312 | W10: 199404 | X10: 153976 | Y10: 300818 | Z10: 171331
A11: Pochodne instrumenty finansowe | B11: Derivative financial instruments | C11: 800886 | D11: 917845 | E11: 729564 | F11: 743071 | G11: 715671 | H11: 378014 | I11: 455563 | J11: 429476 | K11: 474421 | L11: 395696 | M11: 394177 | N11: 419433 | O11: 324005 | P11: 323378 | Q11: 365705 | R11: 430834 | S11: 368147 | T11: 372814 | U11: 357102 | V11: 340384 | W11: 420152 | X11: 401899 | Y11: 247465 | Z11: 302609
A12: Korekta wartości godziwej pozycji zabezpieczającej | B12: Hedge accounting adjustments related to fair value of hedging items | C12: 228120 | D12: 300057 | E12: 231929 | F12: 172367 | G12: 130405 | H12: 39213 | I12: 42401 | J12: 53459 | K12: 32730 | L12: 20230 | M12: 9682 | N12: 29062 | O12: 18671 | P12: 49063 | Q12: 35692 | R12: 26123 | S12: 2711 | T12: 6880 | U12: 6459 | V12: 0 | W12: 0 | X12: 0 | Y12: 0 | Z12: 67218
A13: Kredyty i pożyczki udzielone klientom wyceniane wg zamortyzowanego kosztu | B13: Loans and advances to customers measured at amortised cost | C13: 71836643 | D13: 72196212 | E13: 70857188 | F13: 72210895 | G13: 70997701 | H13: 51671510 | I13: 50620652 | J13: 49500358 | K13: 52967568 | L13: 56546787 | M13: 56040582 | N13: 55884822 | O13: 55075871 | P13: 54211801 | Q13: 53675770 | R13: 52713155 | S13: 52269544 | T13: 50201630 | U13: 49534661 | V13: 29877265 | W13: 29631923 | X13: 29794139 | Y13: 28918697 | Z13: 26458387 | AA13: 26297916
A14: Kredyty i pożyczki udzielone klientom wyceniane wg wartości godziwej przez rachunek zysków i strat | B14: Loans and advances to customers measured at fair value through profit or loss | C14: 1974396 | D14: 2069805 | E14: 2182483 | F14: 2283645 | G14: 2416249 | H14: 2555133 | I14: 2636772 | J14: 2750954 | L14: 0 | M14: 0 | N14: 0 | O14: 0 | P14: 0 | Q14: 0 | R14: 0 | S14: 0 | T14: 0 | U14: 0 | V14: 0 | W14: 0 | X14: 0 | Y14: 0 | Z14: 0
